Workbook

Sheet EMOP 03-2026
A1: CODIGO | B1: DESCRIÇÃO | C1: UNID | D1: CUSTO
A2: 01.001.0001-0 | B2: LIMITE DE PLASTICIDADE | C2: UN | D2: 205.08
A3: 01.001.0001-A | B3: LIMITE DE PLASTICIDADE | C3: UN | D3: 196.18
A4: 01.001.0002-0 | B4: LIMITE DE LIQUIDEZ | C4: UN | D4: 205.08
A5: 01.001.0002-A | B5: LIMITE DE LIQUIDEZ | C5: UN | D5: 196.18
A6: 01.001.0003-0 | B6: LIMITE DE CONTRACAO | C6: UN | D6: 119.72
A7: 01.001.0003-A | B7: LIMITE DE CONTRACAO | C7: UN | D7: 114.52
A8: 01.001.0004-0 | B8: ANALISE GRANULOMETRICA SEM SEDIMENTACAO (PENEIRAMENTO) | C8: UN | D8: 231.27
A9: 01.001.0004-A | B9: ANALISE GRANULOMETRICA SEM SEDIMENTACAO (PENEIRAMENTO) | C9: UN | D9: 221.23
A10: 01.001.0005-0 | B10: ANALISE GRANULOMETRICA COM SEDIMENTACAO | C10: UN | D10: 536.84
A11: 01.001.0005-A | B11: ANALISE GRANULOMETRICA COM SEDIMENTACAO | C11: UN | D11: 513.55
A12: 01.001.0006-0 | B12: MASSA ESPECIFICA REAL | C12: UN | D12: 283.2
A13: 01.001.0006-A | B13: MASSA ESPECIFICA REAL | C13: UN | D13: 270.91
... A1949: 01.050.1002-A | B1949: PROJETO DE AS BUILT PARA SISTEMA DE EXAUSTAO MECANICA DE COZINHA,COM AREA ACIMA DE 100M2,APRESENTADO NOS PADROES DA CONTRATANTE | C1949: UN | D1949: 360.09
A1950: 01.050.9999-0 | B1950: FAMILIA 01.050PROJETOS E CONSULTORIA | D1950: 6925
A1951: 01.050.9999-A | B1951: FAMILIA 01.050PROJETOS E CONSULTORIA | D1951: 6844
A1952: 02.001.0001-0 | B1952: TAPUME DE VEDACAO OU PROTECAO,EXECUTADO C/CHAPAS DE MADEIRACOMPENSADA,RESINADA,LISA,DE COLAGEM FENOLICA,A PROVA D`AGUA,COM 2,20X1,10M E 6MM DE ESPESSURA,PREGADAS EM PECAS DE MADEIRA DE 3ª DE 3"X3" HORIZONTAIS E VERTICAIS A CADA 1,22M,EXCLUSIVE PINTURA | C1952: M2 | D1952: 77.25
A1953: 02.001.0001-A | B1953: TAPUME DE VEDACAO OU PROTECAO,EXECUTADO C/CHAPAS DE MADEIRACOMPENSADA,RESINADA,LISA,DE COLAGEM FENOLICA,A PROVA D`AGUA,COM 2,20X1,10M E 6MM DE ESPESSURA,PREGADAS EM PECAS DE MADEIRA DE 3ª DE 3"X3" HORIZONTAIS E VERTICAIS A CADA 1,22M,EXCLUSIVE PINTURA | C1953: M2 | D1953: 74.34
A1954: 02.001.0002-0 | B1954: TAPUME DE VEDACAO OU PROTECAO,EXECUTADO C/CHAPAS DE MADEIRACOMPENSADA,RESINADA,LISA,DE COLAGEM FENOLICA,A PROVA D`AGUA,COM 2,20X1,10M E 6MM DE ESPESSURA,PREGADAS EM PECAS DE MADEIRA DE 3ª DE 3"X3" HORIZONTAIS E VERTICAIS A CADA 1,22M,EXCLUSIVE PINTURA,COM UTILIZACAO 2 VEZES | C1954: M2 | D1954: 60.4
A1955: 02.001.0002-A | B1955: TAPUME DE VEDACAO OU PROTECAO,EXECUTADO C/CHAPAS DE MADEIRACOMPENSADA,RESINADA,LISA,DE COLAGEM FENOLICA,A PROVA D`AGUA,COM 2,20X1,10M E 6MM DE ESPESSURA,PREGADAS EM PECAS DE MADEIRA DE 3ª DE 3"X3" HORIZONTAIS E VERTICAIS A CADA 1,22M,EXCLUSIVE PINTURA,COM UTILIZACAO 2 VEZES | C1955: M2 | D1955: 57.48
A1956: 02.001.0003-0 | B1956: TAPUME DE VEDACAO OU PROTECAO,EXECUTADO COM CHAPAS DE MADEIRA COMPENSADA,RESINADA,LISA,DE COLAGEM FENOLICA,A PROVA D'AGUA,COM 2,20X1,10M E 10MM DE ESPESSURA,PREGADAS EM PECAS DE MADEIRA DE 3ª DE 3"X3" HORIZONTAIS E VERTICAIS A CADA 1,22M,EXCLUSIVE PINTURA,COM REAPROVEITAMENTO 10 VEZES DE TODAS AS PECAS DE MADEIRA | C1956: M2 | D1956: 48.65
A1957: 02.001.0003-A | B1957: TAPUME DE VEDACAO OU PROTECAO,EXECUTADO COM CHAPAS DE MADEIRA COMPENSADA,RESINADA,LISA,DE COLAGEM FENOLICA,A PROVA D'AGUA,COM 2,20X1,10M E 10MM DE ESPESSURA,PREGADAS EM PECAS DE MADEIRA DE 3ª DE 3"X3" HORIZONTAIS E VERTICAIS A CADA 1,22M,EXCLUSIVE PINTURA,COM REAPROVEITAMENTO 10 VEZES DE TODAS AS PECAS DE MADEIRA | C1957: M2 | D1957: 45.73
A1958: 02.002.0005-0 | B1958: TAPUME DE VEDACAO OU PROTECAO,EXECUTADO COM TELHAS TRAPEZOIDAIS DE ACO GALVANIZADO,ESPESSURA DE 0,5MM,ESTAS COM 4 VEZESDE UTILIZACAO,INCLUSIVE ENGRADAMENTO DE MADEIRA,UTILIZADO 2VEZES E PINTURA ESMALTE SINTETICO NA FACE EXTERNA | C1958: M2 | D1958: 42.19
A1959: 02.002.0005-A | B1959: TAPUME DE VEDACAO OU PROTECAO,EXECUTADO COM TELHAS TRAPEZOIDAIS DE ACO GALVANIZADO,ESPESSURA DE 0,5MM,ESTAS COM 4 VEZESDE UTILIZACAO,INCLUSIVE ENGRADAMENTO DE MADEIRA,UTILIZADO 2VEZES E PINTURA ESMALTE SINTETICO NA FACE EXTERNA | C1959: M2 | D1959: 41.05
A1960: 02.002.0006-0 | B1960: TAPUME DE VEDACAO OU PROTECAO EXECUTADO COM TELHAS TRAPEZOIDAIS DE ACO GALVANIZADO,ESPESSURA DE 0,5MM,ESTAS COM 4 VEZESDE UTILIZACAO,INCLUSIVE ENGRADAMENTO DE MADEIRA,UTILIZADO 2VEZES E PINTURA ESMALTE SINTETICO NAS FACES INTERNA E EXTERNA | C1960: M2 | D1960: 53.4
A1961: 02.002.0006-A | B1961: TAPUME DE VEDACAO OU PROTECAO EXECUTADO COM TELHAS TRAPEZOIDAIS DE ACO GALVANIZADO,ESPESSURA DE 0,5MM,ESTAS COM 4 VEZESDE UTILIZACAO,INCLUSIVE ENGRADAMENTO DE MADEIRA,UTILIZADO 2VEZES E PINTURA ESMALTE SINTETICO NAS FACES INTERNA E EXTERNA | C1961: M2 | D1961: 51.86
A1962: 02.002.0007-0 | B1962: TAPUME DE VEDACAO OU PROTECAO EXECUTADO COM TELHAS TRAPEZOIDAIS DE ACO GALVANIZADO,ESPESSURA DE 0,5MM,ESTAS COM 4 VEZESDE UTILIZACAO,INCLUSIVE ENGRADAMENTO DE MADEIRA,UTILIZADO 2VEZES,EXCLUSIVE PINTURA | C1962: M2 | D1962: 30.97
A1963: 02.002.0007-A | B1963: TAPUME DE VEDACAO OU PROTECAO EXECUTADO COM TELHAS TRAPEZOIDAIS DE ACO GALVANIZADO,ESPESSURA DE 0,5MM,ESTAS COM 4 VEZESDE UTILIZACAO,INCLUSIVE ENGRADAMENTO DE MADEIRA,UTILIZADO 2VEZES,EXCLUSIVE PINTURA | C1963: M2 | D1963: 30.24
... A3933: 05.100.0900-A | B3933: UNIDADE REF.P/COMPL.ADM LOCAL,CONSID:CONSUMO AGUA,TEL.ENERGIA ELETR.MAT.LIMPEZA ESCRITORIO,COMPUTADORES LICENCA OBRA,MOVEIS UTENSILIOS,AR COND.BEBEDOURO,ART,RRT,FOTOGRAFIAS,UNIFORMES,DARIAS,EXAMES ADMISSIONAIS,PERIODICOS E DEMISSIONAIS,CURSOS CAPACITACAO/TREINAMENTO ITENS COMPLEMENTEM DESP.NECESS.EXCL.DESP.C/CAFE MANHA,REFEICAO,CESTA BASICA E VALE TRANSPORTE | C3933: UR | D3933: 36.85
A3934: 05.100.9999-0 | B3934: INDICE GERAL DA CONSTRUCAO CIVIL (PREDIOS PUBLICOS) | D3934: 8375
A3935: 05.100.9999-A | B3935: INDICE GERAL DA CONSTRUCAO CIVIL (PREDIOS PUBLICOS) | D3935: 7850
A3936: 05.103.9999-0 | B3936: INDICE GERAL PARA FORNECIMENTO DE MATERIAIS DA CONSTRUCAO CIVIL | D3936: 6266
A3937: 05.103.9999-A | B3937: INDICE GERAL PARA FORNECIMENTO DE MATERIAIS DA CONSTRUCAO CIVIL | D3937: 6266
A3938: 05.105.0100-0 | B3938: MAO-DE-OBRA DE VIGIA,INCLUSIVE ENCARGOS SOCIAIS | C3938: MES | D3938: 3949.44
A3939: 05.105.0100-A | B3939: MAO-DE-OBRA DE VIGIA,INCLUSIVE ENCARGOS SOCIAIS | C3939: MES | D3939: 3687.2
A3940: 05.105.0101-0 | B3940: MAO-DE-OBRA DE MARCENEIRO,INCLUSIVE ENCARGOS SOCIAIS | C3940: MES | D3940: 7164.96
A3941: 05.105.0101-A | B3941: MAO-DE-OBRA DE MARCENEIRO,INCLUSIVE ENCARGOS SOCIAIS | C3941: MES | D3941: 6688
A3942: 05.105.0102-0 | B3942: MAO-DE-OBRA DE SERRALHEIRO DE CONSTRUCAO CIVIL,INCLUSIVE ENCARGOS SOCIAIS | C3942: MES | D3942: 5582.72
A3943: 05.105.0102-A | B3943: MAO-DE-OBRA DE SERRALHEIRO DE CONSTRUCAO CIVIL,INCLUSIVE ENCARGOS SOCIAIS | C3943: MES | D3943: 5211.36
A3944: 05.105.0103-0 | B3944: MAO-DE-OBRA DE PINTOR,INCLUSIVE ENCARGOS SOCIAIS | C3944: MES | D3944: 5186.72
A3945: 05.105.0103-A | B3945: MAO-DE-OBRA DE PINTOR,INCLUSIVE ENCARGOS SOCIAIS | C3945: MES | D3945: 4840
A3946: 05.105.0104-0 | B3946: MAO-DE-OBRA DE GESSEIRO,INCLUSIVE ENCARGOS SOCIAIS | C3946: MES | D3946: 5186.72
A3947: 05.105.0104-A | B3947: MAO-DE-OBRA DE GESSEIRO,INCLUSIVE ENCARGOS SOCIAIS | C3947: MES | D3947: 4840
A3948: 05.105.0105-0 | B3948: MAO-DE-OBRA DE LADRILHEIRO,INCLUSIVE ENCARGOS SOCIAIS | C3948: MES | D3948: 5582.72
A3949: 05.105.0105-A | B3949: MAO-DE-OBRA DE LADRILHEIRO,INCLUSIVE ENCARGOS SOCIAIS | C3949: MES | D3949: 5211.36
... A4099: 05.105.0207-A | B4099: SERVICO DE VIGILANCIA COM VIGIA DE OBRA,PARA 4 POSTOS,CONSIDERANDO APENAS O CUSTO APOS A JORNADA NORMAL DE TRABALHO.O CUSTO INCLUI VIGILANCIA AOS SABADOS,DOMINGOS E FERIADOS | C4099: MES | D4099: 53587.58
A4100: 05.105.9999-0 | B4100: INDICE DE SALARIO DA CONSTRUCAO CIVIL | D4100: 11612
A4101: 05.105.9999-A | B4101: INDICE DE SALARIO DA CONSTRUCAO CIVIL | D4101: 10835
A4102: 05.205.0010-0 | B4102: SERVICO DE VIGILANCIA ARMADA OU DESARMADA 24H/DIA,PARA 1 POSTO | C4102: MES | D4102: 21908.79
A4103: 05.205.0010-A | B4103: SERVICO DE VIGILANCIA ARMADA OU DESARMADA 24H/DIA,PARA 1 POSTO | C4103: MES | D4103: 20448.2
A4104: 05.205.0011-0 | B4104: SERVICO DE VIGILANCIA ARMADA OU DESARMADA 24H/DIA,PARA 2 POSTOS | C4104: MES | D4104: 43817.58
A4105: 05.205.0011-A | B4105: SERVICO DE VIGILANCIA ARMADA OU DESARMADA 24H/DIA,PARA 2 POSTOS | C4105: MES | D4105: 40896.41
A4106: 05.205.0012-0 | B4106: SERVICO DE VIGILANCIA ARMADA OU DESARMADA 24H/DIA,PARA 3 POSTOS | C4106: MES | D4106: 65726.38
A4107: 05.205.0012-A | B4107: SERVICO DE VIGILANCIA ARMADA OU DESARMADA 24H/DIA,PARA 3 POSTOS | C4107: MES | D4107: 61344.62
A4108: 05.205.0013-0 | B4108: SERVICO DE VIGILANCIA ARMADA OU DESARMADA 24H/DIA,PARA 4 POSTOS | C4108: MES | D4108: 87635.17
A4109: 05.205.0013-A | B4109: SERVICO DE VIGILANCIA ARMADA OU DESARMADA 24H/DIA,PARA 4 POSTOS | C4109: MES | D4109: 81792.83
A4110: 05.205.0015-0 | B4110: SERVICO DE VIGILANCIA ARMADA OU DESARMADA,PARA 1 POSTO,CONSIDERANDO APENAS O CUSTO APOS A JORNADA NORMAL DE TRABALHO.O CUSTO INCLUI VIGILANCIA AOS SABADOS,DOMINGOS E FERIADOS | C4110: MES | D4110: 16977.92
A4111: 05.205.0015-A | B4111: SERVICO DE VIGILANCIA ARMADA OU DESARMADA,PARA 1 POSTO,CONSIDERANDO APENAS O CUSTO APOS A JORNADA NORMAL DE TRABALHO.O CUSTO INCLUI VIGILANCIA AOS SABADOS,DOMINGOS E FERIADOS | C4111: MES | D4111: 15846.06
A4112: 05.205.0016-0 | B4112: SERVICO DE VIGILANCIA ARMADA OU DESARMADA,PARA 2 POSTOS,CONSIDERANDO APENAS O CUSTO APOS A JORNADA NORMAL DE TRABALHO.O CUSTO INCLUI VIGILANCIA AOS SABADOS,DOMINGOS E FERIADOS | C4112: MES | D4112: 33955.85
A4113: 05.205.0016-A | B4113: SERVICO DE VIGILANCIA ARMADA OU DESARMADA,PARA 2 POSTOS,CONSIDERANDO APENAS O CUSTO APOS A JORNADA NORMAL DE TRABALHO.O CUSTO INCLUI VIGILANCIA AOS SABADOS,DOMINGOS E FERIADOS | C4113: MES | D4113: 31692.13
... A4117: 05.205.0018-A | B4117: SERVICO DE VIGILANCIA ARMADA OU DESARMADA,PARA 4 POSTOS,CONSIDERANDO APENAS O CUSTO APOS A JORNADA NORMAL DE TRABALHO.O CUSTO INCLUI VIGILANCIA AOS SABADOS,DOMINGOS E FERIADOS | C4117: MES | D4117: 63384.26
A4118: 05.205.9999-0 | B4118: INDICE PARA SERVICOS DE SEGURANCA E VIGILANCIA | D4118: 6215
A4119: 05.205.9999-A | B4119: INDICE PARA SERVICOS DE SEGURANCA E VIGILANCIA | D4119: 5987
A4120: 06.001.0020-0 | B4120: ASSENTAMEMTO DE TUBOS DE CONCRETO SIMPLES,EXCLUSIVE FORNECIMENTO DESTES,PARA COLETOR DE AGUAS PLUVIAIS,COM DIAMETRO DE 200MM,ATERRO E SOCA ATE A ALTURA DA GERATRIZ SUPERIOR DO TUBO,CONSIDERANDO O MATERIAL DA PROPRIA ESCAVACAO,INCLUSIVE FORNECIMENTO DO MATERIAL PARA REJUNTAMENTO COM ARGAMASSA DE CIMENTO E AREIA,NO TRACO 1:4 E ACERTO DE FUNDO DE VALA | C4120: M | D4120: 36.47
A4121: 06.001.0020-A | B4121: ASSENTAMEMTO DE TUBOS DE CONCRETO SIMPLES,EXCLUSIVE FORNECIMENTO DESTES,PARA COLETOR DE AGUAS PLUVIAIS,COM DIAMETRO DE 200MM,ATERRO E SOCA ATE A ALTURA DA GERATRIZ SUPERIOR DO TUBO,CONSIDERANDO O MATERIAL DA PROPRIA ESCAVACAO,INCLUSIVE FORNECIMENTO DO MATERIAL PARA REJUNTAMENTO COM ARGAMASSA DE CIMENTO E AREIA,NO TRACO 1:4 E ACERTO DE FUNDO DE VALA | C4121: M | D4121: 34.05
A4122: 06.001.0022-0 | B4122: ASSENTAMENTO DE TUBOS DE CONCRETO SIMPLES,EXCLUSIVE FORNECIMENTO DESTES,PARA COLETOR DE AGUAS PLUVIAIS,COM DIAMETRO DE 300MM,ATERRO E SOCA ATE A ALTURA DA GERATRIZ SUPERIOR DO TUBO,CONSIDERANDO O MATERIAL DA PROPRIA ESCAVACAO,INCLUSIVE FORNECIMENTO DO MATERIAL PARA REJUNTAMENTO COM ARGAMASSA DE CIMENTO E AREIA,NO TRACO 1:4 E ACERTO DE FUNDO DE VALA | C4122: M | D4122: 53.39
A4123: 06.001.0022-A | B4123: ASSENTAMENTO DE TUBOS DE CONCRETO SIMPLES,EXCLUSIVE FORNECIMENTO DESTES,PARA COLETOR DE AGUAS PLUVIAIS,COM DIAMETRO DE 300MM,ATERRO E SOCA ATE A ALTURA DA GERATRIZ SUPERIOR DO TUBO,CONSIDERANDO O MATERIAL DA PROPRIA ESCAVACAO,INCLUSIVE FORNECIMENTO DO MATERIAL PARA REJUNTAMENTO COM ARGAMASSA DE CIMENTO E AREIA,NO TRACO 1:4 E ACERTO DE FUNDO DE VALA | C4123: M | D4123: 49.87
A4124: 06.001.0023-0 | B4124: ASSENTAMENTO DE TUBOS DE CONCRETO SIMPLES,EXCLUSIVE FORNECIMENTO DESTES,PARA COLETOR DE AGUAS PLUVIAIS,COM DIAMETRO DE 400MM,ATERRO E SOCA ATE A ALTURA DA GERATRIZ SUPERIOR DO TUBO,CONSIDERANDO O MATERIAL DA PROPRIA ESCAVACAO,INCLUSIVE FORNECIMENTO DO MATERIAL PARA REJUNTAMENTO COM ARGAMASSA DE CIMENTO AREIA,NO TRACO 1:4 E ACERTO DE FUNDO DE VALA | C4124: M | D4124: 75.72
A4125: 06.001.0023-A | B4125: ASSENTAMENTO DE TUBOS DE CONCRETO SIMPLES,EXCLUSIVE FORNECIMENTO DESTES,PARA COLETOR DE AGUAS PLUVIAIS,COM DIAMETRO DE 400MM,ATERRO E SOCA ATE A ALTURA DA GERATRIZ SUPERIOR DO TUBO,CONSIDERANDO O MATERIAL DA PROPRIA ESCAVACAO,INCLUSIVE FORNECIMENTO DO MATERIAL PARA REJUNTAMENTO COM ARGAMASSA DE CIMENTO AREIA,NO TRACO 1:4 E ACERTO DE FUNDO DE VALA | C4125: M | D4125: 71.05
A4126: 06.001.0024-0 | B4126: ASSENTAMENTO DE TUBOS DE CONCRETO SIMPLES,EXCLUSIVE FORNECIMENTO DESTES,PARA COLETOR DE AGUAS PLIVIAIS,COM DIAMETRO DE 500MM,ATERRO E SOCA ATE A ALTURA DA GERATRIZ SUPERIOR DO TUBO,CONSIDERANDO O MATERIAL DA PROPRIA ESCAVACAO,INCLUSIVE FORNECIMENTO DO MATERIAL PARA REJUNTAMENTO COM ARGAMASSA DE CIMENTO E AREIA,NO TRACO 1:4 E ACERTO DE FUNDO DE VALA | C4126: M | D4126: 97.18
A4127: 06.001.0024-A | B4127: ASSENTAMENTO DE TUBOS DE CONCRETO SIMPLES,EXCLUSIVE FORNECIMENTO DESTES,PARA COLETOR DE AGUAS PLIVIAIS,COM DIAMETRO DE 500MM,ATERRO E SOCA ATE A ALTURA DA GERATRIZ SUPERIOR DO TUBO,CONSIDERANDO O MATERIAL DA PROPRIA ESCAVACAO,INCLUSIVE FORNECIMENTO DO MATERIAL PARA REJUNTAMENTO COM ARGAMASSA DE CIMENTO E AREIA,NO TRACO 1:4 E ACERTO DE FUNDO DE VALA | C4127: M | D4127: 91.33
A4128: 06.001.0025-0 | B4128: ASSENTAMENTO DE TUBOS DE CONCRETO SIMPLES,EXCLUSIVE FORNECIMENTO DESTES,PARA COLETOR DE AGUAS PLUVIAIS,COM DIAMETRO DE 600MM,ATERRO E SOCA ATE A ALTURA DA GERATRIZ SUPERIOR DO TUBO,CONSIDERANDO O MATERIAL DA PROPRIA ESCAVACAO,INCLUSIVE FORNECIMENTO DO MATERIAL PARA REJUNTAMENTO COM ARGAMASSA DE CIMENTO E AREIA,NO TRACO 1:4 E ACERTO DE FUNDO DE VALA | C4128: M | D4128: 114.49
A4129: 06.001.0025-A | B4129: ASSENTAMENTO DE TUBOS DE CONCRETO SIMPLES,EXCLUSIVE FORNECIMENTO DESTES,PARA COLETOR DE AGUAS PLUVIAIS,COM DIAMETRO DE 600MM,ATERRO E SOCA ATE A ALTURA DA GERATRIZ SUPERIOR DO TUBO,CONSIDERANDO O MATERIAL DA PROPRIA ESCAVACAO,INCLUSIVE FORNECIMENTO DO MATERIAL PARA REJUNTAMENTO COM ARGAMASSA DE CIMENTO E AREIA,NO TRACO 1:4 E ACERTO DE FUNDO DE VALA | C4129: M | D4129: 107.61
A4130: 06.001.0030-0 | B4130: ASSENTAMENTO DE TUBOS DE CONCRETO ARMADO,EXCLUSIVE.FORN.DESTES,PARA COLETOR DE AGUAS PLUVIAIS,COM DIAMETRO DE 300MM,ATERRO E SOCA ATE A ALTURA DA GERATRIZ SUPERIOR DO TUBO,CONSIDERANDO O MATERIAL DA PROPRIA ESCAVACAO,INCLUSIVE FORNECIMENTODO MATERIAL PARA REJUNTAMENTO COM ARGAMASSA DE CIMENTO E AREIA,NO TRACO 1:4 E ACERTO DE FUNDO DE VALA | C4130: M | D4130: 54.36
A4131: 06.001.0030-A | B4131: ASSENTAMENTO DE TUBOS DE CONCRETO ARMADO,EXCLUSIVE.FORN.DESTES,PARA COLETOR DE AGUAS PLUVIAIS,COM DIAMETRO DE 300MM,ATERRO E SOCA ATE A ALTURA DA GERATRIZ SUPERIOR DO TUBO,CONSIDERANDO O MATERIAL DA PROPRIA ESCAVACAO,INCLUSIVE FORNECIMENTODO MATERIAL PARA REJUNTAMENTO COM ARGAMASSA DE CIMENTO E AREIA,NO TRACO 1:4 E ACERTO DE FUNDO DE VALA | C4131: M | D4131: 51.02
... A22291: 59.003.0060-B | B22291: CONCRETO DOSADO RACIONALMENTE PARA UMA RESISTENCIA A COMPRESSAO DE 15MPA,USANDO AGREGADO GRAUDO (BRITA 0),COMPREENDENDOAPENAS O FORNECIMENTO DOS MATERIAIS,INCLUSIVE 5% DE PERDAS. | C22291: M3 | D22291: 378.99

Sheet EMOP-I 03-2026
A1: ELEMENTAR | B1: DESCRIÇÃO | C1: UNID | D1: PRECO
A2: 00001 | B2: AREIA LAVADA, GROSSA, PARA REGIAO METROPOLITANA DO RIO DE JANEIRO | C2: M3 | D2: 145
A3: 00002 | B3: ARAME FARPADO GALVANIZADO, 2,1MM (BWG N.14) | C3: KG | D3: 14.1945
A4: 00003 | B4: ARAME GALVANIZADO Nº 18 | C4: KG | D4: 18.93
A5: 00004 | B5: ARAME RECOZIDO Nº 18 | C5: KG | D5: 11.77
A6: 00005 | B6: ARAME GALVANIZADO Nº 16 | C6: KG | D6: 16.63
A7: 00006 | B7: AGUA RAZ MINERAL | C7: L | D7: 18.73
A8: 00007 | B8: CIMENTO ASFALTICO DE PETROLEO, CAP 50/70, A GRANEL | C8: KG | D8: 4.2864
A9: 00008 | B9: ACIDO MURIATICO | C9: L | D9: 5.81
A10: 00009 | B10: BARRA CHATA EM FERRO, PRECO DE REVENDEDOR, DE 1/2"X1/8" A 1.1/4"X1.1/4" | C10: KG | D10: 8.15
A11: 00011 | B11: CANTONEIRA DE ACO DOCE, P/SERRALHERIA, PRECO DE REVENDEDOR, DE 5/8"X1/8" ATE 1.1/2"X1/8" | C11: KG | D11: 8.16
A12: 00022 | B12: ALUMINIO EM PERFIL TUBULAR EXTRUDADO, LIGA COMUM | C12: KG | D12: 34.51
A13: 00036 | B13: PERFIL "H" DE ACO CARBONO, P/USOS GERAIS, PADRAO AMERICANO, COMPRIMENTO USUAL, PRECO DE REVENDEDOR, DE 6"X6" | C13: KG | D13: 9.8
... A5275: 40246 | B5275: PAINEL FRONTAL PARA EVAPORADORA VRF TIPOCASSETE, COM 1 VIA, DE 15 A 24.000 BTU/H, 220/380V | C5275: UN | D5275: 1253.51

Sheet SINAPI 03-2026
A1: Código da Composição | B1: Descrição | C1: Unidade | D1: RJ | E1: SP
A2: 104658 | B2: PISO PODOTÁTIL DE ALERTA OU DIRECIONAL, DE CONCRETO, ASSENTADO SOBRE ARGAMASSA. AF_03/2024 | C2: M2 | D2: 186.1 | E2: 199.12
A3: 105002 | B3: RAMPA DE ACESSIBILIDADE EM CONCRETO MOLDADO IN LOCO, EM CALÇADA NOVA COM LARGURA MAIOR OU IGUAL À 3,00 M, FCK 25MPA, COM PISO PODOTÁTIL. AF_03/2024 | C3: UN | D3: 849.62 | E3: 796.18
A4: 105004 | B4: RAMPA DE ACESSIBILIDADE EM CONCRETO MOLDADO IN LOCO, EM CALÇADA NOVA COM LARGURA MENOR À 3,00 M, FCK 25MPA, COM PISO PODOTÁTIL. AF_03/2024 | C4: M2 | D4: 144.89 | E4: 134.84
A5: 105003 | B5: RAMPA DE ACESSIBILIDADE EM CONCRETO MOLDADO IN LOCO, EM CALÇADA PRÉ EXISTENTE COM LARGURA MAIOR OU IGUAL À 3,00 M, FCK 25MPA, COM PISO PODOTÁTIL. AF_03/2024 | C5: UN | D5: 1473.22 | E5: 1367.89
A6: 105005 | B6: RAMPA DE ACESSIBILIDADE EM CONCRETO MOLDADO IN LOCO, EM CALÇADA PRÉ EXISTENTE COM LARGURA MENOR À 3,00 M, FCK 25MPA, COM PISO PODOTÁTIL. AF_03/2024 | C6: M2 | D6: 260.36 | E6: 240.69
A7: 105006 | B7: RAMPA DE ACESSIBILIDADE EM CONCRETO PRÉ MOLDADO, EM CALÇADA NOVA COM LARGURA MAIOR OU IGUAL À 3,00 M, FCK 25MPA, COM PISO PODOTÁTIL. AF_03/2024 | C7: UN | D7: 0 | E7: 0
A8: 104999 | B8: RAMPA DE ACESSIBILIDADE EM CONCRETO PRÉ MOLDADO, EM CALÇADA PRÉ EXISTENTE COM LARGURA MAIOR OU IGUAL À 3,00 M, FCK 25MPA, COM PISO PODOTÁTIL. AF_03/2024 | C8: UN | D8: 0 | E8: 0
A9: 105000 | B9: RAMPA DE ACESSIBILIDADE PARA ACESSO A EDIFICAÇÕES COM INCLINAÇÃO DE 8,33% EM CONCRETO MOLDADO IN LOCO, COM LARGURA DE 1,20M, FCK 25MPA, NÃO ARMADA, COM JUNTA A CADA 2M COM CORTE À SECO. AF_03/2024 | C9: M | D9: 1376.07 | E9: 1324.85
A10: 105001 | B10: RAMPA DE ACESSIBILIDADE PARA ACESSO A EDIFICAÇÕES COM INCLINAÇÃO DE 8,33% EM CONCRETO MOLDADO IN LOCO, COM LARGURA DE 1,50M, FCK 25MPA, NÃO ARMADA, COM JUNTA A CADA 2M COM CORTE À SECO. AF_03/2024 | C10: M | D10: 1412.85 | E10: 1355.93
A11: 89306 | B11: ALVENARIA ESTRUTURAL DE BLOCOS CERÂMICOS 14X19X29, (ESPESSURA DE 14 CM), UTILIZANDO COLHER DE PEDREIRO E ARGAMASSA DE ASSENTAMENTO COM PREPARO EM BETONEIRA. AF_03/2023 | C11: M2 | D11: 120.86 | E11: 109.04
A12: 89307 | B12: ALVENARIA ESTRUTURAL DE BLOCOS CERÂMICOS 14X19X29, (ESPESSURA DE 14 CM), UTILIZANDO COLHER DE PEDREIRO E ARGAMASSA DE ASSENTAMENTO COM PREPARO MANUAL. AF_03/2023 | C12: M2 | D12: 124.09 | E12: 112.25
A13: 89290 | B13: ALVENARIA ESTRUTURAL DE BLOCOS CERÂMICOS 14X19X29, (ESPESSURA DE 14 CM), UTILIZANDO PALHETA E ARGAMASSA DE ASSENTAMENTO COM PREPARO EM BETONEIRA. AF_03/2023 | C13: M2 | D13: 98.23 | E13: 88.7
... A10285: 103548 | B10285: VÁLVULA REDUTORA DE PRESSÃO DE FERRO FUNDIDO PARA REDE DE ÁGUA, DN 80 MM, JUNTA FLANGEADA. AF_12/2021 | C10285: UN | D10285: 0 | E10285: 0

Sheet SINAPI-I 03-2026
A1: Código do Insumo | B1: Descrição do Insumo | C1: Unidade | D1: RJ | E1: SP
A2: 45333 | B2: ABERTURA PARA ENCAIXE DE CUBA OU LAVATORIO EM BANCADA DE MARMORE/ GRANITO OU OUTRO TIPO DE PEDRA NATURAL | C2: UN | D2: 159.75 | E2: 189.89
A3: 11270 | B3: ABRACADEIRA DE LATAO PARA FIXACAO DE CABO PARA-RAIO, DIMENSOES 32 X 24 X 24 MM | C3: UN | D3: 3.03 | E3: 2.34
A4: 412 | B4: ABRACADEIRA DE NYLON PARA AMARRACAO DE CABOS, COMPRIMENTO DE *230* X *7,6* MM | C4: UN | D4: 0.92 | E4: 1.13
A5: 414 | B5: ABRACADEIRA DE NYLON PARA AMARRACAO DE CABOS, COMPRIMENTO DE 100 X 2,5 MM | C5: UN | D5: 0.05 | E5: 0.07
A6: 410 | B6: ABRACADEIRA DE NYLON PARA AMARRACAO DE CABOS, COMPRIMENTO DE 150 X *3,6* MM | C6: UN | D6: 0.14 | E6: 0.17
A7: 411 | B7: ABRACADEIRA DE NYLON PARA AMARRACAO DE CABOS, COMPRIMENTO DE 200 X *4,6* MM | C7: UN | D7: 0.18 | E7: 0.22
A8: 408 | B8: ABRACADEIRA DE NYLON PARA AMARRACAO DE CABOS, COMPRIMENTO DE 390 X *4,6* MM | C8: UN | D8: 0.89 | E8: 1.09
A9: 39131 | B9: ABRACADEIRA EM ACO PARA AMARRACAO DE ELETRODUTOS, TIPO D, COM 1 1/2" E CUNHA DE FIXACAO | C9: UN | D9: 4.34 | E9: 3.16
A10: 394 | B10: ABRACADEIRA EM ACO PARA AMARRACAO DE ELETRODUTOS, TIPO D, COM 1 1/2" E PARAFUSO DE FIXACAO | C10: UN | D10: 4.39 | E10: 3.2
A11: 39130 | B11: ABRACADEIRA EM ACO PARA AMARRACAO DE ELETRODUTOS, TIPO D, COM 1 1/4" E CUNHA DE FIXACAO | C11: UN | D11: 3.96 | E11: 2.88
A12: 395 | B12: ABRACADEIRA EM ACO PARA AMARRACAO DE ELETRODUTOS, TIPO D, COM 1 1/4" E PARAFUSO DE FIXACAO | C12: UN | D12: 4.23 | E12: 3.08
A13: 39129 | B13: ABRACADEIRA EM ACO PARA AMARRACAO DE ELETRODUTOS, TIPO D, COM 1" E CUNHA DE FIXACAO | C13: UN | D13: 2.44 | E13: 1.78
... A45: 36246 | B45: ACABAMENTO SIMPLES/CONVENCIONAL PARA FORRO PVC, TIPO "U" OU "C", COR BRANCA, COMPRIMENTO 6 M | C45: M | D45: 5.89 | E45: 4.08
A46: 37600 | B46: ACESSORIO DE LIGACAO NAO ELETRICO PARA CARGAS EXPLOSIVAS, TUBO DE 6 M | C46: UN | E46: 109.63
A47: 37599 | B47: ACESSORIO INICIADOR NAO ELETRICO, TUBO DE 6 M, TEMPO DE RETARDO DE *160* MS | C47: UN | E47: 102.04
A48: 1 | B48: ACETILENO - RECARGA DE GAS PARA CILINDRO (NAO INCLUI TROCA/MANUTENCAO DO CILINDRO) | C48: KG | E48: 110
A49: 3 | B49: ACIDO CLORIDRICO / ACIDO MURIATICO, DILUICAO 10% A 12% PARA USO EM LIMPEZA | C49: L | D49: 15.69 | E49: 17.46
A50: 43054 | B50: ACO CA-25, 10,0 MM, OU 12,5 MM, OU 16,0 MM, OU 20,0 MM, OU 25,0 MM, VERGALHAO | C50: KG | D50: 8.59 | E50: 6.76
A51: 42402 | B51: ACO CA-25, 16,0 MM, BARRA DE TRANSFERENCIA | C51: KG | D51: 8.21 | E51: 6.46
A52: 42403 | B52: ACO CA-25, 20,0 MM, BARRA DE TRANSFERENCIA | C52: KG | D52: 10.54 | E52: 8.29
A53: 42404 | B53: ACO CA-25, 25,0 MM, BARRA DE TRANSFERENCIA | C53: KG | D53: 10.48 | E53: 8.24
A54: 42405 | B54: ACO CA-25, 32,0 MM, BARRA DE TRANSFERENCIA | C54: KG | D54: 11.16 | E54: 8.78
A55: 34341 | B55: ACO CA-25, 32,0 MM, VERGALHAO | C55: KG | D55: 9.69 | E55: 7.62
A56: 43053 | B56: ACO CA-25, 6,3 MM OU 8,0 MM, VERGALHAO | C56: KG | D56: 7.68 | E56: 6.04
A57: 43058 | B57: ACO CA-50, 10,0 MM, OU 12,5 MM, OU 16,0 MM, OU 20,0 MM, DOBRADO E CORTADO | C57: KG | D57: 7.96 | E57: 6.26
A58: 34 | B58: ACO CA-50, 10,0 MM, VERGALHAO | C58: KG | D58: 8 | E58: 6.29
A59: 43055 | B59: ACO CA-50, 12,5 MM OU 16,0 MM, VERGALHAO | C59: KG | D59: 6.93 | E59: 5.45
A60: 43056 | B60: ACO CA-50, 20,0 MM OU 25,0 MM, VERGALHAO | C60: KG | D60: 7.99 | E60: 6.28
... A68: 43060 | B68: ACO CA-60, 8,0 MM OU 9,5 MM, VERGALHAO | C68: KG | D68: 6.59 | E68: 5.18
A69: 40410 | B69: ACOPLAMENTO RIGIDO EM FERRO FUNDIDO PARA SISTEMA DE TUBULACAO RANHURADA, DN 50 MM (2") | C69: UN | E69: 23.04
A70: 40411 | B70: ACOPLAMENTO RIGIDO EM FERRO FUNDIDO PARA SISTEMA DE TUBULACAO RANHURADA, DN 65 MM (2 1/2") | C70: UN | E70: 25
A71: 40412 | B71: ACOPLAMENTO RIGIDO EM FERRO FUNDIDO PARA SISTEMA DE TUBULACAO RANHURADA, DN 80 MM (3") | C71: UN | E71: 28.06
A72: 44254 | B72: ADAPTADOR CPVC, ROSCAVEL, COM FLANGES E ANEL DE VEDACAO, 15 MM, CAIXA D'AGUA PARA AGUA QUENTE | C72: UN | D72: 34.2 | E72: 29.89
A73: 44255 | B73: ADAPTADOR CPVC, ROSCAVEL, COM FLANGES E ANEL DE VEDACAO, 22 MM, CAIXA D'AGUA PARA AGUA QUENTE | C73: UN | D73: 37.9 | E73: 33.13
A74: 44256 | B74: ADAPTADOR CPVC, ROSCAVEL, COM FLANGES E ANEL DE VEDACAO, 28 MM, CAIXA D'AGUA PARA AGUA QUENTE | C74: UN | D74: 42.81 | E74: 37.42
A75: 44257 | B75: ADAPTADOR CPVC, ROSCAVEL, COM FLANGES E ANEL DE VEDACAO, 35 MM, CAIXA D'AGUA PARA AGUA QUENTE | C75: UN | D75: 67.73 | E75: 59.21
A76: 44258 | B76: ADAPTADOR CPVC, ROSCAVEL, COM FLANGES E ANEL DE VEDACAO, 42 MM, CAIXA D'AGUA PARA AGUA QUENTE | C76: UN | D76: 77.4 | E76: 67.66
A77: 44259 | B77: ADAPTADOR CPVC, ROSCAVEL, COM FLANGES E ANEL DE VEDACAO, 54 MM, CAIXA D'AGUA PARA AGUA QUENTE | C77: UN | D77: 106.24 | E77: 92.87
A78: 37997 | B78: ADAPTADOR CPVC, SOLDAVEL, 15 MM, PARA AGUA QUENTE | C78: UN | D78: 20.38 | E78: 17.81
A79: 37998 | B79: ADAPTADOR CPVC, SOLDAVEL, 22 MM, PARA AGUA QUENTE | C79: UN | D79: 27.27 | E79: 23.84
A80: 55 | B80: ADAPTADOR DE COMPRESSAO EM POLIPROPILENO (PP), PARA TUBO EM PEAD, 20 MM X 1/2", PARA LIGACAO PREDIAL DE AGUA (NTS 179) | C80: UN | E80: 4.76
A81: 61 | B81: ADAPTADOR DE COMPRESSAO EM POLIPROPILENO (PP), PARA TUBO EM PEAD, 20 MM X 3/4", PARA LIGACAO PREDIAL DE AGUA (NTS 179) | C81: UN | E81: 4.5
A82: 62 | B82: ADAPTADOR DE COMPRESSAO EM POLIPROPILENO (PP), PARA TUBO EM PEAD, 32 MM X 1", PARA LIGACAO PREDIAL DE AGUA (NTS 179) | C82: UN | E82: 9.33
A83: 10899 | B83: ADAPTADOR EM LATAO, ENGATE RAPIDO 2 1/2" X ROSCA INTERNA 5 FIOS 2 1/2", PARA INSTALACAO PREDIAL DE COMBATE A INCENDIO | C83: UN | D83: 95.5 | E83: 146.45
A84: 10900 | B84: ADAPTADOR EM LATAO, ENGATE RAPIDO1 1/2" X ROSCA INTERNA 5 FIOS 2 1/2", PARA INSTALACAO PREDIAL DE COMBATE A INCENDIO | C84: UN | D84: 74.74 | E84: 114.62
A85: 47 | B85: ADAPTADOR PVC PBA, BOLSA/ROSCA, JE, DN 100 / DE 110 MM | C85: UN | E85: 97.81
A86: 48 | B86: ADAPTADOR PVC PBA, BOLSA/ROSCA, JE, DN 50 / DE 60 MM | C86: UN | E86: 25.51
A87: 46 | B87: ADAPTADOR PVC PBA, BOLSA/ROSCA, JE, DN 75 / DE 85 MM | C87: UN | E87: 57.2
A88: 52 | B88: ADAPTADOR PVC PBA, PONTA/ROSCA, JE, DN 50 / DE 60 MM | C88: UN | E88: 19.38
A89: 43 | B89: ADAPTADOR PVC PBA, PONTA/ROSCA, JE, DN 75 / DE 85 MM | C89: UN | E89: 65.41
A90: 103 | B90: ADAPTADOR PVC SOLDAVEL CURTO COM BOLSA E ROSCA, 110 MM X 4", PARA AGUA FRIA | C90: UN | D90: 45.1 | E90: 49.58
A91: 107 | B91: ADAPTADOR PVC SOLDAVEL CURTO COM BOLSA E ROSCA, 20 MM X 1/2", PARA AGUA FRIA | C91: UN | D91: 0.85 | E91: 0.93
A92: 65 | B92: ADAPTADOR PVC SOLDAVEL CURTO COM BOLSA E ROSCA, 25 MM X 3/4", PARA AGUA FRIA | C92: UN | D92: 0.93 | E92: 1.02
A93: 108 | B93: ADAPTADOR PVC SOLDAVEL CURTO COM BOLSA E ROSCA, 32 MM X 1", PARA AGUA FRIA | C93: UN | D93: 1.87 | E93: 2.05
A94: 110 | B94: ADAPTADOR PVC SOLDAVEL CURTO COM BOLSA E ROSCA, 40 MM X 1 1/2", PARA AGUA FRIA | C94: UN | D94: 6.49 | E94: 7.13
A95: 109 | B95: ADAPTADOR PVC SOLDAVEL CURTO COM BOLSA E ROSCA, 40 MM X 1 1/4", PARA AGUA FRIA | C95: UN | D95: 3.86 | E95: 4.25
A96: 111 | B96: ADAPTADOR PVC SOLDAVEL CURTO COM BOLSA E ROSCA, 50 MM X 1 1/4", PARA AGUA FRIA | C96: UN | D96: 8.78 | E96: 9.65
A97: 112 | B97: ADAPTADOR PVC SOLDAVEL CURTO COM BOLSA E ROSCA, 50 MM X1 1/2", PARA AGUA FRIA | C97: UN | D97: 4.65 | E97: 5.11
A98: 113 | B98: ADAPTADOR PVC SOLDAVEL CURTO COM BOLSA E ROSCA, 60 MM X 2", PARA AGUA FRIA | C98: UN | D98: 11.65 | E98: 12.8
A99: 104 | B99: ADAPTADOR PVC SOLDAVEL CURTO COM BOLSA E ROSCA, 75 MM X 2 1/2", PARA AGUA FRIA | C99: UN | D99: 20.27 | E99: 22.28
A100: 102 | B100: ADAPTADOR PVC SOLDAVEL CURTO COM BOLSA E ROSCA, 85 MM X 3", PARA AGUA FRIA | C100: UN | D100: 27.94 | E100: 30.72
A101: 95 | B101: ADAPTADOR PVC SOLDAVEL, COM FLANGE E ANEL DE VEDACAO, 20 MM X 1/2", PARA CAIXA D'AGUA | C101: UN | D101: 11.81 | E101: 12.98
... A105: 99 | B105: ADAPTADOR PVC SOLDAVEL, COM FLANGE E ANEL DE VEDACAO, 50 MM X 1 1/2", PARA CAIXA D'AGUA | C105: UN | D105: 27.34 | E105: 30.06
A106: 60 | B106: ADAPTADOR PVC, COM REGISTRO, PARA PEAD, 20 MM X 3/4", PARA LIGACAO PREDIAL DE AGUA | C106: UN | E106: 6.17
A107: 72 | B107: ADAPTADOR PVC, ROSCAVEL, COM FLANGES E ANEL DE VEDACAO, 1 1/2", PARA CAIXA D'AGUA | C107: UN | D107: 52.44 | E107: 57.64
A108: 71 | B108: ADAPTADOR PVC, ROSCAVEL, COM FLANGES E ANEL DE VEDACAO, 1", PARA CAIXA D'AGUA | C108: UN | D108: 32.38 | E108: 35.6
A109: 67 | B109: ADAPTADOR PVC, ROSCAVEL, COM FLANGES E ANEL DE VEDACAO, 1/2", PARA CAIXA D'AGUA | C109: UN | D109: 16.95 | E109: 18.64
A110: 73 | B110: ADAPTADOR PVC, ROSCAVEL, COM FLANGES E ANEL DE VEDACAO, 3/4", PARA CAIXA D'AGUA | C110: UN | D110: 16.22 | E110: 17.83
A111: 100 | B111: ADAPTADOR PVC, SOLDAVEL, COM FLANGES E ANEL DE VEDACAO, 60 MM X 2", PARA CAIXA D'AGUA | C111: UN | D111: 47.77 | E111: 52.51
A112: 75 | B112: ADAPTADOR PVC, SOLDAVEL, COM FLANGES LIVRES, 110 MM X 4", PARA CAIXA D'AGUA | C112: UN | D112: 278.51 | E112: 306.16
A113: 83 | B113: ADAPTADOR PVC, SOLDAVEL, COM FLANGES LIVRES, 75 MM X 2 1/2", PARA CAIXA D'AGUA | C113: UN | D113: 222.66 | E113: 244.77
A114: 74 | B114: ADAPTADOR PVC, SOLDAVEL, COM FLANGES LIVRES, 85 MM X 3", PARA CAIXA D'AGUA | C114: UN | D114: 318.34 | E114: 349.95
A115: 106 | B115: ADAPTADOR PVC, SOLDAVEL, LONGO, COM FLANGE LIVRE, 110 MM X 4", PARA CAIXA D'AGUA | C115: UN | D115: 402.55 | E115: 442.53
A116: 88 | B116: ADAPTADOR PVC, SOLDAVEL, LONGO, COM FLANGE LIVRE, 32 MM X 1", PARA CAIXA D'AGUA | C116: UN | D116: 11.31 | E116: 12.44
A117: 82 | B117: ADAPTADOR PVC, SOLDAVEL, LONGO, COM FLANGE LIVRE, 75 MM X 2 1/2", PARA CAIXA D'AGUA | C117: UN | D117: 211.84 | E117: 232.88
A118: 105 | B118: ADAPTADOR PVC, SOLDAVEL, LONGO, COM FLANGE LIVRE, 85 MM X 3", PARA CAIXA D'AGUA | C118: UN | D118: 300.18 | E118: 329.99
... A143: 42409 | B143: AGENTE DE CURA, PROTETOR DA EVAPORACAO DA AGUA DE HIDRATACAO DO CONCRETO | C143: KG | D143: 11.01 | E143: 11.57
A144: 40553 | B144: AGREGADO RECICLADO, TIPO RACHAO RECICLADO CINZA, CLASSE A | C144: M3 | E144: 74
A145: 6114 | B145: AJUDANTE DE ARMADOR (HORISTA) | C145: H | D145: 22.58 | E145: 23.93
A146: 40912 | B146: AJUDANTE DE ARMADOR (MENSALISTA) | C146: MES | D146: 3971.14 | E146: 4194.52
A147: 247 | B147: AJUDANTE DE ELETRICISTA (HORISTA) | C147: H | D147: 22.58 | E147: 23.93
A148: 40919 | B148: AJUDANTE DE ELETRICISTA (MENSALISTA) | C148: MES | D148: 3971.14 | E148: 4194.52
A149: 44499 | B149: AJUDANTE DE ESTRUTURAS METALICAS (HORISTA) | C149: H | D149: 22.58 | E149: 23.93
A150: 40984 | B150: AJUDANTE DE ESTRUTURAS METALICAS (MENSALISTA) | C150: MES | D150: 3971.14 | E150: 4194.52
A151: 248 | B151: AJUDANTE DE OPERACAO EM GERAL (HORISTA) | C151: H | D151: 22.97 | E151: 21.5
A152: 41086 | B152: AJUDANTE DE OPERACAO EM GERAL (MENSALISTA) | C152: MES | D152: 4036.36 | E152: 3767.99
A153: 34466 | B153: AJUDANTE DE PINTOR (HORISTA) | C153: H | D153: 22.58 | E153: 23.93
A154: 41083 | B154: AJUDANTE DE PINTOR (MENSALISTA) | C154: MES | D154: 3971.14 | E154: 4194.52
A155: 252 | B155: AJUDANTE DE SERRALHEIRO (HORISTA) | C155: H | D155: 22.58 | E155: 23.93
A156: 40909 | B156: AJUDANTE DE SERRALHEIRO (MENSALISTA) | C156: MES | D156: 3971.14 | E156: 4194.52
... A165: 45208 | B165: ALICATE AMPERIMETRO, TENSAO AC/DC, CAPACIDADE MAXIMA 1000 A | C165: UN | D165: 250.08 | E165: 227.55
A166: 45250 | B166: ALICATE BICO LONGO (MEIA CANA) 6", COM ISOLAMENTO ATE 1000 V | C166: UN | E166: 39.35
A167: 38470 | B167: ALICATE DE CORTE DIAGONAL 6" COM ISOLAMENTO | C167: UN | E167: 40.28
A168: 38547 | B168: ALICATE DE CRIMPAR RJ11, RJ12 E RJ45, COM CATRACA | C168: UN | E168: 267.4
A169: 38467 | B169: ALICATE DE PRESSAO 11" PARA SOLDA, TIPO C | C169: UN | D169: 197.61 | E169: 136.13
A170: 38468 | B170: ALICATE DE PRESSAO 11" PARA SOLDA, TIPO U | C170: UN | D170: 246.67 | E170: 169.93
A171: 38469 | B171: ALICATE DE PRESSAO PARA SOLDA DE CHAPA 18" | C171: UN | E171: 255.32
A172: 45197 | B172: ALICATE DESENCAPADOR AUTOMATICO 8" | C172: UN | E172: 203.63
A173: 38471 | B173: ALICATE PARA ANEIS DE PISTAO, CAPACIDADE *50* A 100 MM | C173: UN | E173: 273.07
...

Sheet BDI
A2: DEMONSTRATIVO DA COMPOSIÇÃO DO B.D.I.
A6: =Orçamento!A5:G5 -> PREFEITURA MUNICIPAL DO CARMO RJ | E6: =Orçamento!H5 -> DATA: Maio de 2026
A7: =Orçamento!A6:G6 -> OBRA: AMPLIAÇÃO DA ESTRATÉGIA SAÚDE DA FAMÍLIA ( ESF) ASA BRANCA - CARMO/RJ
A8: =Orçamento!A7:G7 -> LOCAL: Rua Carolina França, nº 25, Bairro Bom Pastor - Município de Carmo/RJ | E8: BDI | F8: FORMA DE EXECUÇÃO:
A9: =Orçamento!A8:G8 -> REGIÃO/MÊS DE REFERÊNCIA: EMOP-RJ - 03/2026 / SINAPI-RJ - 03/2026 | E9: 0.205 | F9: ( X ) | G9: DIRETA
A10: =Orçamento!A9:G9 -> PRAZO DE EXECUÇÃO: 06 MESES | F10: ( ) | G10: INDIRETA
A12: Bancos: | B12: =Orçamento!B11 -> EMOP - 03/2026 - Rio de Janeiro ; SINAPI - 03/2026 - Rio de Janeiro | D12: BDI: | E12: Padrão - 20,50% Material - 11,10%
A15: DEMONSTRATIVO DA COMPOSIÇÃO DO B.D.I. CONFORME ACÓRDÃO 2622 / 2013 TCU
A16: CONSTRUÇÃO, REFORMA E/OU AMPLAÇÃO
A18: TIPO | E18: ALÍQUOTA (%)
A19: AC | B19: TAXA DE RATEIO DA ADMINISTRAÇÃO CENTRAL | E19: 3
A20: S + G | B20: TAXA DE SEGURO E GARANTIA DO EMPREENDIMENTO | E20: 0.8
A21: R | B21: TAXA DE RISCO | E21: 0.97
A22: DF | B22: TAXA DE DESPESAS FINANCEIRAS | E22: 0.59
A23: L | B23: TAXA DE LUCRO | E23: 6.74
A24: I | B24: TAXA DE TRIBUTOS | C24: PIS (geralmente 0,65%) | E24: 0,65
C25: COFINS (geralmente 3,00%) | E25: 3,00
C26: ISS (legislação municipal) | E26: 3
C27: CPRB (INSS) | E27: 0
A28: * No cálculo do BDI desonerado, é considerada a alíquota de 4,50% referente ao INSS.
A29: B D I - Benefício e Despesas Indiretas
A30:  Fórmula do BDI | I30: =(ROUND((1+(E19+E20+E21)/100)*(1+E22/100)*(1+E23/100)/(1-(E24+E25+E26)/100),4))-1 -> 0.205
D32: B.D.I. 20,50%
A33: * BDI Diferenciado de 11,10% para itens de mero fornecimento de materiais e equipamentos, considerando o Acórdão 2622/2013
C37: =Orçamento!D216 -> RESPONSÁVEL TÉCNICA
C38: =Orçamento!D217 -> VANESSA DA CRUZ GOMES
C39: =Orçamento!D218 -> ENGENHEIRA CIVIL - CREA: MG 225049/D

Sheet Orçamento
A1: PLANILHA ORÇAMENTÁRIA DE CUSTOS
A5: PREFEITURA MUNICIPAL DO CARMO RJ | H5: DATA: Maio de 2026
A6: OBRA: AMPLIAÇÃO DA ESTRATÉGIA SAÚDE DA FAMÍLIA ( ESF) ASA BRANCA - CARMO/RJ
A7: LOCAL: Rua Carolina França, nº 25, Bairro Bom Pastor - Município de Carmo/RJ | H7: BDI | I7: FORMA DE EXECUÇÃO:
A8: REGIÃO/MÊS DE REFERÊNCIA: EMOP-RJ - 03/2026 / SINAPI-RJ - 03/2026 | H8: 0.205 | I8: ( X ) | J8: DIRETA
A9: PRAZO DE EXECUÇÃO: 06 MESES | I9: ( ) | J9: INDIRETA
A11: Bancos: | B11: EMOP - 03/2026 - Rio de Janeiro ; SINAPI - 03/2026 - Rio de Janeiro | F11: BDI: | G11: Padrão - 20,50% Material - 11,10%
A13: Orçamento Sintético
A14: Item | B14: Banco | C14: Código | D14: Descrição | E14: Unid. | F14: Quant. | G14: Valor Unit | H14: Valor Unit com BDI | I14: Total | J14: Peso (%)
A15: 1 | D15: ETAPAS INICIAIS | I15: =SUM(I16:I20)/2 -> 25968.78 | J15: =I15/$H$214 -> 0.075431015
A16: 1.1 | D16: ADMINISTRAÇÃO LOCAL | I16: =SUM(I17:I18) -> 24954.96 | J16: =I16/$H$214 -> 0.072486192
A17: 1.1.1 | B17: EMOP-I | C17: 01986 | D17: =IF(B17="EMOP",VLOOKUP(C17,'EMOP 03-2026'!A:D,2,0),IF(B17="EMOP-I",VLOOKUP(C17,'EMOP-I 03-2026'!A:D,2,0),IF(B17="SINAPI",VLOOKUP(C17,'SINAPI 03-2026'!A:D,2,0),IF(B17="SINAPI-I",VLOOKUP(C17,'SINAPI-I 03-2026'!A:D,2,0),0)))) -> MAO-DE-OBRA DE ENCARREGADO DE TURMA, INCLUSIVE ENCARGOS SOCIAIS | E17: =IF(B17="EMOP",VLOOKUP(C17,'EMOP 03-2026'!A:D,3,0),IF(B17="EMOP-I",VLOOKUP(C17,'EMOP-I 03-2026'!A:D,3,0),IF(B17="SINAPI",VLOOKUP(C17,'SINAPI 03-2026'!A:D,3,0),IF(B17="SINAPI-I",VLOOKUP(C17,'SINAPI-I 03-2026'!A:D,3,0),0)))) -> H | F17: ='Memória de Cálculo'!I17 -> 264 | G17: =IF(B17="EMOP",VLOOKUP(C17,'EMOP 03-2026'!A:D,4,0),IF(B17="EMOP-I",VLOOKUP(C17,'EMOP-I 03-2026'!A:D,4,0),IF(B17="SINAPI",VLOOKUP(C17,'SINAPI 03-2026'!A:D,4,0),IF(B17="SINAPI-I",VLOOKUP(C17,'SINAPI-I 03-2026'!A:D,4,0),0)))) -> 40.71 | H17: =ROUND(G17*1.205,2) -> 49.06 | I17: =ROUND(F17*H17,2) -> 12951.84 | J17: =I17/$H$214 -> 0.03762096
A18: 1.1.2 | B18: EMOP-I | C18: 01915 | D18: =IF(B18="EMOP",VLOOKUP(C18,'EMOP 03-2026'!A:D,2,0),IF(B18="EMOP-I",VLOOKUP(C18,'EMOP-I 03-2026'!A:D,2,0),IF(B18="SINAPI",VLOOKUP(C18,'SINAPI 03-2026'!A:D,2,0),IF(B18="SINAPI-I",VLOOKUP(C18,'SINAPI-I 03-2026'!A:D,2,0),0)))) -> MAO-DE-OBRA DE ENGENHEIRO OU ARQUITETO JUNIOR, INCLUSIVE ENCARGOS SOCIAIS | E18: =IF(B18="EMOP",VLOOKUP(C18,'EMOP 03-2026'!A:D,3,0),IF(B18="EMOP-I",VLOOKUP(C18,'EMOP-I 03-2026'!A:D,3,0),IF(B18="SINAPI",VLOOKUP(C18,'SINAPI 03-2026'!A:D,3,0),IF(B18="SINAPI-I",VLOOKUP(C18,'SINAPI-I 03-2026'!A:D,3,0),0)))) -> H | F18: ='Memória de Cálculo'!I18 -> 72 | G18: =IF(B18="EMOP",VLOOKUP(C18,'EMOP 03-2026'!A:D,4,0),IF(B18="EMOP-I",VLOOKUP(C18,'EMOP-I 03-2026'!A:D,4,0),IF(B18="SINAPI",VLOOKUP(C18,'SINAPI 03-2026'!A:D,4,0),IF(B18="SINAPI-I",VLOOKUP(C18,'SINAPI-I 03-2026'!A:D,4,0),0)))) -> 138.35 | H18: =ROUND(G18*1.205,2) -> 166.71 | I18: =ROUND(F18*H18,2) -> 12003.12 | J18: =I18/$H$214 -> 0.034865231
A19: 1.2 | D19: SERVIÇOS PRELIMINARES | I19: =SUM(I20:I20) -> 1013.82 | J19: =I19/$H$214 -> 0.0029448234
A20: 1.2.1 | B20: EMOP | C20: 02.020.0002-0 | D20: =IF(B20="EMOP",VLOOKUP(C20,'EMOP 03-2026'!A:D,2,0),IF(B20="EMOP-I",VLOOKUP(C20,'EMOP-I 03-2026'!A:D,2,0),IF(B20="SINAPI",VLOOKUP(C20,'SINAPI 03-2026'!A:D,2,0),IF(B20="SINAPI-I",VLOOKUP(C20,'SINAPI-I 03-2026'!A:D,2,0),0)))) -> PLACA DE IDENTIFICACAO DE OBRA PUBLICA,TIPO BANNER/PLOTTER,CONSTITUIDA POR LONA E IMPRESSAO DIGITAL,INCLUSIVE SUPORTES DE MADEIRA.FORNECIMENTO E COLOCACAO | E20: =IF(B20="EMOP",VLOOKUP(C20,'EMOP 03-2026'!A:D,3,0),IF(B20="EMOP-I",VLOOKUP(C20,'EMOP-I 03-2026'!A:D,3,0),IF(B20="SINAPI",VLOOKUP(C20,'SINAPI 03-2026'!A:D,3,0),IF(B20="SINAPI-I",VLOOKUP(C20,'SINAPI-I 03-2026'!A:D,3,0),0)))) -> M2 | F20: ='Memória de Cálculo'!I20 -> 3 | G20: =IF(B20="EMOP",VLOOKUP(C20,'EMOP 03-2026'!A:D,4,0),IF(B20="EMOP-I",VLOOKUP(C20,'EMOP-I 03-2026'!A:D,4,0),IF(B20="SINAPI",VLOOKUP(C20,'SINAPI 03-2026'!A:D,4,0),IF(B20="SINAPI-I",VLOOKUP(C20,'SINAPI-I 03-2026'!A:D,4,0),0)))) -> 280.45 | H20: =ROUND(G20*1.205,2) -> 337.94 | I20: =ROUND(F20*H20,2) -> 1013.82 | J20: =I20/$H$214 -> 0.0029448234
A21: 2 | D21: MOVIMENTAÇÃO DE TERRA, DEMOLIÇÕES E TRANSPORTES | I21: =SUM(I22:I37)/2 -> 12226.53 | J21: =I21/$H$214 -> 0.035514166
A22: 2.1 | D22: MOVIMENTAÇÃO DE TERRA | I22: =SUM(I23:I28) -> 6083.98 | J22: =I22/$H$214 -> 0.01767202
A23: 2.1.1 | B23: EMOP | C23: 03.016.0050-1 | D23: =IF(B23="EMOP",VLOOKUP(C23,'EMOP 03-2026'!A:D,2,0),IF(B23="EMOP-I",VLOOKUP(C23,'EMOP-I 03-2026'!A:D,2,0),IF(B23="SINAPI",VLOOKUP(C23,'SINAPI 03-2026'!A:D,2,0),IF(B23="SINAPI-I",VLOOKUP(C23,'SINAPI-I 03-2026'!A:D,2,0),0)))) -> ESCAVACAO MECANICA DE VALA ESCORADA,EM MATERIAL DE 1ªCATEGORIA,ATE 1,50M DE PROFUNDIDADE,UTILIZANDO RETRO-ESCAVADEIRA,EXCLUSIVE ESGOTAMENTO E ESCORAMENTO | E23: =IF(B23="EMOP",VLOOKUP(C23,'EMOP 03-2026'!A:D,3,0),IF(B23="EMOP-I",VLOOKUP(C23,'EMOP-I 03-2026'!A:D,3,0),IF(B23="SINAPI",VLOOKUP(C23,'SINAPI 03-2026'!A:D,3,0),IF(B23="SINAPI-I",VLOOKUP(C23,'SINAPI-I 03-2026'!A:D,3,0),0)))) -> M3 | F23: ='Memória de Cálculo'!I23 -> 46.3352 | G23: =IF(B23="EMOP",VLOOKUP(C23,'EMOP 03-2026'!A:D,4,0),IF(B23="EMOP-I",VLOOKUP(C23,'EMOP-I 03-2026'!A:D,4,0),IF(B23="SINAPI",VLOOKUP(C23,'SINAPI 03-2026'!A:D,4,0),IF(B23="SINAPI-I",VLOOKUP(C23,'SINAPI-I 03-2026'!A:D,4,0),0)))) -> 13.02 | H23: =ROUND(G23*1.205,2) -> 15.69 | I23: =ROUND(F23*H23,2) -> 727 | J23: =I23/$H$214 -> 0.0021117029
A24: 2.1.2 | B24: EMOP | C24: 03.001.0001-1 | D24: =IF(B24="EMOP",VLOOKUP(C24,'EMOP 03-2026'!A:D,2,0),IF(B24="EMOP-I",VLOOKUP(C24,'EMOP-I 03-2026'!A:D,2,0),IF(B24="SINAPI",VLOOKUP(C24,'SINAPI 03-2026'!A:D,2,0),IF(B24="SINAPI-I",VLOOKUP(C24,'SINAPI-I 03-2026'!A:D,2,0),0)))) -> ESCAVACAO MANUAL DE VALA/CAVA EM MATERIAL DE 1ª CATEGORIA (A(AREIA,ARGILA OU PICARRA),ATE 1,50M DE PROFUNDIDADE,EXCLUSIVE ESCORAMENTO E ESGOTAMENTO | E24: =IF(B24="EMOP",VLOOKUP(C24,'EMOP 03-2026'!A:D,3,0),IF(B24="EMOP-I",VLOOKUP(C24,'EMOP-I 03-2026'!A:D,3,0),IF(B24="SINAPI",VLOOKUP(C24,'SINAPI 03-2026'!A:D,3,0),IF(B24="SINAPI-I",VLOOKUP(C24,'SINAPI-I 03-2026'!A:D,3,0),0)))) -> M3 | F24: ='Memória de Cálculo'!I24 -> 29.7208 | G24: =IF(B24="EMOP",VLOOKUP(C24,'EMOP 03-2026'!A:D,4,0),IF(B24="EMOP-I",VLOOKUP(C24,'EMOP-I 03-2026'!A:D,4,0),IF(B24="SINAPI",VLOOKUP(C24,'SINAPI 03-2026'!A:D,4,0),IF(B24="SINAPI-I",VLOOKUP(C24,'SINAPI-I 03-2026'!A:D,4,0),0)))) -> 74.59 | H24: =ROUND(G24*1.205,2) -> 89.88 | I24: =ROUND(F24*H24,2) -> 2671.31 | J24: =I24/$H$214 -> 0.0077593027
A25: 2.1.3 | B25: SINAPI | C25: 96527 | D25: =IF(B25="EMOP",VLOOKUP(C25,'EMOP 03-2026'!A:D,2,0),IF(B25="EMOP-I",VLOOKUP(C25,'EMOP-I 03-2026'!A:D,2,0),IF(B25="SINAPI",VLOOKUP(C25,'SINAPI 03-2026'!A:D,2,0),IF(B25="SINAPI-I",VLOOKUP(C25,'SINAPI-I 03-2026'!A:D,2,0),0)))) -> ESCAVAÇÃO MANUAL PARA VIGA BALDRAME OU SAPATA CORRIDA (INCLUINDO ESCAVAÇÃO PARA COLOCAÇÃO DE FÔRMAS). AF_01/2024 | E25: =IF(B25="EMOP",VLOOKUP(C25,'EMOP 03-2026'!A:D,3,0),IF(B25="EMOP-I",VLOOKUP(C25,'EMOP-I 03-2026'!A:D,3,0),IF(B25="SINAPI",VLOOKUP(C25,'SINAPI 03-2026'!A:D,3,0),IF(B25="SINAPI-I",VLOOKUP(C25,'SINAPI-I 03-2026'!A:D,3,0),0)))) -> M3 | F25: ='Memória de Cálculo'!I25 -> 5.81 | G25: =IF(B25="EMOP",VLOOKUP(C25,'EMOP 03-2026'!A:D,4,0),IF(B25="EMOP-I",VLOOKUP(C25,'EMOP-I 03-2026'!A:D,4,0),IF(B25="SINAPI",VLOOKUP(C25,'SINAPI 03-2026'!A:D,4,0),IF(B25="SINAPI-I",VLOOKUP(C25,'SINAPI-I 03-2026'!A:D,4,0),0)))) -> 154.23 | H25: =ROUND(G25*1.205,2) -> 185.85 | I25: =ROUND(F25*H25,2) -> 1079.79 | J25: =I25/$H$214 -> 0.0031364452
A26: 2.1.4 | B26: SINAPI | C26: 101616 | D26: =IF(B26="EMOP",VLOOKUP(C26,'EMOP 03-2026'!A:D,2,0),IF(B26="EMOP-I",VLOOKUP(C26,'EMOP-I 03-2026'!A:D,2,0),IF(B26="SINAPI",VLOOKUP(C26,'SINAPI 03-2026'!A:D,2,0),IF(B26="SINAPI-I",VLOOKUP(C26,'SINAPI-I 03-2026'!A:D,2,0),0)))) -> PREPARO DE FUNDO DE VALA COM LARGURA MENOR QUE 1,5 M (ACERTO DO SOLO NATURAL), EM LOCAL COM NÍVEL BAIXO DE INTERFERÊNCIA. AF_01/2026 | E26: =IF(B26="EMOP",VLOOKUP(C26,'EMOP 03-2026'!A:D,3,0),IF(B26="EMOP-I",VLOOKUP(C26,'EMOP-I 03-2026'!A:D,3,0),IF(B26="SINAPI",VLOOKUP(C26,'SINAPI 03-2026'!A:D,3,0),IF(B26="SINAPI-I",VLOOKUP(C26,'SINAPI-I 03-2026'!A:D,3,0),0)))) -> M2 | F26: ='Memória de Cálculo'!I26 -> 12.8 | G26: =IF(B26="EMOP",VLOOKUP(C26,'EMOP 03-2026'!A:D,4,0),IF(B26="EMOP-I",VLOOKUP(C26,'EMOP-I 03-2026'!A:D,4,0),IF(B26="SINAPI",VLOOKUP(C26,'SINAPI 03-2026'!A:D,4,0),IF(B26="SINAPI-I",VLOOKUP(C26,'SINAPI-I 03-2026'!A:D,4,0),0)))) -> 11.07 | H26: =ROUND(G26*1.205,2) -> 13.34 | I26: =ROUND(F26*H26,2) -> 170.75 | J26: =I26/$H$214 -> 0.00049597424
A27: 2.1.5 | B27: EMOP | C27: 03.009.0004-0 | D27: =IF(B27="EMOP",VLOOKUP(C27,'EMOP 03-2026'!A:D,2,0),IF(B27="EMOP-I",VLOOKUP(C27,'EMOP-I 03-2026'!A:D,2,0),IF(B27="SINAPI",VLOOKUP(C27,'SINAPI 03-2026'!A:D,2,0),IF(B27="SINAPI-I",VLOOKUP(C27,'SINAPI-I 03-2026'!A:D,2,0),0)))) -> ATERRO COM MATERIAL DE 1ªCATEGORIA,COMPACTADO MANUALMENTE EMCAMADAS DE 20CM,ATE UMA ALTURA MAXIMA DE 80CM,PARA SUPORTEDE CAMADA DE CONCRETO,INCLUSIVE DOIS TIROS DE PA,ESPALHAMENTO E REGA,EXCLUSIVE FORNECIMENTO DA TERRA | E27: =IF(B27="EMOP",VLOOKUP(C27,'EMOP 03-2026'!A:D,3,0),IF(B27="EMOP-I",VLOOKUP(C27,'EMOP-I 03-2026'!A:D,3,0),IF(B27="SINAPI",VLOOKUP(C27,'SINAPI 03-2026'!A:D,3,0),IF(B27="SINAPI-I",VLOOKUP(C27,'SINAPI-I 03-2026'!A:D,3,0),0)))) -> M3 | F27: ='Memória de Cálculo'!I27 -> 5.925 | G27: =IF(B27="EMOP",VLOOKUP(C27,'EMOP 03-2026'!A:D,4,0),IF(B27="EMOP-I",VLOOKUP(C27,'EMOP-I 03-2026'!A:D,4,0),IF(B27="SINAPI",VLOOKUP(C27,'SINAPI 03-2026'!A:D,4,0),IF(B27="SINAPI-I",VLOOKUP(C27,'SINAPI-I 03-2026'!A:D,4,0),0)))) -> 98.72 | H27: =ROUND(G27*1.205,2) -> 118.96 | I27: =ROUND(F27*H27,2) -> 704.84 | J27: =I27/$H$214 -> 0.0020473352
A28: 2.1.6 | B28: EMOP | C28: 03.013.0001-1 | D28: =IF(B28="EMOP",VLOOKUP(C28,'EMOP 03-2026'!A:D,2,0),IF(B28="EMOP-I",VLOOKUP(C28,'EMOP-I 03-2026'!A:D,2,0),IF(B28="SINAPI",VLOOKUP(C28,'SINAPI 03-2026'!A:D,2,0),IF(B28="SINAPI-I",VLOOKUP(C28,'SINAPI-I 03-2026'!A:D,2,0),0)))) -> REATERRO DE VALA/CAVA COMPACTADA A MACO,EM CAMADAS DE 30CM DE ESPESSURA MAXIMA,COM MATERIAL DE BOA QUALIDADE,EXCLUSIVEESTE | E28: =IF(B28="EMOP",VLOOKUP(C28,'EMOP 03-2026'!A:D,3,0),IF(B28="EMOP-I",VLOOKUP(C28,'EMOP-I 03-2026'!A:D,3,0),IF(B28="SINAPI",VLOOKUP(C28,'SINAPI 03-2026'!A:D,3,0),IF(B28="SINAPI-I",VLOOKUP(C28,'SINAPI-I 03-2026'!A:D,3,0),0)))) -> M3 | F28: ='Memória de Cálculo'!I28 -> 13.156 | G28: =IF(B28="EMOP",VLOOKUP(C28,'EMOP 03-2026'!A:D,4,0),IF(B28="EMOP-I",VLOOKUP(C28,'EMOP-I 03-2026'!A:D,4,0),IF(B28="SINAPI",VLOOKUP(C28,'SINAPI 03-2026'!A:D,4,0),IF(B28="SINAPI-I",VLOOKUP(C28,'SINAPI-I 03-2026'!A:D,4,0),0)))) -> 46.07 | H28: =ROUND(G28*1.205,2) -> 55.51 | I28: =ROUND(F28*H28,2) -> 730.29 | J28: =I28/$H$214 -> 0.0021212593
A29: 2.2 | D29: DEMOLIÇÕES | I29: =SUM(I30:I34) -> 2750.99 | J29: =I29/$H$214 -> 0.0079907477
A30: 2.2.1 | B30: EMOP | C30: 05.001.0050-0 | D30: =IF(B30="EMOP",VLOOKUP(C30,'EMOP 03-2026'!A:D,2,0),IF(B30="EMOP-I",VLOOKUP(C30,'EMOP-I 03-2026'!A:D,2,0),IF(B30="SINAPI",VLOOKUP(C30,'SINAPI 03-2026'!A:D,2,0),IF(B30="SINAPI-I",VLOOKUP(C30,'SINAPI-I 03-2026'!A:D,2,0),0)))) -> REMOCAO DE COBERTURA EM TELHAS COLONIAIS,INCLUSIVE MADEIRAMENTO,MEDIDO O CONJUNTO PELA AREA REAL DE COBERTURA | E30: =IF(B30="EMOP",VLOOKUP(C30,'EMOP 03-2026'!A:D,3,0),IF(B30="EMOP-I",VLOOKUP(C30,'EMOP-I 03-2026'!A:D,3,0),IF(B30="SINAPI",VLOOKUP(C30,'SINAPI 03-2026'!A:D,3,0),IF(B30="SINAPI-I",VLOOKUP(C30,'SINAPI-I 03-2026'!A:D,3,0),0)))) -> M2 | F30: ='Memória de Cálculo'!I30 -> 25.83 | G30: =IF(B30="EMOP",VLOOKUP(C30,'EMOP 03-2026'!A:D,4,0),IF(B30="EMOP-I",VLOOKUP(C30,'EMOP-I 03-2026'!A:D,4,0),IF(B30="SINAPI",VLOOKUP(C30,'SINAPI 03-2026'!A:D,4,0),IF(B30="SINAPI-I",VLOOKUP(C30,'SINAPI-I 03-2026'!A:D,4,0),0)))) -> 44.53 | H30: =ROUND(G30*1.205,2) -> 53.66 | I30: =ROUND(F30*H30,2) -> 1386.04 | J30: =I30/$H$214 -> 0.0040260037
A31: 2.2.2 | B31: EMOP | C31: 05.001.0005-0 | D31: =IF(B31="EMOP",VLOOKUP(C31,'EMOP 03-2026'!A:D,2,0),IF(B31="EMOP-I",VLOOKUP(C31,'EMOP-I 03-2026'!A:D,2,0),IF(B31="SINAPI",VLOOKUP(C31,'SINAPI 03-2026'!A:D,2,0),IF(B31="SINAPI-I",VLOOKUP(C31,'SINAPI-I 03-2026'!A:D,2,0),0)))) -> DEMOLICAO MANUAL DE ALVENARIA DE PEDRA ARGAMASSADA,INCLUSIVEEMPILHAMENTO LATERAL DENTRO DO CANTEIRO DE SERVICO | E31: =IF(B31="EMOP",VLOOKUP(C31,'EMOP 03-2026'!A:D,3,0),IF(B31="EMOP-I",VLOOKUP(C31,'EMOP-I 03-2026'!A:D,3,0),IF(B31="SINAPI",VLOOKUP(C31,'SINAPI 03-2026'!A:D,3,0),IF(B31="SINAPI-I",VLOOKUP(C31,'SINAPI-I 03-2026'!A:D,3,0),0)))) -> M3 | F31: ='Memória de Cálculo'!I31 -> 1.22175 | G31: =IF(B31="EMOP",VLOOKUP(C31,'EMOP 03-2026'!A:D,4,0),IF(B31="EMOP-I",VLOOKUP(C31,'EMOP-I 03-2026'!A:D,4,0),IF(B31="SINAPI",VLOOKUP(C31,'SINAPI 03-2026'!A:D,4,0),IF(B31="SINAPI-I",VLOOKUP(C31,'SINAPI-I 03-2026'!A:D,4,0),0)))) -> 174.05 | H31: =ROUND(G31*1.205,2) -> 209.73 | I31: =ROUND(F31*H31,2) -> 256.24 | J31: =I31/$H$214 -> 0.00074429539
A32: 2.2.3 | B32: SINAPI | C32: 5795 | D32: =IF(B32="EMOP",VLOOKUP(C32,'EMOP 03-2026'!A:D,2,0),IF(B32="EMOP-I",VLOOKUP(C32,'EMOP-I 03-2026'!A:D,2,0),IF(B32="SINAPI",VLOOKUP(C32,'SINAPI 03-2026'!A:D,2,0),IF(B32="SINAPI-I",VLOOKUP(C32,'SINAPI-I 03-2026'!A:D,2,0),0)))) -> MARTELETE OU ROMPEDOR PNEUMÁTICO MANUAL, 28 KG, COM SILENCIADOR - CHP DIURNO. AF_07/2016 | E32: =IF(B32="EMOP",VLOOKUP(C32,'EMOP 03-2026'!A:D,3,0),IF(B32="EMOP-I",VLOOKUP(C32,'EMOP-I 03-2026'!A:D,3,0),IF(B32="SINAPI",VLOOKUP(C32,'SINAPI 03-2026'!A:D,3,0),IF(B32="SINAPI-I",VLOOKUP(C32,'SINAPI-I 03-2026'!A:D,3,0),0)))) -> CHP | F32: ='Memória de Cálculo'!I32 -> 1.1979432 | G32: =IF(B32="EMOP",VLOOKUP(C32,'EMOP 03-2026'!A:D,4,0),IF(B32="EMOP-I",VLOOKUP(C32,'EMOP-I 03-2026'!A:D,4,0),IF(B32="SINAPI",VLOOKUP(C32,'SINAPI 03-2026'!A:D,4,0),IF(B32="SINAPI-I",VLOOKUP(C32,'SINAPI-I 03-2026'!A:D,4,0),0)))) -> 42.42 | H32: =ROUND(G32*1.205,2) -> 51.12 | I32: =ROUND(F32*H32,2) -> 61.24 | J32: =I32/$H$214 -> 0.00017788265
A33: 2.2.4 | B33: SINAPI | C33: 97625 | D33: =IF(B33="EMOP",VLOOKUP(C33,'EMOP 03-2026'!A:D,2,0),IF(B33="EMOP-I",VLOOKUP(C33,'EMOP-I 03-2026'!A:D,2,0),IF(B33="SINAPI",VLOOKUP(C33,'SINAPI 03-2026'!A:D,2,0),IF(B33="SINAPI-I",VLOOKUP(C33,'SINAPI-I 03-2026'!A:D,2,0),0)))) -> DEMOLIÇÃO DE ALVENARIA PARA QUALQUER TIPO DE BLOCO, DE FORMA MECANIZADA, SEM REAPROVEITAMENTO. AF_09/2023 | E33: =IF(B33="EMOP",VLOOKUP(C33,'EMOP 03-2026'!A:D,3,0),IF(B33="EMOP-I",VLOOKUP(C33,'EMOP-I 03-2026'!A:D,3,0),IF(B33="SINAPI",VLOOKUP(C33,'SINAPI 03-2026'!A:D,3,0),IF(B33="SINAPI-I",VLOOKUP(C33,'SINAPI-I 03-2026'!A:D,3,0),0)))) -> M3 | F33: ='Memória de Cálculo'!I33 -> 8.8647 | G33: =IF(B33="EMOP",VLOOKUP(C33,'EMOP 03-2026'!A:D,4,0),IF(B33="EMOP-I",VLOOKUP(C33,'EMOP-I 03-2026'!A:D,4,0),IF(B33="SINAPI",VLOOKUP(C33,'SINAPI 03-2026'!A:D,4,0),IF(B33="SINAPI-I",VLOOKUP(C33,'SINAPI-I 03-2026'!A:D,4,0),0)))) -> 64.23 | H33: =ROUND(G33*1.205,2) -> 77.4 | I33: =ROUND(F33*H33,2) -> 686.13 | J33: =I33/$H$214 -> 0.0019929886
A34: 2.2.5 | B34: EMOP | C34: 05.001.0015-0 | D34: =IF(B34="EMOP",VLOOKUP(C34,'EMOP 03-2026'!A:D,2,0),IF(B34="EMOP-I",VLOOKUP(C34,'EMOP-I 03-2026'!A:D,2,0),IF(B34="SINAPI",VLOOKUP(C34,'SINAPI 03-2026'!A:D,2,0),IF(B34="SINAPI-I",VLOOKUP(C34,'SINAPI-I 03-2026'!A:D,2,0),0)))) -> DEMOLICAO DE PISO DE LADRILHO COM RESPECTIVA CAMADA DE ARGAMASSA DE ASSENTAMENTO,INCLUSIVE EMPILHAMENTO LATERAL DENTRO DO CANTEIRO DE SERVICO | E34: =IF(B34="EMOP",VLOOKUP(C34,'EMOP 03-2026'!A:D,3,0),IF(B34="EMOP-I",VLOOKUP(C34,'EMOP-I 03-2026'!A:D,3,0),IF(B34="SINAPI",VLOOKUP(C34,'SINAPI 03-2026'!A:D,3,0),IF(B34="SINAPI-I",VLOOKUP(C34,'SINAPI-I 03-2026'!A:D,3,0),0)))) -> M2 | F34: ='Memória de Cálculo'!I34 -> 14 | G34: =IF(B34="EMOP",VLOOKUP(C34,'EMOP 03-2026'!A:D,4,0),IF(B34="EMOP-I",VLOOKUP(C34,'EMOP-I 03-2026'!A:D,4,0),IF(B34="SINAPI",VLOOKUP(C34,'SINAPI 03-2026'!A:D,4,0),IF(B34="SINAPI-I",VLOOKUP(C34,'SINAPI-I 03-2026'!A:D,4,0),0)))) -> 21.42 | H34: =ROUND(G34*1.205,2) -> 25.81 | I34: =ROUND(F34*H34,2) -> 361.34 | J34: =I34/$H$214 -> 0.0010495773
A35: 2.3 | D35: CARGA, DESCARGA E TRANSPORTES | I35: =SUM(I36:I37) -> 3391.56 | J35: =I35/$H$214 -> 0.009851399
A36: 2.3.1 | B36: EMOP | C36: 04.011.0051-1 | D36: =IF(B36="EMOP",VLOOKUP(C36,'EMOP 03-2026'!A:D,2,0),IF(B36="EMOP-I",VLOOKUP(C36,'EMOP-I 03-2026'!A:D,2,0),IF(B36="SINAPI",VLOOKUP(C36,'SINAPI 03-2026'!A:D,2,0),IF(B36="SINAPI-I",VLOOKUP(C36,'SINAPI-I 03-2026'!A:D,2,0),0)))) -> CARGA E DESCARGA MECANICA,COM PA-CARREGADEIRA,COM 1,30M3 DECAPACIDADE,UTILIZANDO CAMINHAO BASCULANTE A OLEO DIESEL,COMCAPACIDADE UTIL DE 8T,CONSIDERADOS PARA O CAMINHAO OS TEMPOSDE ESPERA,MANOBRA,CARGA E DESCARGA E PARA A CARREGADEIRA OSTEMPOS DE ESPERA E OPERACAO PARA CARGAS DE 50T POR DIA DE 8H | E36: =IF(B36="EMOP",VLOOKUP(C36,'EMOP 03-2026'!A:D,3,0),IF(B36="EMOP-I",VLOOKUP(C36,'EMOP-I 03-2026'!A:D,3,0),IF(B36="SINAPI",VLOOKUP(C36,'SINAPI 03-2026'!A:D,3,0),IF(B36="SINAPI-I",VLOOKUP(C36,'SINAPI-I 03-2026'!A:D,3,0),0)))) -> T | F36: ='Memória de Cálculo'!I36 -> 108.149 | G36: =IF(B36="EMOP",VLOOKUP(C36,'EMOP 03-2026'!A:D,4,0),IF(B36="EMOP-I",VLOOKUP(C36,'EMOP-I 03-2026'!A:D,4,0),IF(B36="SINAPI",VLOOKUP(C36,'SINAPI 03-2026'!A:D,4,0),IF(B36="SINAPI-I",VLOOKUP(C36,'SINAPI-I 03-2026'!A:D,4,0),0)))) -> 14.74 | H36: =ROUND(G36*1.205,2) -> 17.76 | I36: =ROUND(F36*H36,2) -> 1920.73 | J36: =I36/$H$214 -> 0.0055791074
A37: 2.3.2 | B37: EMOP | C37: 04.005.0120-0 | D37: =IF(B37="EMOP",VLOOKUP(C37,'EMOP 03-2026'!A:D,2,0),IF(B37="EMOP-I",VLOOKUP(C37,'EMOP-I 03-2026'!A:D,2,0),IF(B37="SINAPI",VLOOKUP(C37,'SINAPI 03-2026'!A:D,2,0),IF(B37="SINAPI-I",VLOOKUP(C37,'SINAPI-I 03-2026'!A:D,2,0),0)))) -> TRANSPORTE DE CARGA DE QUALQUER NATUREZA,EXCLUSIVE AS DESPESAS DE CARGA E DESCARGA,TANTO DE ESPERA DO CAMINHAO COMO DO SERVENTE OU EQUIPAMENTO AUXILIAR,A VELOCIDADE MEDIA DE 50KM/H,EM CAMINHAO BASCULANTE A OLEO DIESEL,COM CAPACIDADE UTIL DE8T | E37: =IF(B37="EMOP",VLOOKUP(C37,'EMOP 03-2026'!A:D,3,0),IF(B37="EMOP-I",VLOOKUP(C37,'EMOP-I 03-2026'!A:D,3,0),IF(B37="SINAPI",VLOOKUP(C37,'SINAPI 03-2026'!A:D,3,0),IF(B37="SINAPI-I",VLOOKUP(C37,'SINAPI-I 03-2026'!A:D,3,0),0)))) -> T X KM | F37: ='Memória de Cálculo'!I37 -> 1081.49 | G37: =IF(B37="EMOP",VLOOKUP(C37,'EMOP 03-2026'!A:D,4,0),IF(B37="EMOP-I",VLOOKUP(C37,'EMOP-I 03-2026'!A:D,4,0),IF(B37="SINAPI",VLOOKUP(C37,'SINAPI 03-2026'!A:D,4,0),IF(B37="SINAPI-I",VLOOKUP(C37,'SINAPI-I 03-2026'!A:D,4,0),0)))) -> 1.13 | H37: =ROUND(G37*1.205,2) -> 1.36 | I37: =ROUND(F37*H37,2) -> 1470.83 | J37: =I37/$H$214 -> 0.0042722916
A38: 3 | D38: ESTRUTURAS | I38: =SUM(I39:I63)/2 -> 95317.37 | J38: =I38/$H$214 -> 0.27686653
A39: 3.1 | D39: FUNDAÇÕES - CONCRETO - SAPATAS | I39: =SUM(I40:I41) -> 12495.2 | J39: =I39/$H$214 -> 0.036294567
A40: 3.1.1 | B40: SINAPI | C40: 96616 | D40: =IF(B40="EMOP",VLOOKUP(C40,'EMOP 03-2026'!A:D,2,0),IF(B40="EMOP-I",VLOOKUP(C40,'EMOP-I 03-2026'!A:D,2,0),IF(B40="SINAPI",VLOOKUP(C40,'SINAPI 03-2026'!A:D,2,0),IF(B40="SINAPI-I",VLOOKUP(C40,'SINAPI-I 03-2026'!A:D,2,0),0)))) -> LASTRO DE CONCRETO MAGRO, APLICADO EM BLOCOS DE COROAMENTO OU SAPATAS. AF_01/2024 | E40: =IF(B40="EMOP",VLOOKUP(C40,'EMOP 03-2026'!A:D,3,0),IF(B40="EMOP-I",VLOOKUP(C40,'EMOP-I 03-2026'!A:D,3,0),IF(B40="SINAPI",VLOOKUP(C40,'SINAPI 03-2026'!A:D,3,0),IF(B40="SINAPI-I",VLOOKUP(C40,'SINAPI-I 03-2026'!A:D,3,0),0)))) -> M3 | F40: ='Memória de Cálculo'!I40 -> 0.64 | G40: =IF(B40="EMOP",VLOOKUP(C40,'EMOP 03-2026'!A:D,4,0),IF(B40="EMOP-I",VLOOKUP(C40,'EMOP-I 03-2026'!A:D,4,0),IF(B40="SINAPI",VLOOKUP(C40,'SINAPI 03-2026'!A:D,4,0),IF(B40="SINAPI-I",VLOOKUP(C40,'SINAPI-I 03-2026'!A:D,4,0),0)))) -> 941.52 | H40: =ROUND(G40*1.205,2) -> 1134.53 | I40: =ROUND(F40*H40,2) -> 726.1 | J40: =I40/$H$214 -> 0.0021090887
A41: 3.1.2 | B41: EMOP | C41: 11.013.0135-0 | D41: =IF(B41="EMOP",VLOOKUP(C41,'EMOP 03-2026'!A:D,2,0),IF(B41="EMOP-I",VLOOKUP(C41,'EMOP-I 03-2026'!A:D,2,0),IF(B41="SINAPI",VLOOKUP(C41,'SINAPI 03-2026'!A:D,2,0),IF(B41="SINAPI-I",VLOOKUP(C41,'SINAPI-I 03-2026'!A:D,2,0),0)))) -> CONCRETO ARMADO,FCK=25MPA,INCLUINDO MATERIAIS PARA 1,00M3 DECONCRETO(IMPORTADO DE USINA)ADENSADO E COLOCADO,12,00M2 DEAREA MOLDADA,FORMAS CONFORME O ITEM 11.004.0022,60KG DE ACOCA-50,INCLUSIVE MAO-DE-OBRA PARA CORTE,DOBRAGEM,MONTAGEM ECOLOCACAO NAS FORMAS,EXCLUSIVE ESCORAMENTO | E41: =IF(B41="EMOP",VLOOKUP(C41,'EMOP 03-2026'!A:D,3,0),IF(B41="EMOP-I",VLOOKUP(C41,'EMOP-I 03-2026'!A:D,3,0),IF(B41="SINAPI",VLOOKUP(C41,'SINAPI 03-2026'!A:D,3,0),IF(B41="SINAPI-I",VLOOKUP(C41,'SINAPI-I 03-2026'!A:D,3,0),0)))) -> M3 | F41: ='Memória de Cálculo'!I41 -> 3.84 | G41: =IF(B41="EMOP",VLOOKUP(C41,'EMOP 03-2026'!A:D,4,0),IF(B41="EMOP-I",VLOOKUP(C41,'EMOP-I 03-2026'!A:D,4,0),IF(B41="SINAPI",VLOOKUP(C41,'SINAPI 03-2026'!A:D,4,0),IF(B41="SINAPI-I",VLOOKUP(C41,'SINAPI-I 03-2026'!A:D,4,0),0)))) -> 2543.46 | H41: =ROUND(G41*1.205,2) -> 3064.87 | I41: =ROUND(F41*H41,2) -> 11769.1 | J41: =I41/$H$214 -> 0.034185478
A42: 3.2.01 | D42: FUNDAÇÕES - CONCRETO - ESTACAS | I42: =SUM(I43) -> 1104.32
A43: 3.2.01.1 | B43: EMOP | C43: 11.013.0135-0 | D43: =IF(B43="EMOP",VLOOKUP(C43,'EMOP 03-2026'!A:D,2,0),IF(B43="EMOP-I",VLOOKUP(C43,'EMOP-I 03-2026'!A:D,2,0),IF(B43="SINAPI",VLOOKUP(C43,'SINAPI 03-2026'!A:D,2,0),IF(B43="SINAPI-I",VLOOKUP(C43,'SINAPI-I 03-2026'!A:D,2,0),0)))) -> CONCRETO ARMADO,FCK=25MPA,INCLUINDO MATERIAIS PARA 1,00M3 DECONCRETO(IMPORTADO DE USINA)ADENSADO E COLOCADO,12,00M2 DEAREA MOLDADA,FORMAS CONFORME O ITEM 11.004.0022,60KG DE ACOCA-50,INCLUSIVE MAO-DE-OBRA PARA CORTE,DOBRAGEM,MONTAGEM ECOLOCACAO NAS FORMAS,EXCLUSIVE ESCORAMENTO | E43: =IF(B43="EMOP",VLOOKUP(C43,'EMOP 03-2026'!A:D,3,0),IF(B43="EMOP-I",VLOOKUP(C43,'EMOP-I 03-2026'!A:D,3,0),IF(B43="SINAPI",VLOOKUP(C43,'SINAPI 03-2026'!A:D,3,0),IF(B43="SINAPI-I",VLOOKUP(C43,'SINAPI-I 03-2026'!A:D,3,0),0)))) -> M3 | F43: ='Memória de Cálculo'!I43 -> 0.360315 | G43: =IF(B43="EMOP",VLOOKUP(C43,'EMOP 03-2026'!A:D,4,0),IF(B43="EMOP-I",VLOOKUP(C43,'EMOP-I 03-2026'!A:D,4,0),IF(B43="SINAPI",VLOOKUP(C43,'SINAPI 03-2026'!A:D,4,0),IF(B43="SINAPI-I",VLOOKUP(C43,'SINAPI-I 03-2026'!A:D,4,0),0)))) -> 2543.46 | H43: =ROUND(G43*1.205,2) -> 3064.87 | I43: =ROUND(F43*H43,2) -> 1104.32
A44: 3.2 | D44: FUNDAÇÕES - IMPERMEABILIZAÇÃO | I44: =SUM(I45:I46) -> 8248.68 | J44: =I44/$H$214 -> 0.023959782
A45: 3.2.1 | B45: EMOP | C45: 16.026.0010-0 | D45: =IF(B45="EMOP",VLOOKUP(C45,'EMOP 03-2026'!A:D,2,0),IF(B45="EMOP-I",VLOOKUP(C45,'EMOP-I 03-2026'!A:D,2,0),IF(B45="SINAPI",VLOOKUP(C45,'SINAPI 03-2026'!A:D,2,0),IF(B45="SINAPI-I",VLOOKUP(C45,'SINAPI-I 03-2026'!A:D,2,0),0)))) -> IMPERMEABILIZANTE DA SUPERFICIE DE CONCRETO EM PRESENCA OU NAO DE UMIDADE OU DE LENCOL FREATICO,EMPREGANDO SISTEMA PROGRESSIVO DE CRISTALIZACAO COMPOSTO DE INGREDIENTES ATIVOS QUEPENETRAM PROFUNDAMENTE NO CONCRETO POR PROCESSO CATALITICO,GERANDO CRISTAIS INSOLUVEIS DE FIBRAS DENTRITICAS NOS POROS ECAPILARIDADES | E45: =IF(B45="EMOP",VLOOKUP(C45,'EMOP 03-2026'!A:D,3,0),IF(B45="EMOP-I",VLOOKUP(C45,'EMOP-I 03-2026'!A:D,3,0),IF(B45="SINAPI",VLOOKUP(C45,'SINAPI 03-2026'!A:D,3,0),IF(B45="SINAPI-I",VLOOKUP(C45,'SINAPI-I 03-2026'!A:D,3,0),0)))) -> M2 | F45: ='Memória de Cálculo'!I45 -> 62.25 | G45: =IF(B45="EMOP",VLOOKUP(C45,'EMOP 03-2026'!A:D,4,0),IF(B45="EMOP-I",VLOOKUP(C45,'EMOP-I 03-2026'!A:D,4,0),IF(B45="SINAPI",VLOOKUP(C45,'SINAPI 03-2026'!A:D,4,0),IF(B45="SINAPI-I",VLOOKUP(C45,'SINAPI-I 03-2026'!A:D,4,0),0)))) -> 105.93 | H45: =ROUND(G45*1.205,2) -> 127.65 | I45: =ROUND(F45*H45,2) -> 7946.21 | J45: =I45/$H$214 -> 0.023081203
A46: 3.2.2 | B46: EMOP | C46: 05.058.0020-0 | D46: =IF(B46="EMOP",VLOOKUP(C46,'EMOP 03-2026'!A:D,2,0),IF(B46="EMOP-I",VLOOKUP(C46,'EMOP-I 03-2026'!A:D,2,0),IF(B46="SINAPI",VLOOKUP(C46,'SINAPI 03-2026'!A:D,2,0),IF(B46="SINAPI-I",VLOOKUP(C46,'SINAPI-I 03-2026'!A:D,2,0),0)))) -> LONA DE POLIETILENO(LONA TERREIRO)COM ESPESSURA DE 0,20MM PARA IMPERMEABILIZACAO DE SOLO,MEDIDA PELA AREA COBERTA,INCLUSIVE PERDAS E TRANSPASSE | E46: =IF(B46="EMOP",VLOOKUP(C46,'EMOP 03-2026'!A:D,3,0),IF(B46="EMOP-I",VLOOKUP(C46,'EMOP-I 03-2026'!A:D,3,0),IF(B46="SINAPI",VLOOKUP(C46,'SINAPI 03-2026'!A:D,3,0),IF(B46="SINAPI-I",VLOOKUP(C46,'SINAPI-I 03-2026'!A:D,3,0),0)))) -> M2 | F46: ='Memória de Cálculo'!I46 -> 130.94 | G46: =IF(B46="EMOP",VLOOKUP(C46,'EMOP 03-2026'!A:D,4,0),IF(B46="EMOP-I",VLOOKUP(C46,'EMOP-I 03-2026'!A:D,4,0),IF(B46="SINAPI",VLOOKUP(C46,'SINAPI 03-2026'!A:D,4,0),IF(B46="SINAPI-I",VLOOKUP(C46,'SINAPI-I 03-2026'!A:D,4,0),0)))) -> 1.92 | H46: =ROUND(G46*1.205,2) -> 2.31 | I46: =ROUND(F46*H46,2) -> 302.47 | J46: =I46/$H$214 -> 0.00087857878
A47: 3.3 | D47: SUPERESTRUTURA - PILARES | I47: =SUM(I48:I48) -> 12428.81 | J47: =I47/$H$214 -> 0.036101725
A48: 3.3.1 | B48: EMOP | C48: 11.013.0135-0 | D48: =IF(B48="EMOP",VLOOKUP(C48,'EMOP 03-2026'!A:D,2,0),IF(B48="EMOP-I",VLOOKUP(C48,'EMOP-I 03-2026'!A:D,2,0),IF(B48="SINAPI",VLOOKUP(C48,'SINAPI 03-2026'!A:D,2,0),IF(B48="SINAPI-I",VLOOKUP(C48,'SINAPI-I 03-2026'!A:D,2,0),0)))) -> CONCRETO ARMADO,FCK=25MPA,INCLUINDO MATERIAIS PARA 1,00M3 DECONCRETO(IMPORTADO DE USINA)ADENSADO E COLOCADO,12,00M2 DEAREA MOLDADA,FORMAS CONFORME O ITEM 11.004.0022,60KG DE ACOCA-50,INCLUSIVE MAO-DE-OBRA PARA CORTE,DOBRAGEM,MONTAGEM ECOLOCACAO NAS FORMAS,EXCLUSIVE ESCORAMENTO | E48: =IF(B48="EMOP",VLOOKUP(C48,'EMOP 03-2026'!A:D,3,0),IF(B48="EMOP-I",VLOOKUP(C48,'EMOP-I 03-2026'!A:D,3,0),IF(B48="SINAPI",VLOOKUP(C48,'SINAPI 03-2026'!A:D,3,0),IF(B48="SINAPI-I",VLOOKUP(C48,'SINAPI-I 03-2026'!A:D,3,0),0)))) -> M3 | F48: ='Memória de Cálculo'!I48 -> 4.05525 | G48: =IF(B48="EMOP",VLOOKUP(C48,'EMOP 03-2026'!A:D,4,0),IF(B48="EMOP-I",VLOOKUP(C48,'EMOP-I 03-2026'!A:D,4,0),IF(B48="SINAPI",VLOOKUP(C48,'SINAPI 03-2026'!A:D,4,0),IF(B48="SINAPI-I",VLOOKUP(C48,'SINAPI-I 03-2026'!A:D,4,0),0)))) -> 2543.46 | H48: =ROUND(G48*1.205,2) -> 3064.87 | I48: =ROUND(F48*H48,2) -> 12428.81 | J48: =I48/$H$214 -> 0.036101725
A49: 3.4 | D49: SUPERESTRUTURA - VIGAS BALDRAME E CITAMENTO LAJE | I49: =SUM(I50:I50) -> 18630.58 | J49: =I49/$H$214 -> 0.054115887
A50: 3.4.1 | B50: EMOP | C50: 11.013.0135-0 | D50: =IF(B50="EMOP",VLOOKUP(C50,'EMOP 03-2026'!A:D,2,0),IF(B50="EMOP-I",VLOOKUP(C50,'EMOP-I 03-2026'!A:D,2,0),IF(B50="SINAPI",VLOOKUP(C50,'SINAPI 03-2026'!A:D,2,0),IF(B50="SINAPI-I",VLOOKUP(C50,'SINAPI-I 03-2026'!A:D,2,0),0)))) -> CONCRETO ARMADO,FCK=25MPA,INCLUINDO MATERIAIS PARA 1,00M3 DECONCRETO(IMPORTADO DE USINA)ADENSADO E COLOCADO,12,00M2 DEAREA MOLDADA,FORMAS CONFORME O ITEM 11.004.0022,60KG DE ACOCA-50,INCLUSIVE MAO-DE-OBRA PARA CORTE,DOBRAGEM,MONTAGEM ECOLOCACAO NAS FORMAS,EXCLUSIVE ESCORAMENTO | E50: =IF(B50="EMOP",VLOOKUP(C50,'EMOP 03-2026'!A:D,3,0),IF(B50="EMOP-I",VLOOKUP(C50,'EMOP-I 03-2026'!A:D,3,0),IF(B50="SINAPI",VLOOKUP(C50,'SINAPI 03-2026'!A:D,3,0),IF(B50="SINAPI-I",VLOOKUP(C50,'SINAPI-I 03-2026'!A:D,3,0),0)))) -> M3 | F50: ='Memória de Cálculo'!I50 -> 6.07875 | G50: =IF(B50="EMOP",VLOOKUP(C50,'EMOP 03-2026'!A:D,4,0),IF(B50="EMOP-I",VLOOKUP(C50,'EMOP-I 03-2026'!A:D,4,0),IF(B50="SINAPI",VLOOKUP(C50,'SINAPI 03-2026'!A:D,4,0),IF(B50="SINAPI-I",VLOOKUP(C50,'SINAPI-I 03-2026'!A:D,4,0),0)))) -> 2543.46 | H50: =ROUND(G50*1.205,2) -> 3064.87 | I50: =ROUND(F50*H50,2) -> 18630.58 | J50: =I50/$H$214 -> 0.054115887
A51: 3.5 | D51: SUPERESTRUTURA - VIGAS COROAMENTO PLATIBANDA | I51: =SUM(I52:I52) -> 4299.63 | J51: =I51/$H$214 -> 0.012489052
A52: 3.5.1 | B52: EMOP | C52: 11.013.0135-0 | D52: =IF(B52="EMOP",VLOOKUP(C52,'EMOP 03-2026'!A:D,2,0),IF(B52="EMOP-I",VLOOKUP(C52,'EMOP-I 03-2026'!A:D,2,0),IF(B52="SINAPI",VLOOKUP(C52,'SINAPI 03-2026'!A:D,2,0),IF(B52="SINAPI-I",VLOOKUP(C52,'SINAPI-I 03-2026'!A:D,2,0),0)))) -> CONCRETO ARMADO,FCK=25MPA,INCLUINDO MATERIAIS PARA 1,00M3 DECONCRETO(IMPORTADO DE USINA)ADENSADO E COLOCADO,12,00M2 DEAREA MOLDADA,FORMAS CONFORME O ITEM 11.004.0022,60KG DE ACOCA-50,INCLUSIVE MAO-DE-OBRA PARA CORTE,DOBRAGEM,MONTAGEM ECOLOCACAO NAS FORMAS,EXCLUSIVE ESCORAMENTO | E52: =IF(B52="EMOP",VLOOKUP(C52,'EMOP 03-2026'!A:D,3,0),IF(B52="EMOP-I",VLOOKUP(C52,'EMOP-I 03-2026'!A:D,3,0),IF(B52="SINAPI",VLOOKUP(C52,'SINAPI 03-2026'!A:D,3,0),IF(B52="SINAPI-I",VLOOKUP(C52,'SINAPI-I 03-2026'!A:D,3,0),0)))) -> M3 | F52: ='Memória de Cálculo'!I52 -> 1.402875 | G52: =IF(B52="EMOP",VLOOKUP(C52,'EMOP 03-2026'!A:D,4,0),IF(B52="EMOP-I",VLOOKUP(C52,'EMOP-I 03-2026'!A:D,4,0),IF(B52="SINAPI",VLOOKUP(C52,'SINAPI 03-2026'!A:D,4,0),IF(B52="SINAPI-I",VLOOKUP(C52,'SINAPI-I 03-2026'!A:D,4,0),0)))) -> 2543.46 | H52: =ROUND(G52*1.205,2) -> 3064.87 | I52: =ROUND(F52*H52,2) -> 4299.63 | J52: =I52/$H$214 -> 0.012489052
A53: 3.6 | D53: SUPERESTRUTURA - LAJES | I53: =SUM(I54:I55) -> 20224.62 | J53: =I53/$H$214 -> 0.058746064
A54: 3.6.1 | B54: EMOP | C54: 11.013.0135-0 | D54: =IF(B54="EMOP",VLOOKUP(C54,'EMOP 03-2026'!A:D,2,0),IF(B54="EMOP-I",VLOOKUP(C54,'EMOP-I 03-2026'!A:D,2,0),IF(B54="SINAPI",VLOOKUP(C54,'SINAPI 03-2026'!A:D,2,0),IF(B54="SINAPI-I",VLOOKUP(C54,'SINAPI-I 03-2026'!A:D,2,0),0)))) -> CONCRETO ARMADO,FCK=25MPA,INCLUINDO MATERIAIS PARA 1,00M3 DECONCRETO(IMPORTADO DE USINA)ADENSADO E COLOCADO,12,00M2 DEAREA MOLDADA,FORMAS CONFORME O ITEM 11.004.0022,60KG DE ACOCA-50,INCLUSIVE MAO-DE-OBRA PARA CORTE,DOBRAGEM,MONTAGEM ECOLOCACAO NAS FORMAS,EXCLUSIVE ESCORAMENTO | E54: =IF(B54="EMOP",VLOOKUP(C54,'EMOP 03-2026'!A:D,3,0),IF(B54="EMOP-I",VLOOKUP(C54,'EMOP-I 03-2026'!A:D,3,0),IF(B54="SINAPI",VLOOKUP(C54,'SINAPI 03-2026'!A:D,3,0),IF(B54="SINAPI-I",VLOOKUP(C54,'SINAPI-I 03-2026'!A:D,3,0),0)))) -> M3 | F54: ='Memória de Cálculo'!I54 -> 5.9352 | G54: =IF(B54="EMOP",VLOOKUP(C54,'EMOP 03-2026'!A:D,4,0),IF(B54="EMOP-I",VLOOKUP(C54,'EMOP-I 03-2026'!A:D,4,0),IF(B54="SINAPI",VLOOKUP(C54,'SINAPI 03-2026'!A:D,4,0),IF(B54="SINAPI-I",VLOOKUP(C54,'SINAPI-I 03-2026'!A:D,4,0),0)))) -> 2543.46 | H54: =ROUND(G54*1.205,2) -> 3064.87 | I54: =ROUND(F54*H54,2) -> 18190.62 | J54: =I54/$H$214 -> 0.052837944
A55: 3.6.2 | B55: EMOP | C55: 11.050.0002-0 | D55: =IF(B55="EMOP",VLOOKUP(C55,'EMOP 03-2026'!A:D,2,0),IF(B55="EMOP-I",VLOOKUP(C55,'EMOP-I 03-2026'!A:D,2,0),IF(B55="SINAPI",VLOOKUP(C55,'SINAPI 03-2026'!A:D,2,0),IF(B55="SINAPI-I",VLOOKUP(C55,'SINAPI-I 03-2026'!A:D,2,0),0)))) -> ESCORAMENTO TUBULAR(ALUGUEL)COM TUBOS METALICOS,PARA QUALQUER DENSIDADE DE TUBO,PAGO PELO COMPRIMENTO NECESSARIO,NO MESMO TEMPO,DESDE A ENTREGA DO MATERIAL NA OBRA,NA OCASIAO APROPRIADA ATE SUA CARGA,PARA DEVOLUCAO,LOGO QUE DESNECESSARIA | E55: =IF(B55="EMOP",VLOOKUP(C55,'EMOP 03-2026'!A:D,3,0),IF(B55="EMOP-I",VLOOKUP(C55,'EMOP-I 03-2026'!A:D,3,0),IF(B55="SINAPI",VLOOKUP(C55,'SINAPI 03-2026'!A:D,3,0),IF(B55="SINAPI-I",VLOOKUP(C55,'SINAPI-I 03-2026'!A:D,3,0),0)))) -> MXMES | F55: ='Memória de Cálculo'!I55 -> 225 | G55: =IF(B55="EMOP",VLOOKUP(C55,'EMOP 03-2026'!A:D,4,0),IF(B55="EMOP-I",VLOOKUP(C55,'EMOP-I 03-2026'!A:D,4,0),IF(B55="SINAPI",VLOOKUP(C55,'SINAPI 03-2026'!A:D,4,0),IF(B55="SINAPI-I",VLOOKUP(C55,'SINAPI-I 03-2026'!A:D,4,0),0)))) -> 7.5 | H55: =ROUND(G55*1.205,2) -> 9.04 | I55: =ROUND(F55*H55,2) -> 2034 | J55: =I55/$H$214 -> 0.0059081206
A56: 3.7 | D56: SUPERESTRUTURA - VERGAS E CONTRAVERGAS | I56: =SUM(I57:I57) -> 665.01 | J56: =I56/$H$214 -> 0.0019316417
A57: 3.7.1 | B57: EMOP | C57: 11.013.0003-1 | D57: =IF(B57="EMOP",VLOOKUP(C57,'EMOP 03-2026'!A:D,2,0),IF(B57="EMOP-I",VLOOKUP(C57,'EMOP-I 03-2026'!A:D,2,0),IF(B57="SINAPI",VLOOKUP(C57,'SINAPI 03-2026'!A:D,2,0),IF(B57="SINAPI-I",VLOOKUP(C57,'SINAPI-I 03-2026'!A:D,2,0),0)))) -> VERGAS DE CONCRETO ARMADO PARA ALVENARIA,COM APROVEITAMENTODA MADEIRA POR 10 VEZES | E57: =IF(B57="EMOP",VLOOKUP(C57,'EMOP 03-2026'!A:D,3,0),IF(B57="EMOP-I",VLOOKUP(C57,'EMOP-I 03-2026'!A:D,3,0),IF(B57="SINAPI",VLOOKUP(C57,'SINAPI 03-2026'!A:D,3,0),IF(B57="SINAPI-I",VLOOKUP(C57,'SINAPI-I 03-2026'!A:D,3,0),0)))) -> M3 | F57: ='Memória de Cálculo'!I57 -> 0.2325 | G57: =IF(B57="EMOP",VLOOKUP(C57,'EMOP 03-2026'!A:D,4,0),IF(B57="EMOP-I",VLOOKUP(C57,'EMOP-I 03-2026'!A:D,4,0),IF(B57="SINAPI",VLOOKUP(C57,'SINAPI 03-2026'!A:D,4,0),IF(B57="SINAPI-I",VLOOKUP(C57,'SINAPI-I 03-2026'!A:D,4,0),0)))) -> 2373.64 | H57: =ROUND(G57*1.205,2) -> 2860.24 | I57: =ROUND(F57*H57,2) -> 665.01 | J57: =I57/$H$214 -> 0.0019316417
A58: 3.8 | D58: SUPERESTRUTURA - ESCADAS | I58: =SUM(I59:I59) -> 3346.73 | J58: =I58/$H$214 -> 0.0097211822
A59: 3.8.1 | B59: EMOP | C59: 11.013.0135-0 | D59: =IF(B59="EMOP",VLOOKUP(C59,'EMOP 03-2026'!A:D,2,0),IF(B59="EMOP-I",VLOOKUP(C59,'EMOP-I 03-2026'!A:D,2,0),IF(B59="SINAPI",VLOOKUP(C59,'SINAPI 03-2026'!A:D,2,0),IF(B59="SINAPI-I",VLOOKUP(C59,'SINAPI-I 03-2026'!A:D,2,0),0)))) -> CONCRETO ARMADO,FCK=25MPA,INCLUINDO MATERIAIS PARA 1,00M3 DECONCRETO(IMPORTADO DE USINA)ADENSADO E COLOCADO,12,00M2 DEAREA MOLDADA,FORMAS CONFORME O ITEM 11.004.0022,60KG DE ACOCA-50,INCLUSIVE MAO-DE-OBRA PARA CORTE,DOBRAGEM,MONTAGEM ECOLOCACAO NAS FORMAS,EXCLUSIVE ESCORAMENTO | E59: =IF(B59="EMOP",VLOOKUP(C59,'EMOP 03-2026'!A:D,3,0),IF(B59="EMOP-I",VLOOKUP(C59,'EMOP-I 03-2026'!A:D,3,0),IF(B59="SINAPI",VLOOKUP(C59,'SINAPI 03-2026'!A:D,3,0),IF(B59="SINAPI-I",VLOOKUP(C59,'SINAPI-I 03-2026'!A:D,3,0),0)))) -> M3 | F59: ='Memória de Cálculo'!I59 -> 1.091966 | G59: =IF(B59="EMOP",VLOOKUP(C59,'EMOP 03-2026'!A:D,4,0),IF(B59="EMOP-I",VLOOKUP(C59,'EMOP-I 03-2026'!A:D,4,0),IF(B59="SINAPI",VLOOKUP(C59,'SINAPI 03-2026'!A:D,4,0),IF(B59="SINAPI-I",VLOOKUP(C59,'SINAPI-I 03-2026'!A:D,4,0),0)))) -> 2543.46 | H59: =ROUND(G59*1.205,2) -> 3064.87 | I59: =ROUND(F59*H59,2) -> 3346.73 | J59: =I59/$H$214 -> 0.0097211822
A60: 3.9 | D60: SUPERESTRUTURA - RAMPAS | I60: =SUM(I61:I61) -> 7599.35 | J60: =I60/$H$214 -> 0.022073686
A61: 3.9.1 | B61: EMOP | C61: 11.013.0135-0 | D61: =IF(B61="EMOP",VLOOKUP(C61,'EMOP 03-2026'!A:D,2,0),IF(B61="EMOP-I",VLOOKUP(C61,'EMOP-I 03-2026'!A:D,2,0),IF(B61="SINAPI",VLOOKUP(C61,'SINAPI 03-2026'!A:D,2,0),IF(B61="SINAPI-I",VLOOKUP(C61,'SINAPI-I 03-2026'!A:D,2,0),0)))) -> CONCRETO ARMADO,FCK=25MPA,INCLUINDO MATERIAIS PARA 1,00M3 DECONCRETO(IMPORTADO DE USINA)ADENSADO E COLOCADO,12,00M2 DEAREA MOLDADA,FORMAS CONFORME O ITEM 11.004.0022,60KG DE ACOCA-50,INCLUSIVE MAO-DE-OBRA PARA CORTE,DOBRAGEM,MONTAGEM ECOLOCACAO NAS FORMAS,EXCLUSIVE ESCORAMENTO | E61: =IF(B61="EMOP",VLOOKUP(C61,'EMOP 03-2026'!A:D,3,0),IF(B61="EMOP-I",VLOOKUP(C61,'EMOP-I 03-2026'!A:D,3,0),IF(B61="SINAPI",VLOOKUP(C61,'SINAPI 03-2026'!A:D,3,0),IF(B61="SINAPI-I",VLOOKUP(C61,'SINAPI-I 03-2026'!A:D,3,0),0)))) -> M3 | F61: ='Memória de Cálculo'!I61 -> 2.4795 | G61: =IF(B61="EMOP",VLOOKUP(C61,'EMOP 03-2026'!A:D,4,0),IF(B61="EMOP-I",VLOOKUP(C61,'EMOP-I 03-2026'!A:D,4,0),IF(B61="SINAPI",VLOOKUP(C61,'SINAPI 03-2026'!A:D,4,0),IF(B61="SINAPI-I",VLOOKUP(C61,'SINAPI-I 03-2026'!A:D,4,0),0)))) -> 2543.46 | H61: =ROUND(G61*1.205,2) -> 3064.87 | I61: =ROUND(F61*H61,2) -> 7599.35 | J61: =I61/$H$214 -> 0.022073686
A62: 3.10 | D62: SUPERESTRUTURA - ENCHIMENTO DE BLOCOS | I62: =SUM(I63:I63) -> 6274.44 | J62: =I62/$H$214 -> 0.018225245
A63: 3.10.1 | B63: EMOP | C63: 11.013.0135-0 | D63: =IF(B63="EMOP",VLOOKUP(C63,'EMOP 03-2026'!A:D,2,0),IF(B63="EMOP-I",VLOOKUP(C63,'EMOP-I 03-2026'!A:D,2,0),IF(B63="SINAPI",VLOOKUP(C63,'SINAPI 03-2026'!A:D,2,0),IF(B63="SINAPI-I",VLOOKUP(C63,'SINAPI-I 03-2026'!A:D,2,0),0)))) -> CONCRETO ARMADO,FCK=25MPA,INCLUINDO MATERIAIS PARA 1,00M3 DECONCRETO(IMPORTADO DE USINA)ADENSADO E COLOCADO,12,00M2 DEAREA MOLDADA,FORMAS CONFORME O ITEM 11.004.0022,60KG DE ACOCA-50,INCLUSIVE MAO-DE-OBRA PARA CORTE,DOBRAGEM,MONTAGEM ECOLOCACAO NAS FORMAS,EXCLUSIVE ESCORAMENTO | E63: =IF(B63="EMOP",VLOOKUP(C63,'EMOP 03-2026'!A:D,3,0),IF(B63="EMOP-I",VLOOKUP(C63,'EMOP-I 03-2026'!A:D,3,0),IF(B63="SINAPI",VLOOKUP(C63,'SINAPI 03-2026'!A:D,3,0),IF(B63="SINAPI-I",VLOOKUP(C63,'SINAPI-I 03-2026'!A:D,3,0),0)))) -> M3 | F63: ='Memória de Cálculo'!I63 -> 2.047212 | G63: =IF(B63="EMOP",VLOOKUP(C63,'EMOP 03-2026'!A:D,4,0),IF(B63="EMOP-I",VLOOKUP(C63,'EMOP-I 03-2026'!A:D,4,0),IF(B63="SINAPI",VLOOKUP(C63,'SINAPI 03-2026'!A:D,4,0),IF(B63="SINAPI-I",VLOOKUP(C63,'SINAPI-I 03-2026'!A:D,4,0),0)))) -> 2543.46 | H63: =ROUND(G63*1.205,2) -> 3064.87 | I63: =ROUND(F63*H63,2) -> 6274.44 | J63: =I63/$H$214 -> 0.018225245
A64: 4 | D64: VEDAÇÃO VERTICAL | I64: =SUM(I65:I68)/2 -> 17630.43 | J64: =I64/$H$214 -> 0.05121077
A65: 4.1 | D65: ALVENARIAS E DIVISÓRIAS | I65: =SUM(I66:I68) -> 17630.43 | J65: =I65/$H$214 -> 0.05121077
A66: 4.1.1 | B66: EMOP | C66: 12.005.0030-0 | D66: =IF(B66="EMOP",VLOOKUP(C66,'EMOP 03-2026'!A:D,2,0),IF(B66="EMOP-I",VLOOKUP(C66,'EMOP-I 03-2026'!A:D,2,0),IF(B66="SINAPI",VLOOKUP(C66,'SINAPI 03-2026'!A:D,2,0),IF(B66="SINAPI-I",VLOOKUP(C66,'SINAPI-I 03-2026'!A:D,2,0),0)))) -> ALVENARIA DE BLOCOS DE CONCRETO 15X20X40CM,ASSENTES COM ARGAMASSA DE CIMENTO E AREIA,NO TRACO 1:8,EM PAREDES DE 0,15M DEESPESSURA,DE SUPERFICIE CORRIDA,ATE 3,00M DE ALTURA E MEDIDA PELA AREA REAL | E66: =IF(B66="EMOP",VLOOKUP(C66,'EMOP 03-2026'!A:D,3,0),IF(B66="EMOP-I",VLOOKUP(C66,'EMOP-I 03-2026'!A:D,3,0),IF(B66="SINAPI",VLOOKUP(C66,'SINAPI 03-2026'!A:D,3,0),IF(B66="SINAPI-I",VLOOKUP(C66,'SINAPI-I 03-2026'!A:D,3,0),0)))) -> M2 | F66: ='Memória de Cálculo'!I66 -> 71.1545 | G66: =IF(B66="EMOP",VLOOKUP(C66,'EMOP 03-2026'!A:D,4,0),IF(B66="EMOP-I",VLOOKUP(C66,'EMOP-I 03-2026'!A:D,4,0),IF(B66="SINAPI",VLOOKUP(C66,'SINAPI 03-2026'!A:D,4,0),IF(B66="SINAPI-I",VLOOKUP(C66,'SINAPI-I 03-2026'!A:D,4,0),0)))) -> 93.37 | H66: =ROUND(G66*1.205,2) -> 112.51 | I66: =ROUND(F66*H66,2) -> 8005.59 | J66: =I66/$H$214 -> 0.023253683
A67: 4.1.2 | B67: EMOP | C67: 12.003.0115-0 | D67: =IF(B67="EMOP",VLOOKUP(C67,'EMOP 03-2026'!A:D,2,0),IF(B67="EMOP-I",VLOOKUP(C67,'EMOP-I 03-2026'!A:D,2,0),IF(B67="SINAPI",VLOOKUP(C67,'SINAPI 03-2026'!A:D,2,0),IF(B67="SINAPI-I",VLOOKUP(C67,'SINAPI-I 03-2026'!A:D,2,0),0)))) -> ALVENARIA DE TIJOLOS CERAMICOS FURADOS 10X20X30CM,COMPLEMENTADA COM 6% DE TIJOLOS DE 10X20X20CM,ASSENTES COM ARGAMASSA DE CIMENTO E SAIBRO,NO TRACO 1:8,EM PAREDES DE MEIA VEZ(0,10M) DE SUPERFICIE CORRIDA,ATE 3,00M DE ALTURA E MEDIDA PELA AREA REAL | E67: =IF(B67="EMOP",VLOOKUP(C67,'EMOP 03-2026'!A:D,3,0),IF(B67="EMOP-I",VLOOKUP(C67,'EMOP-I 03-2026'!A:D,3,0),IF(B67="SINAPI",VLOOKUP(C67,'SINAPI 03-2026'!A:D,3,0),IF(B67="SINAPI-I",VLOOKUP(C67,'SINAPI-I 03-2026'!A:D,3,0),0)))) -> M2 | F67: ='Memória de Cálculo'!I67 -> 124.53 | G67: =IF(B67="EMOP",VLOOKUP(C67,'EMOP 03-2026'!A:D,4,0),IF(B67="EMOP-I",VLOOKUP(C67,'EMOP-I 03-2026'!A:D,4,0),IF(B67="SINAPI",VLOOKUP(C67,'SINAPI 03-2026'!A:D,4,0),IF(B67="SINAPI-I",VLOOKUP(C67,'SINAPI-I 03-2026'!A:D,4,0),0)))) -> 58.59 | H67: =ROUND(G67*1.205,2) -> 70.6 | I67: =ROUND(F67*H67,2) -> 8791.82 | J67: =I67/$H$214 -> 0.02553743
A68: 4.1.3 | B68: SINAPI | C68: 93203 | D68: =IF(B68="EMOP",VLOOKUP(C68,'EMOP 03-2026'!A:D,2,0),IF(B68="EMOP-I",VLOOKUP(C68,'EMOP-I 03-2026'!A:D,2,0),IF(B68="SINAPI",VLOOKUP(C68,'SINAPI 03-2026'!A:D,2,0),IF(B68="SINAPI-I",VLOOKUP(C68,'SINAPI-I 03-2026'!A:D,2,0),0)))) -> FIXAÇÃO (ENCUNHAMENTO) DE ALVENARIA DE VEDAÇÃO COM ESPUMA DE POLIURETANO EXPANSIVA. AF_03/2024 | E68: =IF(B68="EMOP",VLOOKUP(C68,'EMOP 03-2026'!A:D,3,0),IF(B68="EMOP-I",VLOOKUP(C68,'EMOP-I 03-2026'!A:D,3,0),IF(B68="SINAPI",VLOOKUP(C68,'SINAPI 03-2026'!A:D,3,0),IF(B68="SINAPI-I",VLOOKUP(C68,'SINAPI-I 03-2026'!A:D,3,0),0)))) -> M | F68: ='Memória de Cálculo'!I68 -> 47.25 | G68: =IF(B68="EMOP",VLOOKUP(C68,'EMOP 03-2026'!A:D,4,0),IF(B68="EMOP-I",VLOOKUP(C68,'EMOP-I 03-2026'!A:D,4,0),IF(B68="SINAPI",VLOOKUP(C68,'SINAPI 03-2026'!A:D,4,0),IF(B68="SINAPI-I",VLOOKUP(C68,'SINAPI-I 03-2026'!A:D,4,0),0)))) -> 14.63 | H68: =ROUND(G68*1.205,2) -> 17.63 | I68: =ROUND(F68*H68,2) -> 833.02 | J68: =I68/$H$214 -> 0.0024196571
A69: 5 | D69: INSTALAÇÕES HIDROSSANITÁRIAS | I69: =SUM(I70:I106)/2 -> 26945.87 | J69: =I69/$H$214 -> 0.07826915
A70: 5.1 | D70: INSTALAÇÕES HIDROSSANITÁRIAS - ALIMENTAÇÃO | I70: =SUM(I71:I76) -> 1460.72 | J70: =I70/$H$214 -> 0.0042429252
A71: 5.1.1 | B71: SINAPI | C71: 102623 | D71: =IF(B71="EMOP",VLOOKUP(C71,'EMOP 03-2026'!A:D,2,0),IF(B71="EMOP-I",VLOOKUP(C71,'EMOP-I 03-2026'!A:D,2,0),IF(B71="SINAPI",VLOOKUP(C71,'SINAPI 03-2026'!A:D,2,0),IF(B71="SINAPI-I",VLOOKUP(C71,'SINAPI-I 03-2026'!A:D,2,0),0)))) -> CAIXA D´ÁGUA EM POLIETILENO, 1000 LITROS (INCLUSOS TUBOS, CONEXÕES E TORNEIRA DE BÓIA) - FORNECIMENTO E INSTALAÇÃO. AF_06/2021 | E71: =IF(B71="EMOP",VLOOKUP(C71,'EMOP 03-2026'!A:D,3,0),IF(B71="EMOP-I",VLOOKUP(C71,'EMOP-I 03-2026'!A:D,3,0),IF(B71="SINAPI",VLOOKUP(C71,'SINAPI 03-2026'!A:D,3,0),IF(B71="SINAPI-I",VLOOKUP(C71,'SINAPI-I 03-2026'!A:D,3,0),0)))) -> UN | F71: ='Memória de Cálculo'!I71 -> 1 | G71: =IF(B71="EMOP",VLOOKUP(C71,'EMOP 03-2026'!A:D,4,0),IF(B71="EMOP-I",VLOOKUP(C71,'EMOP-I 03-2026'!A:D,4,0),IF(B71="SINAPI",VLOOKUP(C71,'SINAPI 03-2026'!A:D,4,0),IF(B71="SINAPI-I",VLOOKUP(C71,'SINAPI-I 03-2026'!A:D,4,0),0)))) -> 891.88 | H71: =ROUND(G71*1.205,2) -> 1074.72 | I71: =ROUND(F71*H71,2) -> 1074.72 | J71: =I71/$H$214 -> 0.0031217185
A72: 5.1.2 | B72: EMOP-I | C72: 02615 | D72: =IF(B72="EMOP",VLOOKUP(C72,'EMOP 03-2026'!A:D,2,0),IF(B72="EMOP-I",VLOOKUP(C72,'EMOP-I 03-2026'!A:D,2,0),IF(B72="SINAPI",VLOOKUP(C72,'SINAPI 03-2026'!A:D,2,0),IF(B72="SINAPI-I",VLOOKUP(C72,'SINAPI-I 03-2026'!A:D,2,0),0)))) -> TUBO DE PVC RIGIDO, PONTA/BOLSA COM VIROLA, EM BARRAS DE 6,00M, DE 050MM | E72: =IF(B72="EMOP",VLOOKUP(C72,'EMOP 03-2026'!A:D,3,0),IF(B72="EMOP-I",VLOOKUP(C72,'EMOP-I 03-2026'!A:D,3,0),IF(B72="SINAPI",VLOOKUP(C72,'SINAPI 03-2026'!A:D,3,0),IF(B72="SINAPI-I",VLOOKUP(C72,'SINAPI-I 03-2026'!A:D,3,0),0)))) -> UN | F72: ='Memória de Cálculo'!I72 -> 2 | G72: =IF(B72="EMOP",VLOOKUP(C72,'EMOP 03-2026'!A:D,4,0),IF(B72="EMOP-I",VLOOKUP(C72,'EMOP-I 03-2026'!A:D,4,0),IF(B72="SINAPI",VLOOKUP(C72,'SINAPI 03-2026'!A:D,4,0),IF(B72="SINAPI-I",VLOOKUP(C72,'SINAPI-I 03-2026'!A:D,4,0),0)))) -> 57.58 | H72: =ROUND(G72*1.205,2) -> 69.38 | I72: =ROUND(F72*H72,2) -> 138.76 | J72: =I72/$H$214 -> 0.0004030535
A73: 5.1.3 | B73: SINAPI | C73: 89803 | D73: =IF(B73="EMOP",VLOOKUP(C73,'EMOP 03-2026'!A:D,2,0),IF(B73="EMOP-I",VLOOKUP(C73,'EMOP-I 03-2026'!A:D,2,0),IF(B73="SINAPI",VLOOKUP(C73,'SINAPI 03-2026'!A:D,2,0),IF(B73="SINAPI-I",VLOOKUP(C73,'SINAPI-I 03-2026'!A:D,2,0),0)))) -> CURVA CURTA 90 GRAUS, PVC, SERIE NORMAL, ESGOTO PREDIAL, DN 50 MM, JUNTA ELÁSTICA, FORNECIDO E INSTALADO EM PRUMADA DE ESGOTO SANITÁRIO OU VENTILAÇÃO. AF_08/2022 | E73: =IF(B73="EMOP",VLOOKUP(C73,'EMOP 03-2026'!A:D,3,0),IF(B73="EMOP-I",VLOOKUP(C73,'EMOP-I 03-2026'!A:D,3,0),IF(B73="SINAPI",VLOOKUP(C73,'SINAPI 03-2026'!A:D,3,0),IF(B73="SINAPI-I",VLOOKUP(C73,'SINAPI-I 03-2026'!A:D,3,0),0)))) -> UN | F73: ='Memória de Cálculo'!I73 -> 4 | G73: =IF(B73="EMOP",VLOOKUP(C73,'EMOP 03-2026'!A:D,4,0),IF(B73="EMOP-I",VLOOKUP(C73,'EMOP-I 03-2026'!A:D,4,0),IF(B73="SINAPI",VLOOKUP(C73,'SINAPI 03-2026'!A:D,4,0),IF(B73="SINAPI-I",VLOOKUP(C73,'SINAPI-I 03-2026'!A:D,4,0),0)))) -> 19.73 | H73: =ROUND(G73*1.205,2) -> 23.77 | I73: =ROUND(F73*H73,2) -> 95.08 | J73: =I73/$H$214 -> 0.00027617704
A74: 5.1.4 | B74: SINAPI | C74: 89825 | D74: =IF(B74="EMOP",VLOOKUP(C74,'EMOP 03-2026'!A:D,2,0),IF(B74="EMOP-I",VLOOKUP(C74,'EMOP-I 03-2026'!A:D,2,0),IF(B74="SINAPI",VLOOKUP(C74,'SINAPI 03-2026'!A:D,2,0),IF(B74="SINAPI-I",VLOOKUP(C74,'SINAPI-I 03-2026'!A:D,2,0),0)))) -> TE, PVC, SERIE NORMAL, ESGOTO PREDIAL, DN 50 X 50 MM, JUNTA ELÁSTICA, FORNECIDO E INSTALADO EM PRUMADA DE ESGOTO SANITÁRIO OU VENTILAÇÃO. AF_08/2022 | E74: =IF(B74="EMOP",VLOOKUP(C74,'EMOP 03-2026'!A:D,3,0),IF(B74="EMOP-I",VLOOKUP(C74,'EMOP-I 03-2026'!A:D,3,0),IF(B74="SINAPI",VLOOKUP(C74,'SINAPI 03-2026'!A:D,3,0),IF(B74="SINAPI-I",VLOOKUP(C74,'SINAPI-I 03-2026'!A:D,3,0),0)))) -> UN | F74: ='Memória de Cálculo'!I74 -> 1 | G74: =IF(B74="EMOP",VLOOKUP(C74,'EMOP 03-2026'!A:D,4,0),IF(B74="EMOP-I",VLOOKUP(C74,'EMOP-I 03-2026'!A:D,4,0),IF(B74="SINAPI",VLOOKUP(C74,'SINAPI 03-2026'!A:D,4,0),IF(B74="SINAPI-I",VLOOKUP(C74,'SINAPI-I 03-2026'!A:D,4,0),0)))) -> 18.81 | H74: =ROUND(G74*1.205,2) -> 22.67 | I74: =ROUND(F74*H74,2) -> 22.67 | J74: =I74/$H$214 -> 6.5849112e-05
A75: 5.1.5 | B75: SINAPI | C75: 89595 | D75: =IF(B75="EMOP",VLOOKUP(C75,'EMOP 03-2026'!A:D,2,0),IF(B75="EMOP-I",VLOOKUP(C75,'EMOP-I 03-2026'!A:D,2,0),IF(B75="SINAPI",VLOOKUP(C75,'SINAPI 03-2026'!A:D,2,0),IF(B75="SINAPI-I",VLOOKUP(C75,'SINAPI-I 03-2026'!A:D,2,0),0)))) -> ADAPTADOR CURTO COM BOLSA E ROSCA PARA REGISTRO, PVC, SOLDÁVEL, DN 50MM X 1.1/4, INSTALADO EM PRUMADA DE ÁGUA - FORNECIMENTO E INSTALAÇÃO. AF_06/2022 | E75: =IF(B75="EMOP",VLOOKUP(C75,'EMOP 03-2026'!A:D,3,0),IF(B75="EMOP-I",VLOOKUP(C75,'EMOP-I 03-2026'!A:D,3,0),IF(B75="SINAPI",VLOOKUP(C75,'SINAPI 03-2026'!A:D,3,0),IF(B75="SINAPI-I",VLOOKUP(C75,'SINAPI-I 03-2026'!A:D,3,0),0)))) -> UN | F75: ='Memória de Cálculo'!I75 -> 1 | G75: =IF(B75="EMOP",VLOOKUP(C75,'EMOP 03-2026'!A:D,4,0),IF(B75="EMOP-I",VLOOKUP(C75,'EMOP-I 03-2026'!A:D,4,0),IF(B75="SINAPI",VLOOKUP(C75,'SINAPI 03-2026'!A:D,4,0),IF(B75="SINAPI-I",VLOOKUP(C75,'SINAPI-I 03-2026'!A:D,4,0),0)))) -> 16.42 | H75: =ROUND(G75*1.205,2) -> 19.79 | I75: =ROUND(F75*H75,2) -> 19.79 | J75: =I75/$H$214 -> 5.7483632e-05
A76: 5.1.6 | B76: SINAPI | C76: 94492 | D76: =IF(B76="EMOP",VLOOKUP(C76,'EMOP 03-2026'!A:D,2,0),IF(B76="EMOP-I",VLOOKUP(C76,'EMOP-I 03-2026'!A:D,2,0),IF(B76="SINAPI",VLOOKUP(C76,'SINAPI 03-2026'!A:D,2,0),IF(B76="SINAPI-I",VLOOKUP(C76,'SINAPI-I 03-2026'!A:D,2,0),0)))) -> REGISTRO DE ESFERA, PVC, SOLDÁVEL, COM VOLANTE, DN 50 MM - FORNECIMENTO E INSTALAÇÃO. AF_08/2021 | E76: =IF(B76="EMOP",VLOOKUP(C76,'EMOP 03-2026'!A:D,3,0),IF(B76="EMOP-I",VLOOKUP(C76,'EMOP-I 03-2026'!A:D,3,0),IF(B76="SINAPI",VLOOKUP(C76,'SINAPI 03-2026'!A:D,3,0),IF(B76="SINAPI-I",VLOOKUP(C76,'SINAPI-I 03-2026'!A:D,3,0),0)))) -> UN | F76: ='Memória de Cálculo'!I76 -> 1 | G76: =IF(B76="EMOP",VLOOKUP(C76,'EMOP 03-2026'!A:D,4,0),IF(B76="EMOP-I",VLOOKUP(C76,'EMOP-I 03-2026'!A:D,4,0),IF(B76="SINAPI",VLOOKUP(C76,'SINAPI 03-2026'!A:D,4,0),IF(B76="SINAPI-I",VLOOKUP(C76,'SINAPI-I 03-2026'!A:D,4,0),0)))) -> 91.04 | H76: =ROUND(G76*1.205,2) -> 109.7 | I76: =ROUND(F76*H76,2) -> 109.7 | J76: =I76/$H$214 -> 0.00031864348
A77: 5.2 | D77: INSTALAÇÕES HIDROSSANITÁRIAS - EQUIPAMENTOS | I77: =SUM(I78:I87) -> 3099.88 | J77: =I77/$H$214 -> 0.0090041617
A78: 5.2.1 | B78: EMOP | C78: 15.004.0133-0 | D78: =IF(B78="EMOP",VLOOKUP(C78,'EMOP 03-2026'!A:D,2,0),IF(B78="EMOP-I",VLOOKUP(C78,'EMOP-I 03-2026'!A:D,2,0),IF(B78="SINAPI",VLOOKUP(C78,'SINAPI 03-2026'!A:D,2,0),IF(B78="SINAPI-I",VLOOKUP(C78,'SINAPI-I 03-2026'!A:D,2,0),0)))) -> INSTALACAO E ASSENTAMENTO DE UMA BACIA SANITARIA E CAIXA ACOPLADA (EXCL.ESTES) EM PAVIMENTO TERREO,PARTE DE UM CONJ.DE DOIS OU MAIS VASOS,COMPREENDENDO:INST.HIDRAULICA COM 1,50M DETUBO PVC 25MM,COM CONEXOES,ATE A CAIXA ACOPLADA,LIGACAO DEESGOTO COM 2,00M DE TUBO PVC 100MM A CAIXA DE INSPECAO E TUBO DE VENTILACAO,INCLUSIVE CONEXOES,EXCL.TUBO DE VENTILACAO | E78: =IF(B78="EMOP",VLOOKUP(C78,'EMOP 03-2026'!A:D,3,0),IF(B78="EMOP-I",VLOOKUP(C78,'EMOP-I 03-2026'!A:D,3,0),IF(B78="SINAPI",VLOOKUP(C78,'SINAPI 03-2026'!A:D,3,0),IF(B78="SINAPI-I",VLOOKUP(C78,'SINAPI-I 03-2026'!A:D,3,0),0)))) -> UN | F78: ='Memória de Cálculo'!I78 -> 1 | G78: =IF(B78="EMOP",VLOOKUP(C78,'EMOP 03-2026'!A:D,4,0),IF(B78="EMOP-I",VLOOKUP(C78,'EMOP-I 03-2026'!A:D,4,0),IF(B78="SINAPI",VLOOKUP(C78,'SINAPI 03-2026'!A:D,4,0),IF(B78="SINAPI-I",VLOOKUP(C78,'SINAPI-I 03-2026'!A:D,4,0),0)))) -> 348.99 | H78: =ROUND(G78*1.205,2) -> 420.53 | I78: =ROUND(F78*H78,2) -> 420.53 | J78: =I78/$H$214 -> 0.0012215054
A79: 5.2.2 | B79: SINAPI | C79: 86931 | D79: =IF(B79="EMOP",VLOOKUP(C79,'EMOP 03-2026'!A:D,2,0),IF(B79="EMOP-I",VLOOKUP(C79,'EMOP-I 03-2026'!A:D,2,0),IF(B79="SINAPI",VLOOKUP(C79,'SINAPI 03-2026'!A:D,2,0),IF(B79="SINAPI-I",VLOOKUP(C79,'SINAPI-I 03-2026'!A:D,2,0),0)))) -> BACIA SANITÁRIA COM CAIXA ACOPLADA LOUÇA BRANCA, INCLUSO ENGATE FLEXÍVEL EM PLÁSTICO BRANCO, 1/2" X 40 CM - FORNECIMENTO E INSTALAÇÃO. AF_02/2026 | E79: =IF(B79="EMOP",VLOOKUP(C79,'EMOP 03-2026'!A:D,3,0),IF(B79="EMOP-I",VLOOKUP(C79,'EMOP-I 03-2026'!A:D,3,0),IF(B79="SINAPI",VLOOKUP(C79,'SINAPI 03-2026'!A:D,3,0),IF(B79="SINAPI-I",VLOOKUP(C79,'SINAPI-I 03-2026'!A:D,3,0),0)))) -> UN | F79: ='Memória de Cálculo'!I79 -> 1 | G79: =IF(B79="EMOP",VLOOKUP(C79,'EMOP 03-2026'!A:D,4,0),IF(B79="EMOP-I",VLOOKUP(C79,'EMOP-I 03-2026'!A:D,4,0),IF(B79="SINAPI",VLOOKUP(C79,'SINAPI 03-2026'!A:D,4,0),IF(B79="SINAPI-I",VLOOKUP(C79,'SINAPI-I 03-2026'!A:D,4,0),0)))) -> 572.72 | H79: =ROUND(G79*1.205,2) -> 690.13 | I79: =ROUND(F79*H79,2) -> 690.13 | J79: =I79/$H$214 -> 0.0020046073
A80: 5.2.3 | B80: EMOP | C80: 15.004.0063-0 | D80: =IF(B80="EMOP",VLOOKUP(C80,'EMOP 03-2026'!A:D,2,0),IF(B80="EMOP-I",VLOOKUP(C80,'EMOP-I 03-2026'!A:D,2,0),IF(B80="SINAPI",VLOOKUP(C80,'SINAPI 03-2026'!A:D,2,0),IF(B80="SINAPI-I",VLOOKUP(C80,'SINAPI-I 03-2026'!A:D,2,0),0)))) -> INSTALACAO E ASSENTAMENTO DE LAVATORIO DE UMA TORNEIRA(EXCLUSIVE FORNECIMENTO DO APARELHO),COMPREENDENDO:3,00M DE TUBO DE PVC DE 25MM,2,00M DE TUBO DE PVC DE 40MM E CONEXOES | E80: =IF(B80="EMOP",VLOOKUP(C80,'EMOP 03-2026'!A:D,3,0),IF(B80="EMOP-I",VLOOKUP(C80,'EMOP-I 03-2026'!A:D,3,0),IF(B80="SINAPI",VLOOKUP(C80,'SINAPI 03-2026'!A:D,3,0),IF(B80="SINAPI-I",VLOOKUP(C80,'SINAPI-I 03-2026'!A:D,3,0),0)))) -> UN | F80: ='Memória de Cálculo'!I80 -> 1 | G80: =IF(B80="EMOP",VLOOKUP(C80,'EMOP 03-2026'!A:D,4,0),IF(B80="EMOP-I",VLOOKUP(C80,'EMOP-I 03-2026'!A:D,4,0),IF(B80="SINAPI",VLOOKUP(C80,'SINAPI 03-2026'!A:D,4,0),IF(B80="SINAPI-I",VLOOKUP(C80,'SINAPI-I 03-2026'!A:D,4,0),0)))) -> 243.62 | H80: =ROUND(G80*1.205,2) -> 293.56 | I80: =ROUND(F80*H80,2) -> 293.56 | J80: =I80/$H$214 -> 0.00085269808
A81: 5.2.4 | B81: SINAPI | C81: 86941 | D81: =IF(B81="EMOP",VLOOKUP(C81,'EMOP 03-2026'!A:D,2,0),IF(B81="EMOP-I",VLOOKUP(C81,'EMOP-I 03-2026'!A:D,2,0),IF(B81="SINAPI",VLOOKUP(C81,'SINAPI 03-2026'!A:D,2,0),IF(B81="SINAPI-I",VLOOKUP(C81,'SINAPI-I 03-2026'!A:D,2,0),0)))) -> LAVATÓRIO LOUÇA BRANCA COM COLUNA, 45 X 55 CM OU EQUIVALENTE, PADRÃO MÉDIO, INCLUSO SIFÃO TIPO GARRAFA, VÁLVULA E ENGATE FLEXÍVEL DE 40 CM EM METAL CROMADO, COM TORNEIRA CROMADA DE MESA, PADRÃO MÉDIO - FORNECIMENTO E INSTALAÇÃO. AF_02/2026 | E81: =IF(B81="EMOP",VLOOKUP(C81,'EMOP 03-2026'!A:D,3,0),IF(B81="EMOP-I",VLOOKUP(C81,'EMOP-I 03-2026'!A:D,3,0),IF(B81="SINAPI",VLOOKUP(C81,'SINAPI 03-2026'!A:D,3,0),IF(B81="SINAPI-I",VLOOKUP(C81,'SINAPI-I 03-2026'!A:D,3,0),0)))) -> UN | F81: ='Memória de Cálculo'!I81 -> 1 | G81: =IF(B81="EMOP",VLOOKUP(C81,'EMOP 03-2026'!A:D,4,0),IF(B81="EMOP-I",VLOOKUP(C81,'EMOP-I 03-2026'!A:D,4,0),IF(B81="SINAPI",VLOOKUP(C81,'SINAPI 03-2026'!A:D,4,0),IF(B81="SINAPI-I",VLOOKUP(C81,'SINAPI-I 03-2026'!A:D,4,0),0)))) -> 961.37 | H81: =ROUND(G81*1.205,2) -> 1158.45 | I81: =ROUND(F81*H81,2) -> 1158.45 | J81: =I81/$H$214 -> 0.0033649274
A82: 5.2.5 | B82: EMOP | C82: 15.004.0059-0 | D82: =IF(B82="EMOP",VLOOKUP(C82,'EMOP 03-2026'!A:D,2,0),IF(B82="EMOP-I",VLOOKUP(C82,'EMOP-I 03-2026'!A:D,2,0),IF(B82="SINAPI",VLOOKUP(C82,'SINAPI 03-2026'!A:D,2,0),IF(B82="SINAPI-I",VLOOKUP(C82,'SINAPI-I 03-2026'!A:D,2,0),0)))) -> INSTALACAO E ASSENTAMENTO DE DUCHINHA MANUAL PARA BANHEIRO(EXCLUSIVE FORNECIMENTO DO APARELHO),COMPREENDENDO:3,00M DE TUBO DE PVC DE 25MM E CONEXOES | E82: =IF(B82="EMOP",VLOOKUP(C82,'EMOP 03-2026'!A:D,3,0),IF(B82="EMOP-I",VLOOKUP(C82,'EMOP-I 03-2026'!A:D,3,0),IF(B82="SINAPI",VLOOKUP(C82,'SINAPI 03-2026'!A:D,3,0),IF(B82="SINAPI-I",VLOOKUP(C82,'SINAPI-I 03-2026'!A:D,3,0),0)))) -> UN | F82: ='Memória de Cálculo'!I82 -> 1 | G82: =IF(B82="EMOP",VLOOKUP(C82,'EMOP 03-2026'!A:D,4,0),IF(B82="EMOP-I",VLOOKUP(C82,'EMOP-I 03-2026'!A:D,4,0),IF(B82="SINAPI",VLOOKUP(C82,'SINAPI 03-2026'!A:D,4,0),IF(B82="SINAPI-I",VLOOKUP(C82,'SINAPI-I 03-2026'!A:D,4,0),0)))) -> 204.8 | H82: =ROUND(G82*1.205,2) -> 246.78 | I82: =ROUND(F82*H82,2) -> 246.78 | J82: =I82/$H$214 -> 0.00071681711
A83: 5.2.6 | B83: EMOP | C83: 18.007.0051-0 | D83: =IF(B83="EMOP",VLOOKUP(C83,'EMOP 03-2026'!A:D,2,0),IF(B83="EMOP-I",VLOOKUP(C83,'EMOP-I 03-2026'!A:D,2,0),IF(B83="SINAPI",VLOOKUP(C83,'SINAPI 03-2026'!A:D,2,0),IF(B83="SINAPI-I",VLOOKUP(C83,'SINAPI-I 03-2026'!A:D,2,0),0)))) -> DUCHINHA MANUAL,COM REGISTRO DE PRESSAO 1/2" CROMADO,RABICHOCROMADO,SUPORTE BRANCO,PISTOLA BRANCA,BUCHAS E PARAFUSOS PARA FIXACAO.FORNECIMENTO | E83: =IF(B83="EMOP",VLOOKUP(C83,'EMOP 03-2026'!A:D,3,0),IF(B83="EMOP-I",VLOOKUP(C83,'EMOP-I 03-2026'!A:D,3,0),IF(B83="SINAPI",VLOOKUP(C83,'SINAPI 03-2026'!A:D,3,0),IF(B83="SINAPI-I",VLOOKUP(C83,'SINAPI-I 03-2026'!A:D,3,0),0)))) -> UN | F83: ='Memória de Cálculo'!I83 -> 1 | G83: =IF(B83="EMOP",VLOOKUP(C83,'EMOP 03-2026'!A:D,4,0),IF(B83="EMOP-I",VLOOKUP(C83,'EMOP-I 03-2026'!A:D,4,0),IF(B83="SINAPI",VLOOKUP(C83,'SINAPI 03-2026'!A:D,4,0),IF(B83="SINAPI-I",VLOOKUP(C83,'SINAPI-I 03-2026'!A:D,4,0),0)))) -> 31.19 | H83: =ROUND(G83*1.205,2) -> 37.58 | I83: =ROUND(F83*H83,2) -> 37.58 | J83: =I83/$H$214 -> 0.0001091579
A84: 5.2.7 | B84: SINAPI | C84: 94497 | D84: =IF(B84="EMOP",VLOOKUP(C84,'EMOP 03-2026'!A:D,2,0),IF(B84="EMOP-I",VLOOKUP(C84,'EMOP-I 03-2026'!A:D,2,0),IF(B84="SINAPI",VLOOKUP(C84,'SINAPI 03-2026'!A:D,2,0),IF(B84="SINAPI-I",VLOOKUP(C84,'SINAPI-I 03-2026'!A:D,2,0),0)))) -> REGISTRO DE GAVETA BRUTO, LATÃO, ROSCÁVEL, 1 1/2" - FORNECIMENTO E INSTALAÇÃO. AF_08/2021 | E84: =IF(B84="EMOP",VLOOKUP(C84,'EMOP 03-2026'!A:D,3,0),IF(B84="EMOP-I",VLOOKUP(C84,'EMOP-I 03-2026'!A:D,3,0),IF(B84="SINAPI",VLOOKUP(C84,'SINAPI 03-2026'!A:D,3,0),IF(B84="SINAPI-I",VLOOKUP(C84,'SINAPI-I 03-2026'!A:D,3,0),0)))) -> UN | F84: ='Memória de Cálculo'!I84 -> 1 | G84: =IF(B84="EMOP",VLOOKUP(C84,'EMOP 03-2026'!A:D,4,0),IF(B84="EMOP-I",VLOOKUP(C84,'EMOP-I 03-2026'!A:D,4,0),IF(B84="SINAPI",VLOOKUP(C84,'SINAPI 03-2026'!A:D,4,0),IF(B84="SINAPI-I",VLOOKUP(C84,'SINAPI-I 03-2026'!A:D,4,0),0)))) -> 92.71 | H84: =ROUND(G84*1.205,2) -> 111.72 | I84: =ROUND(F84*H84,2) -> 111.72 | J84: =I84/$H$214 -> 0.00032451093
A85: 5.2.8 | B85: EMOP-I | C85: 03944 | D85: =IF(B85="EMOP",VLOOKUP(C85,'EMOP 03-2026'!A:D,2,0),IF(B85="EMOP-I",VLOOKUP(C85,'EMOP-I 03-2026'!A:D,2,0),IF(B85="SINAPI",VLOOKUP(C85,'SINAPI 03-2026'!A:D,2,0),IF(B85="SINAPI-I",VLOOKUP(C85,'SINAPI-I 03-2026'!A:D,2,0),0)))) -> ASSENTO PLASTICO, PARA BACIA SANITARIA,PADRAO POPULAR | E85: =IF(B85="EMOP",VLOOKUP(C85,'EMOP 03-2026'!A:D,3,0),IF(B85="EMOP-I",VLOOKUP(C85,'EMOP-I 03-2026'!A:D,3,0),IF(B85="SINAPI",VLOOKUP(C85,'SINAPI 03-2026'!A:D,3,0),IF(B85="SINAPI-I",VLOOKUP(C85,'SINAPI-I 03-2026'!A:D,3,0),0)))) -> UN | F85: ='Memória de Cálculo'!I85 -> 1 | G85: =IF(B85="EMOP",VLOOKUP(C85,'EMOP 03-2026'!A:D,4,0),IF(B85="EMOP-I",VLOOKUP(C85,'EMOP-I 03-2026'!A:D,4,0),IF(B85="SINAPI",VLOOKUP(C85,'SINAPI 03-2026'!A:D,4,0),IF(B85="SINAPI-I",VLOOKUP(C85,'SINAPI-I 03-2026'!A:D,4,0),0)))) -> 22.45 | H85: =ROUND(G85*1.205,2) -> 27.05 | I85: =ROUND(F85*H85,2) -> 27.05 | J85: =I85/$H$214 -> 7.8571614e-05
A86: 5.2.9 | B86: EMOP | C86: 18.005.0013-0 | D86: =IF(B86="EMOP",VLOOKUP(C86,'EMOP 03-2026'!A:D,2,0),IF(B86="EMOP-I",VLOOKUP(C86,'EMOP-I 03-2026'!A:D,2,0),IF(B86="SINAPI",VLOOKUP(C86,'SINAPI 03-2026'!A:D,2,0),IF(B86="SINAPI-I",VLOOKUP(C86,'SINAPI-I 03-2026'!A:D,2,0),0)))) -> PORTA PAPEL HIGIENICO EM PLASTICO ABS.FORNECIMENTRO E COLOCACAO | E86: =IF(B86="EMOP",VLOOKUP(C86,'EMOP 03-2026'!A:D,3,0),IF(B86="EMOP-I",VLOOKUP(C86,'EMOP-I 03-2026'!A:D,3,0),IF(B86="SINAPI",VLOOKUP(C86,'SINAPI 03-2026'!A:D,3,0),IF(B86="SINAPI-I",VLOOKUP(C86,'SINAPI-I 03-2026'!A:D,3,0),0)))) -> UN | F86: ='Memória de Cálculo'!I86 -> 1 | G86: =IF(B86="EMOP",VLOOKUP(C86,'EMOP 03-2026'!A:D,4,0),IF(B86="EMOP-I",VLOOKUP(C86,'EMOP-I 03-2026'!A:D,4,0),IF(B86="SINAPI",VLOOKUP(C86,'SINAPI 03-2026'!A:D,4,0),IF(B86="SINAPI-I",VLOOKUP(C86,'SINAPI-I 03-2026'!A:D,4,0),0)))) -> 47.36 | H86: =ROUND(G86*1.205,2) -> 57.07 | I86: =ROUND(F86*H86,2) -> 57.07 | J86: =I86/$H$214 -> 0.00016577013
A87: 5.2.10 | B87: EMOP | C87: 18.005.0012-0 | D87: =IF(B87="EMOP",VLOOKUP(C87,'EMOP 03-2026'!A:D,2,0),IF(B87="EMOP-I",VLOOKUP(C87,'EMOP-I 03-2026'!A:D,2,0),IF(B87="SINAPI",VLOOKUP(C87,'SINAPI 03-2026'!A:D,2,0),IF(B87="SINAPI-I",VLOOKUP(C87,'SINAPI-I 03-2026'!A:D,2,0),0)))) -> PORTA-TOALHA DE PAPEL EM PLASTICO ABS.FORNECIMENTO E COLOCACAO | E87: =IF(B87="EMOP",VLOOKUP(C87,'EMOP 03-2026'!A:D,3,0),IF(B87="EMOP-I",VLOOKUP(C87,'EMOP-I 03-2026'!A:D,3,0),IF(B87="SINAPI",VLOOKUP(C87,'SINAPI 03-2026'!A:D,3,0),IF(B87="SINAPI-I",VLOOKUP(C87,'SINAPI-I 03-2026'!A:D,3,0),0)))) -> UN | F87: ='Memória de Cálculo'!I87 -> 1 | G87: =IF(B87="EMOP",VLOOKUP(C87,'EMOP 03-2026'!A:D,4,0),IF(B87="EMOP-I",VLOOKUP(C87,'EMOP-I 03-2026'!A:D,4,0),IF(B87="SINAPI",VLOOKUP(C87,'SINAPI 03-2026'!A:D,4,0),IF(B87="SINAPI-I",VLOOKUP(C87,'SINAPI-I 03-2026'!A:D,4,0),0)))) -> 47.31 | H87: =ROUND(G87*1.205,2) -> 57.01 | I87: =ROUND(F87*H87,2) -> 57.01 | J87: =I87/$H$214 -> 0.00016559585
A88: 5.3 | D88: INSTALAÇÕES DE ESGOTO - CAIXAS | I88: =SUM(I89:I93) -> 5047.07 | J88: =I88/$H$214 -> 0.014660127
A89: 5.3.1 | B89: EMOP | C89: 15.002.0200-0 | D89: =IF(B89="EMOP",VLOOKUP(C89,'EMOP 03-2026'!A:D,2,0),IF(B89="EMOP-I",VLOOKUP(C89,'EMOP-I 03-2026'!A:D,2,0),IF(B89="SINAPI",VLOOKUP(C89,'SINAPI 03-2026'!A:D,2,0),IF(B89="SINAPI-I",VLOOKUP(C89,'SINAPI-I 03-2026'!A:D,2,0),0)))) -> CAIXA DE INSPECAO/CAIXA PARA AGUAS PLUVIAIS,DE CONCRETO PRE-MOLDADO,CONSTANDO DE 4 ANEIS SUPERPOSTOS DE 50MM DE ESPESSURA,600MM DE DIAMETRO INTERNO,SENDO 1 ANEL INFERIOR(ENTRADA ESAIDA) DE 300MM C/FUNDO OU CIRCULO DE FUNDO +1 DE 300MM,1 DE150MM E 1 DE 75MM DE ALTURA,PERFAZENDO 825MM DE ALTURA TOTAL,EXCLUSIVE TAMPAO DE FERRO FUNDIDO E ESCAVACAO.FORN.COLOC. | E89: =IF(B89="EMOP",VLOOKUP(C89,'EMOP 03-2026'!A:D,3,0),IF(B89="EMOP-I",VLOOKUP(C89,'EMOP-I 03-2026'!A:D,3,0),IF(B89="SINAPI",VLOOKUP(C89,'SINAPI 03-2026'!A:D,3,0),IF(B89="SINAPI-I",VLOOKUP(C89,'SINAPI-I 03-2026'!A:D,3,0),0)))) -> UN | F89: ='Memória de Cálculo'!I89 -> 3 | G89: =IF(B89="EMOP",VLOOKUP(C89,'EMOP 03-2026'!A:D,4,0),IF(B89="EMOP-I",VLOOKUP(C89,'EMOP-I 03-2026'!A:D,4,0),IF(B89="SINAPI",VLOOKUP(C89,'SINAPI 03-2026'!A:D,4,0),IF(B89="SINAPI-I",VLOOKUP(C89,'SINAPI-I 03-2026'!A:D,4,0),0)))) -> 415.25 | H89: =ROUND(G89*1.205,2) -> 500.38 | I89: =ROUND(F89*H89,2) -> 1501.14 | J89: =I89/$H$214 -> 0.0043603324
A90: 5.3.2 | B90: EMOP-I | C90: 13681 | D90: =IF(B90="EMOP",VLOOKUP(C90,'EMOP 03-2026'!A:D,2,0),IF(B90="EMOP-I",VLOOKUP(C90,'EMOP-I 03-2026'!A:D,2,0),IF(B90="SINAPI",VLOOKUP(C90,'SINAPI 03-2026'!A:D,2,0),IF(B90="SINAPI-I",VLOOKUP(C90,'SINAPI-I 03-2026'!A:D,2,0),0)))) -> TAMPAO COMPLETO DE FERRO FUNDIDO NODULARARTICULADO, DN600MM, CLASSE D400CONFORME ABNT NBR 10160 | E90: =IF(B90="EMOP",VLOOKUP(C90,'EMOP 03-2026'!A:D,3,0),IF(B90="EMOP-I",VLOOKUP(C90,'EMOP-I 03-2026'!A:D,3,0),IF(B90="SINAPI",VLOOKUP(C90,'SINAPI 03-2026'!A:D,3,0),IF(B90="SINAPI-I",VLOOKUP(C90,'SINAPI-I 03-2026'!A:D,3,0),0)))) -> UN | F90: ='Memória de Cálculo'!I90 -> 3 | G90: =IF(B90="EMOP",VLOOKUP(C90,'EMOP 03-2026'!A:D,4,0),IF(B90="EMOP-I",VLOOKUP(C90,'EMOP-I 03-2026'!A:D,4,0),IF(B90="SINAPI",VLOOKUP(C90,'SINAPI 03-2026'!A:D,4,0),IF(B90="SINAPI-I",VLOOKUP(C90,'SINAPI-I 03-2026'!A:D,4,0),0)))) -> 501.4 | H90: =ROUND(G90*1.205,2) -> 604.19 | I90: =ROUND(F90*H90,2) -> 1812.57 | J90: =I90/$H$214 -> 0.0052649372
A91: 5.3.3 | B91: SINAPI | C91: 98102 | D91: =IF(B91="EMOP",VLOOKUP(C91,'EMOP 03-2026'!A:D,2,0),IF(B91="EMOP-I",VLOOKUP(C91,'EMOP-I 03-2026'!A:D,2,0),IF(B91="SINAPI",VLOOKUP(C91,'SINAPI 03-2026'!A:D,2,0),IF(B91="SINAPI-I",VLOOKUP(C91,'SINAPI-I 03-2026'!A:D,2,0),0)))) -> CAIXA DE GORDURA SIMPLES, CIRCULAR, EM CONCRETO PRÉ-MOLDADO, DIÂMETRO INTERNO = 0,4 M, ALTURA INTERNA = 0,4 M. AF_12/2020 | E91: =IF(B91="EMOP",VLOOKUP(C91,'EMOP 03-2026'!A:D,3,0),IF(B91="EMOP-I",VLOOKUP(C91,'EMOP-I 03-2026'!A:D,3,0),IF(B91="SINAPI",VLOOKUP(C91,'SINAPI 03-2026'!A:D,3,0),IF(B91="SINAPI-I",VLOOKUP(C91,'SINAPI-I 03-2026'!A:D,3,0),0)))) -> UN | F91: ='Memória de Cálculo'!I91 -> 1 | G91: =IF(B91="EMOP",VLOOKUP(C91,'EMOP 03-2026'!A:D,4,0),IF(B91="EMOP-I",VLOOKUP(C91,'EMOP-I 03-2026'!A:D,4,0),IF(B91="SINAPI",VLOOKUP(C91,'SINAPI 03-2026'!A:D,4,0),IF(B91="SINAPI-I",VLOOKUP(C91,'SINAPI-I 03-2026'!A:D,4,0),0)))) -> 218.51 | H91: =ROUND(G91*1.205,2) -> 263.3 | I91: =ROUND(F91*H91,2) -> 263.3 | J91: =I91/$H$214 -> 0.00076480244
A92: 5.3.4 | B92: SINAPI | C92: 99258 | D92: =IF(B92="EMOP",VLOOKUP(C92,'EMOP 03-2026'!A:D,2,0),IF(B92="EMOP-I",VLOOKUP(C92,'EMOP-I 03-2026'!A:D,2,0),IF(B92="SINAPI",VLOOKUP(C92,'SINAPI 03-2026'!A:D,2,0),IF(B92="SINAPI-I",VLOOKUP(C92,'SINAPI-I 03-2026'!A:D,2,0),0)))) -> CAIXA ENTERRADA HIDRÁULICA RETANGULAR, EM ALVENARIA COM BLOCOS DE CONCRETO, DIMENSÕES INTERNAS: 0,4X0,4X0,4 M PARA REDE DE DRENAGEM. AF_12/2020 | E92: =IF(B92="EMOP",VLOOKUP(C92,'EMOP 03-2026'!A:D,3,0),IF(B92="EMOP-I",VLOOKUP(C92,'EMOP-I 03-2026'!A:D,3,0),IF(B92="SINAPI",VLOOKUP(C92,'SINAPI 03-2026'!A:D,3,0),IF(B92="SINAPI-I",VLOOKUP(C92,'SINAPI-I 03-2026'!A:D,3,0),0)))) -> UN | F92: ='Memória de Cálculo'!I92 -> 2 | G92: =IF(B92="EMOP",VLOOKUP(C92,'EMOP 03-2026'!A:D,4,0),IF(B92="EMOP-I",VLOOKUP(C92,'EMOP-I 03-2026'!A:D,4,0),IF(B92="SINAPI",VLOOKUP(C92,'SINAPI 03-2026'!A:D,4,0),IF(B92="SINAPI-I",VLOOKUP(C92,'SINAPI-I 03-2026'!A:D,4,0),0)))) -> 295.01 | H92: =ROUND(G92*1.205,2) -> 355.49 | I92: =ROUND(F92*H92,2) -> 710.98 | J92: =I92/$H$214 -> 0.0020651699
A93: 5.3.5 | B93: EMOP | C93: 06.015.0060-0 | D93: =IF(B93="EMOP",VLOOKUP(C93,'EMOP 03-2026'!A:D,2,0),IF(B93="EMOP-I",VLOOKUP(C93,'EMOP-I 03-2026'!A:D,2,0),IF(B93="SINAPI",VLOOKUP(C93,'SINAPI 03-2026'!A:D,2,0),IF(B93="SINAPI-I",VLOOKUP(C93,'SINAPI-I 03-2026'!A:D,2,0),0)))) -> GRELHA E CAIXILHO DE CONCRETO ARMADO,SENDO AS DIMENSOES EXTERNAS DE 0,40X0,90M (GRELHA) E 1,10X0,54M (CAIXILHO).FORNECIMENTO E COLOCACAO | E93: =IF(B93="EMOP",VLOOKUP(C93,'EMOP 03-2026'!A:D,3,0),IF(B93="EMOP-I",VLOOKUP(C93,'EMOP-I 03-2026'!A:D,3,0),IF(B93="SINAPI",VLOOKUP(C93,'SINAPI 03-2026'!A:D,3,0),IF(B93="SINAPI-I",VLOOKUP(C93,'SINAPI-I 03-2026'!A:D,3,0),0)))) -> UN | F93: ='Memória de Cálculo'!I93 -> 1 | G93: =IF(B93="EMOP",VLOOKUP(C93,'EMOP 03-2026'!A:D,4,0),IF(B93="EMOP-I",VLOOKUP(C93,'EMOP-I 03-2026'!A:D,4,0),IF(B93="SINAPI",VLOOKUP(C93,'SINAPI 03-2026'!A:D,4,0),IF(B93="SINAPI-I",VLOOKUP(C93,'SINAPI-I 03-2026'!A:D,4,0),0)))) -> 629.94 | H93: =ROUND(G93*1.205,2) -> 759.08 | I93: =ROUND(F93*H93,2) -> 759.08 | J93: =I93/$H$214 -> 0.0022048851
A94: 5.4 | D94: INSTALAÇÕES DE ESGOTO - ACESSÓRIOS | I94: =SUM(I95:I97) -> 6674 | J94: =I94/$H$214 -> 0.019385839
A95: 5.4.1 | B95: SINAPI | C95: 104328 | D95: =IF(B95="EMOP",VLOOKUP(C95,'EMOP 03-2026'!A:D,2,0),IF(B95="EMOP-I",VLOOKUP(C95,'EMOP-I 03-2026'!A:D,2,0),IF(B95="SINAPI",VLOOKUP(C95,'SINAPI 03-2026'!A:D,2,0),IF(B95="SINAPI-I",VLOOKUP(C95,'SINAPI-I 03-2026'!A:D,2,0),0)))) -> CAIXA SIFONADA, COM GRELHA QUADRADA, PVC, DN 150 X 150 X 50 MM, JUNTA SOLDÁVEL, FORNECIDA E INSTALADA EM RAMAL DE DESCARGA OU EM RAMAL DE ESGOTO SANITÁRIO. AF_08/2022 | E95: =IF(B95="EMOP",VLOOKUP(C95,'EMOP 03-2026'!A:D,3,0),IF(B95="EMOP-I",VLOOKUP(C95,'EMOP-I 03-2026'!A:D,3,0),IF(B95="SINAPI",VLOOKUP(C95,'SINAPI 03-2026'!A:D,3,0),IF(B95="SINAPI-I",VLOOKUP(C95,'SINAPI-I 03-2026'!A:D,3,0),0)))) -> UN | F95: ='Memória de Cálculo'!I95 -> 1 | G95: =IF(B95="EMOP",VLOOKUP(C95,'EMOP 03-2026'!A:D,4,0),IF(B95="EMOP-I",VLOOKUP(C95,'EMOP-I 03-2026'!A:D,4,0),IF(B95="SINAPI",VLOOKUP(C95,'SINAPI 03-2026'!A:D,4,0),IF(B95="SINAPI-I",VLOOKUP(C95,'SINAPI-I 03-2026'!A:D,4,0),0)))) -> 97.51 | H95: =ROUND(G95*1.205,2) -> 117.5 | I95: =ROUND(F95*H95,2) -> 117.5 | J95: =I95/$H$214 -> 0.00034129999
A96: 5.4.2 | B96: SINAPI | C96: 106004 | D96: =IF(B96="EMOP",VLOOKUP(C96,'EMOP 03-2026'!A:D,2,0),IF(B96="EMOP-I",VLOOKUP(C96,'EMOP-I 03-2026'!A:D,2,0),IF(B96="SINAPI",VLOOKUP(C96,'SINAPI 03-2026'!A:D,2,0),IF(B96="SINAPI-I",VLOOKUP(C96,'SINAPI-I 03-2026'!A:D,2,0),0)))) -> EXECUÇÃO DE CANALETA DE CONCRETO ARMADO MOLDADA IN LOCO, ESPESSURA DE 0,1 M, GEOMETRIA QUADRADA, COM DIMENSÕES INTERNAS: L=0,20 M; H=0,20 M. AF_05/2025 | E96: =IF(B96="EMOP",VLOOKUP(C96,'EMOP 03-2026'!A:D,3,0),IF(B96="EMOP-I",VLOOKUP(C96,'EMOP-I 03-2026'!A:D,3,0),IF(B96="SINAPI",VLOOKUP(C96,'SINAPI 03-2026'!A:D,3,0),IF(B96="SINAPI-I",VLOOKUP(C96,'SINAPI-I 03-2026'!A:D,3,0),0)))) -> M | F96: ='Memória de Cálculo'!I96 -> 7.9 | G96: =IF(B96="EMOP",VLOOKUP(C96,'EMOP 03-2026'!A:D,4,0),IF(B96="EMOP-I",VLOOKUP(C96,'EMOP-I 03-2026'!A:D,4,0),IF(B96="SINAPI",VLOOKUP(C96,'SINAPI 03-2026'!A:D,4,0),IF(B96="SINAPI-I",VLOOKUP(C96,'SINAPI-I 03-2026'!A:D,4,0),0)))) -> 210.31 | H96: =ROUND(G96*1.205,2) -> 253.42 | I96: =ROUND(F96*H96,2) -> 2002.02 | J96: =I96/$H$214 -> 0.0058152289
A97: 5.4.3 | B97: EMOP | C97: 06.015.0060-0 | D97: =IF(B97="EMOP",VLOOKUP(C97,'EMOP 03-2026'!A:D,2,0),IF(B97="EMOP-I",VLOOKUP(C97,'EMOP-I 03-2026'!A:D,2,0),IF(B97="SINAPI",VLOOKUP(C97,'SINAPI 03-2026'!A:D,2,0),IF(B97="SINAPI-I",VLOOKUP(C97,'SINAPI-I 03-2026'!A:D,2,0),0)))) -> GRELHA E CAIXILHO DE CONCRETO ARMADO,SENDO AS DIMENSOES EXTERNAS DE 0,40X0,90M (GRELHA) E 1,10X0,54M (CAIXILHO).FORNECIMENTO E COLOCACAO | E97: =IF(B97="EMOP",VLOOKUP(C97,'EMOP 03-2026'!A:D,3,0),IF(B97="EMOP-I",VLOOKUP(C97,'EMOP-I 03-2026'!A:D,3,0),IF(B97="SINAPI",VLOOKUP(C97,'SINAPI 03-2026'!A:D,3,0),IF(B97="SINAPI-I",VLOOKUP(C97,'SINAPI-I 03-2026'!A:D,3,0),0)))) -> UN | F97: ='Memória de Cálculo'!I97 -> 6 | G97: =IF(B97="EMOP",VLOOKUP(C97,'EMOP 03-2026'!A:D,4,0),IF(B97="EMOP-I",VLOOKUP(C97,'EMOP-I 03-2026'!A:D,4,0),IF(B97="SINAPI",VLOOKUP(C97,'SINAPI 03-2026'!A:D,4,0),IF(B97="SINAPI-I",VLOOKUP(C97,'SINAPI-I 03-2026'!A:D,4,0),0)))) -> 629.94 | H97: =ROUND(G97*1.205,2) -> 759.08 | I97: =ROUND(F97*H97,2) -> 4554.48 | J97: =I97/$H$214 -> 0.01322931
A98: 5.5 | D98: INSTALAÇÕES DE ESGOTO - PVC - TUBOS | I98: =SUM(I99:I102) -> 8758.42 | J98: =I98/$H$214 -> 0.025440414
A99: 5.5.1 | B99: SINAPI | C99: 89796 | D99: =IF(B99="EMOP",VLOOKUP(C99,'EMOP 03-2026'!A:D,2,0),IF(B99="EMOP-I",VLOOKUP(C99,'EMOP-I 03-2026'!A:D,2,0),IF(B99="SINAPI",VLOOKUP(C99,'SINAPI 03-2026'!A:D,2,0),IF(B99="SINAPI-I",VLOOKUP(C99,'SINAPI-I 03-2026'!A:D,2,0),0)))) -> TE, PVC, SERIE NORMAL, ESGOTO PREDIAL, DN 100 X 100 MM, JUNTA ELÁSTICA, FORNECIDO E INSTALADO EM RAMAL DE DESCARGA OU RAMAL DE ESGOTO SANITÁRIO. AF_08/2022 | E99: =IF(B99="EMOP",VLOOKUP(C99,'EMOP 03-2026'!A:D,3,0),IF(B99="EMOP-I",VLOOKUP(C99,'EMOP-I 03-2026'!A:D,3,0),IF(B99="SINAPI",VLOOKUP(C99,'SINAPI 03-2026'!A:D,3,0),IF(B99="SINAPI-I",VLOOKUP(C99,'SINAPI-I 03-2026'!A:D,3,0),0)))) -> UN | F99: ='Memória de Cálculo'!I99 -> 1 | G99: =IF(B99="EMOP",VLOOKUP(C99,'EMOP 03-2026'!A:D,4,0),IF(B99="EMOP-I",VLOOKUP(C99,'EMOP-I 03-2026'!A:D,4,0),IF(B99="SINAPI",VLOOKUP(C99,'SINAPI 03-2026'!A:D,4,0),IF(B99="SINAPI-I",VLOOKUP(C99,'SINAPI-I 03-2026'!A:D,4,0),0)))) -> 50.11 | H99: =ROUND(G99*1.205,2) -> 60.38 | I99: =ROUND(F99*H99,2) -> 60.38 | J99: =I99/$H$214 -> 0.00017538462
A100: 5.5.2 | B100: SINAPI | C100: 89714 | D100: =IF(B100="EMOP",VLOOKUP(C100,'EMOP 03-2026'!A:D,2,0),IF(B100="EMOP-I",VLOOKUP(C100,'EMOP-I 03-2026'!A:D,2,0),IF(B100="SINAPI",VLOOKUP(C100,'SINAPI 03-2026'!A:D,2,0),IF(B100="SINAPI-I",VLOOKUP(C100,'SINAPI-I 03-2026'!A:D,2,0),0)))) -> TUBO PVC, SERIE NORMAL, ESGOTO PREDIAL, DN 100 MM, FORNECIDO E INSTALADO EM RAMAL DE DESCARGA OU RAMAL DE ESGOTO SANITÁRIO. AF_08/2022 | E100: =IF(B100="EMOP",VLOOKUP(C100,'EMOP 03-2026'!A:D,3,0),IF(B100="EMOP-I",VLOOKUP(C100,'EMOP-I 03-2026'!A:D,3,0),IF(B100="SINAPI",VLOOKUP(C100,'SINAPI 03-2026'!A:D,3,0),IF(B100="SINAPI-I",VLOOKUP(C100,'SINAPI-I 03-2026'!A:D,3,0),0)))) -> M | F100: ='Memória de Cálculo'!I100 -> 24.6 | G100: =IF(B100="EMOP",VLOOKUP(C100,'EMOP 03-2026'!A:D,4,0),IF(B100="EMOP-I",VLOOKUP(C100,'EMOP-I 03-2026'!A:D,4,0),IF(B100="SINAPI",VLOOKUP(C100,'SINAPI 03-2026'!A:D,4,0),IF(B100="SINAPI-I",VLOOKUP(C100,'SINAPI-I 03-2026'!A:D,4,0),0)))) -> 48.76 | H100: =ROUND(G100*1.205,2) -> 58.76 | I100: =ROUND(F100*H100,2) -> 1445.5 | J100: =I100/$H$214 -> 0.004198716
A101: 5.5.3 | B101: SINAPI | C101: 89512 | D101: =IF(B101="EMOP",VLOOKUP(C101,'EMOP 03-2026'!A:D,2,0),IF(B101="EMOP-I",VLOOKUP(C101,'EMOP-I 03-2026'!A:D,2,0),IF(B101="SINAPI",VLOOKUP(C101,'SINAPI 03-2026'!A:D,2,0),IF(B101="SINAPI-I",VLOOKUP(C101,'SINAPI-I 03-2026'!A:D,2,0),0)))) -> TUBO PVC, SÉRIE R, ÁGUA PLUVIAL, DN 100 MM, FORNECIDO E INSTALADO EM RAMAL DE ENCAMINHAMENTO. AF_06/2022 | E101: =IF(B101="EMOP",VLOOKUP(C101,'EMOP 03-2026'!A:D,3,0),IF(B101="EMOP-I",VLOOKUP(C101,'EMOP-I 03-2026'!A:D,3,0),IF(B101="SINAPI",VLOOKUP(C101,'SINAPI 03-2026'!A:D,3,0),IF(B101="SINAPI-I",VLOOKUP(C101,'SINAPI-I 03-2026'!A:D,3,0),0)))) -> M | F101: ='Memória de Cálculo'!I101 -> 25.45 | G101: =IF(B101="EMOP",VLOOKUP(C101,'EMOP 03-2026'!A:D,4,0),IF(B101="EMOP-I",VLOOKUP(C101,'EMOP-I 03-2026'!A:D,4,0),IF(B101="SINAPI",VLOOKUP(C101,'SINAPI 03-2026'!A:D,4,0),IF(B101="SINAPI-I",VLOOKUP(C101,'SINAPI-I 03-2026'!A:D,4,0),0)))) -> 59.95 | H101: =ROUND(G101*1.205,2) -> 72.24 | I101: =ROUND(F101*H101,2) -> 1838.51 | J101: =I101/$H$214 -> 0.0053402846
A102: 5.5.4 | B102: SINAPI | C102: 104166 | D102: =IF(B102="EMOP",VLOOKUP(C102,'EMOP 03-2026'!A:D,2,0),IF(B102="EMOP-I",VLOOKUP(C102,'EMOP-I 03-2026'!A:D,2,0),IF(B102="SINAPI",VLOOKUP(C102,'SINAPI 03-2026'!A:D,2,0),IF(B102="SINAPI-I",VLOOKUP(C102,'SINAPI-I 03-2026'!A:D,2,0),0)))) -> TUBO PVC, SÉRIE R, ÁGUA PLUVIAL, DN 150 MM, FORNECIDO E INSTALADO EM RAMAL DE ENCAMINHAMENTO. AF_06/2022 | E102: =IF(B102="EMOP",VLOOKUP(C102,'EMOP 03-2026'!A:D,3,0),IF(B102="EMOP-I",VLOOKUP(C102,'EMOP-I 03-2026'!A:D,3,0),IF(B102="SINAPI",VLOOKUP(C102,'SINAPI 03-2026'!A:D,3,0),IF(B102="SINAPI-I",VLOOKUP(C102,'SINAPI-I 03-2026'!A:D,3,0),0)))) -> M | F102: ='Memória de Cálculo'!I102 -> 53.7 | G102: =IF(B102="EMOP",VLOOKUP(C102,'EMOP 03-2026'!A:D,4,0),IF(B102="EMOP-I",VLOOKUP(C102,'EMOP-I 03-2026'!A:D,4,0),IF(B102="SINAPI",VLOOKUP(C102,'SINAPI 03-2026'!A:D,4,0),IF(B102="SINAPI-I",VLOOKUP(C102,'SINAPI-I 03-2026'!A:D,4,0),0)))) -> 83.67 | H102: =ROUND(G102*1.205,2) -> 100.82 | I102: =ROUND(F102*H102,2) -> 5414.03 | J102: =I102/$H$214 -> 0.015726029
A103: 5.6 | D103: INSTALAÇÕES DE ESGOTO - PVC - TUBOS | I103: =SUM(I104:I106) -> 1905.78 | J103: =I103/$H$214 -> 0.0055356825
A104: 5.6.1 | B104: SINAPI | C104: 89578 | D104: =IF(B104="EMOP",VLOOKUP(C104,'EMOP 03-2026'!A:D,2,0),IF(B104="EMOP-I",VLOOKUP(C104,'EMOP-I 03-2026'!A:D,2,0),IF(B104="SINAPI",VLOOKUP(C104,'SINAPI 03-2026'!A:D,2,0),IF(B104="SINAPI-I",VLOOKUP(C104,'SINAPI-I 03-2026'!A:D,2,0),0)))) -> TUBO PVC, SÉRIE R, ÁGUA PLUVIAL, DN 100 MM, FORNECIDO E INSTALADO EM CONDUTORES VERTICAIS DE ÁGUAS PLUVIAIS. AF_06/2022 | E104: =IF(B104="EMOP",VLOOKUP(C104,'EMOP 03-2026'!A:D,3,0),IF(B104="EMOP-I",VLOOKUP(C104,'EMOP-I 03-2026'!A:D,3,0),IF(B104="SINAPI",VLOOKUP(C104,'SINAPI 03-2026'!A:D,3,0),IF(B104="SINAPI-I",VLOOKUP(C104,'SINAPI-I 03-2026'!A:D,3,0),0)))) -> M | F104: ='Memória de Cálculo'!I104 -> 30 | G104: =IF(B104="EMOP",VLOOKUP(C104,'EMOP 03-2026'!A:D,4,0),IF(B104="EMOP-I",VLOOKUP(C104,'EMOP-I 03-2026'!A:D,4,0),IF(B104="SINAPI",VLOOKUP(C104,'SINAPI 03-2026'!A:D,4,0),IF(B104="SINAPI-I",VLOOKUP(C104,'SINAPI-I 03-2026'!A:D,4,0),0)))) -> 36.49 | H104: =ROUND(G104*1.205,2) -> 43.97 | I104: =ROUND(F104*H104,2) -> 1319.1 | J104: =I104/$H$214 -> 0.0038315644
A105: 5.6.2 | B105: SINAPI | C105: 89584 | D105: =IF(B105="EMOP",VLOOKUP(C105,'EMOP 03-2026'!A:D,2,0),IF(B105="EMOP-I",VLOOKUP(C105,'EMOP-I 03-2026'!A:D,2,0),IF(B105="SINAPI",VLOOKUP(C105,'SINAPI 03-2026'!A:D,2,0),IF(B105="SINAPI-I",VLOOKUP(C105,'SINAPI-I 03-2026'!A:D,2,0),0)))) -> JOELHO 90 GRAUS, PVC, SERIE R, ÁGUA PLUVIAL, DN 100 MM, JUNTA ELÁSTICA, FORNECIDO E INSTALADO EM CONDUTORES VERTICAIS DE ÁGUAS PLUVIAIS. AF_06/2022 | E105: =IF(B105="EMOP",VLOOKUP(C105,'EMOP 03-2026'!A:D,3,0),IF(B105="EMOP-I",VLOOKUP(C105,'EMOP-I 03-2026'!A:D,3,0),IF(B105="SINAPI",VLOOKUP(C105,'SINAPI 03-2026'!A:D,3,0),IF(B105="SINAPI-I",VLOOKUP(C105,'SINAPI-I 03-2026'!A:D,3,0),0)))) -> UN | F105: ='Memória de Cálculo'!I105 -> 6 | G105: =IF(B105="EMOP",VLOOKUP(C105,'EMOP 03-2026'!A:D,4,0),IF(B105="EMOP-I",VLOOKUP(C105,'EMOP-I 03-2026'!A:D,4,0),IF(B105="SINAPI",VLOOKUP(C105,'SINAPI 03-2026'!A:D,4,0),IF(B105="SINAPI-I",VLOOKUP(C105,'SINAPI-I 03-2026'!A:D,4,0),0)))) -> 51.08 | H105: =ROUND(G105*1.205,2) -> 61.55 | I105: =ROUND(F105*H105,2) -> 369.3 | J105: =I105/$H$214 -> 0.0010726986
...

Sheet Memória de Cálculo
A1: MEMÓRIA DE CÁLCULO
A5: =Orçamento!A5:G5 -> PREFEITURA MUNICIPAL DO CARMO RJ | H5: =Orçamento!H5 -> DATA: Maio de 2026
A6: =Orçamento!A6:G6 -> OBRA: AMPLIAÇÃO DA ESTRATÉGIA SAÚDE DA FAMÍLIA ( ESF) ASA BRANCA - CARMO/RJ
A7: =Orçamento!A7:G7 -> LOCAL: Rua Carolina França, nº 25, Bairro Bom Pastor - Município de Carmo/RJ | H7: BDI | I7: FORMA DE EXECUÇÃO:
A8: =Orçamento!A8:G8 -> REGIÃO/MÊS DE REFERÊNCIA: EMOP-RJ - 03/2026 / SINAPI-RJ - 03/2026 | H8: 0.205 | I8: ( X ) | N8: DIRETA
A9: =Orçamento!A9:G9 -> PRAZO DE EXECUÇÃO: 06 MESES | I9: ( ) | N9: INDIRETA
A11: Bancos: | B11: =Orçamento!B11 -> EMOP - 03/2026 - Rio de Janeiro ; SINAPI - 03/2026 - Rio de Janeiro | F11: BDI: | G11: Padrão - 20,50% Material - 11,10%
A13: Memória de Cálculo
A14: Item | B14: Descrição | H14: Unid. | I14: Quant. | J14: C | K14: L | L14: H | M14: Área/Vol. | N14: Memória de Cálculo
A15: =Orçamento!A15 -> 1 | B15: =Orçamento!D15 -> ETAPAS INICIAIS
A16: =Orçamento!A16 -> 1.1 | B16: =Orçamento!D16 -> ADMINISTRAÇÃO LOCAL
A17: =Orçamento!A17 -> 1.1.1 | B17: =Orçamento!D17 -> MAO-DE-OBRA DE ENCARREGADO DE TURMA, INCLUSIVE ENCARGOS SOCIAIS | H17: =Orçamento!E17 -> H | I17: =2*22*6 -> 264 | N17: Encarregado do Canteiro: (44 horas / mês) 1 Encarregado x 2h por dia x 22 dias úteis por mês x 6 meses de obra = 264h
A18: =Orçamento!A18 -> 1.1.2 | B18: =Orçamento!D18 -> MAO-DE-OBRA DE ENGENHEIRO OU ARQUITETO JUNIOR, INCLUSIVE ENCARGOS SOCIAIS | H18: =Orçamento!E18 -> H | I18: =2*6*6 -> 72 | N18: Engenheiro Coordenador: (12 horas / mês) 1 Engenheiro x 2h por dia x 6 dias por mês x 6 meses de obra = 72h
A19: =Orçamento!A19 -> 1.2 | B19: =Orçamento!D19 -> SERVIÇOS PRELIMINARES
A20: =Orçamento!A20 -> 1.2.1 | B20: =Orçamento!D20 -> PLACA DE IDENTIFICACAO DE OBRA PUBLICA,TIPO BANNER/PLOTTER,CONSTITUIDA POR LONA E IMPRESSAO DIGITAL,INCLUSIVE SUPORTES DE MADEIRA.FORNECIMENTO E COLOCACAO | H20: =Orçamento!E20 -> M2 | I20: =J20*K20 -> 3 | J20: 2 | K20: 1.5 | N20: Placa de identificação de obra, seguindo os modelos municipais (ou estaduais / federais, quando aplicável). Dimensões: 2,00m x 1,50m = 3,00m²
A21: =Orçamento!A21 -> 2 | B21: =Orçamento!D21 -> MOVIMENTAÇÃO DE TERRA, DEMOLIÇÕES E TRANSPORTES
A22: =Orçamento!A22 -> 2.1 | B22: =Orçamento!D22 -> MOVIMENTAÇÃO DE TERRA
A23: =Orçamento!A23 -> 2.1.1 | B23: =Orçamento!D23 -> ESCAVACAO MECANICA DE VALA ESCORADA,EM MATERIAL DE 1ªCATEGORIA,ATE 1,50M DE PROFUNDIDADE,UTILIZANDO RETRO-ESCAVADEIRA,EXCLUSIVE ESGOTAMENTO E ESCORAMENTO | H23: =Orçamento!E23 -> M3 | I23: =M23 -> 46.3352 | M23: =34.07*1.36 -> 46.3352 | N23: ÁREA DA GARAGEM E UMA PARTE DA RAMPA NOVA(1/2)
A24: =Orçamento!A24 -> 2.1.2 | B24: =Orçamento!D24 -> ESCAVACAO MANUAL DE VALA/CAVA EM MATERIAL DE 1ª CATEGORIA (A(AREIA,ARGILA OU PICARRA),ATE 1,50M DE PROFUNDIDADE,EXCLUSIVE ESCORAMENTO E ESGOTAMENTO | H24: =Orçamento!E24 -> M3 | I24: =(20*0.8*0.8*1.2)+(0.8*0.07*6)+(4.73*1.04)+(7.15*0.48)+(2.48*0.72)+(6.48*0.6) -> 29.7208 | N24: Sapatas = 20*0,80*0,80*1,20 Estacas broca Ǿ 0,30m V=₶ .R², V= 3,14*0,15*0,15, V = 0,07, logo, Est = C*V*Q, Est = 0,80*0,07*6 Escavação rampa A = 4,73 M2 de h = 1,04M(1ºpatamar 0,32m), A= 7,15M2 de h = 0,48(média / 2ªrampa), A = 2,48M2 de h = 0,72(2º patamar 0,64m) Escavação da escada( em rampa ) A = 6,48M2*0,60M(h média escada)
A25: =Orçamento!A25 -> 2.1.3 | B25: =Orçamento!D25 -> ESCAVAÇÃO MANUAL PARA VIGA BALDRAME OU SAPATA CORRIDA (INCLUINDO ESCAVAÇÃO PARA COLOCAÇÃO DE FÔRMAS). AF_01/2024 | H25: =Orçamento!E25 -> M3 | I25: =J25*K25*L25 -> 5.81 | J25: =1.9+3.2+1.8+3.1+3+3+2.3+3.25+3.3+3.3+3.15+3.5+2.2+2.9+2.9+3.3+3.3+3.3+1.6+3.6+3.6+3+2.6+3+6.35+1.8+1.6+1.5+1.65 -> 83 | K25: 0.2 | L25: 0.35 | N25: Soma dos comprimentos das vigas(exceto V12,V14,V15, V17,V18,V23,V24), vezes largura e altura, incluindo a espessura das tábuas. 83,00*0,20*0,35
A26: =Orçamento!A26 -> 2.1.4 | B26: =Orçamento!D26 -> PREPARO DE FUNDO DE VALA COM LARGURA MENOR QUE 1,5 M (ACERTO DO SOLO NATURAL), EM LOCAL COM NÍVEL BAIXO DE INTERFERÊNCIA. AF_01/2026 | H26: =Orçamento!E26 -> M2 | I26: =J26*K26*M26 -> 12.8 | J26: 0.8 | K26: 0.8 | M26: 20 | N26: Sapatas 0,80*0,80*20
A27: =Orçamento!A27 -> 2.1.5 | B27: =Orçamento!D27 -> ATERRO COM MATERIAL DE 1ªCATEGORIA,COMPACTADO MANUALMENTE EMCAMADAS DE 20CM,ATE UMA ALTURA MAXIMA DE 80CM,PARA SUPORTEDE CAMADA DE CONCRETO,INCLUSIVE DOIS TIROS DE PA,ESPALHAMENTO E REGA,EXCLUSIVE FORNECIMENTO DA TERRA | H27: =Orçamento!E27 -> M3 | I27: =M27 -> 5.925 | M27: =(3.67*1.5)+(1.4*1.5*0.2) -> 5.925 | N27: Área 5: 3,67 (PERFIL) * 1,50 Área 6: 1,40m * 1,50m * 0,20 (desnível)
A28: =Orçamento!A28 -> 2.1.6 | B28: =Orçamento!D28 -> REATERRO DE VALA/CAVA COMPACTADA A MACO,EM CAMADAS DE 30CM DE ESPESSURA MAXIMA,COM MATERIAL DE BOA QUALIDADE,EXCLUSIVEESTE | H28: =Orçamento!E28 -> M3 | I28: =(J28*K28*L28*M28-(0.76))*1.3 -> 13.156 | J28: 0.8 | K28: 0.8 | L28: 0.85 | M28: 20 | N28: Reaterro exceto área do pilar. A= 0,15x0,30M, arranque 0,85M, Volume por pilar = 0,038M3, Volume total de 20 pilares = 0,76 M3. Tudo, multiplicado pelo fator medio de compactação 1,30
A29: =Orçamento!A29 -> 2.2 | B29: =Orçamento!D29 -> DEMOLIÇÕES | M29: M3
A30: =Orçamento!A30 -> 2.2.1 | B30: =Orçamento!D30 -> REMOCAO DE COBERTURA EM TELHAS COLONIAIS,INCLUSIVE MADEIRAMENTO,MEDIDO O CONJUNTO PELA AREA REAL DE COBERTURA | H30: =Orçamento!E30 -> M2 | I30: 25.83 | K30: 0.2 | N30: ÁREA COBERTA FUNDOS( RSS, ÁREA DE SERVIÇO E VARANDA)
A31: =Orçamento!A31 -> 2.2.2 | B31: =Orçamento!D31 -> DEMOLICAO MANUAL DE ALVENARIA DE PEDRA ARGAMASSADA,INCLUSIVEEMPILHAMENTO LATERAL DENTRO DO CANTEIRO DE SERVICO | H31: =Orçamento!E31 -> M3 | I31: =(3*1.2*0.3*0.2)+(6*1.95*0.2*0.3)+(1.35*1.5*0.15) -> 1.22175 | N31: Pilares do muro de fachada frontal( 3 U N * 1,20*,30*0,20) / Rasgos nos muros de fundos da UBS para exexcução dos novos pilares(6 UN * 1,95M*0,20*0,30) / GRADE COMPRESSOR 1,35*1,50*0,15
A32: =Orçamento!A32 -> 2.2.3 | B32: =Orçamento!D32 -> MARTELETE OU ROMPEDOR PNEUMÁTICO MANUAL, 28 KG, COM SILENCIADOR - CHP DIURNO. AF_07/2016 | H32: =Orçamento!E32 -> CHP | I32: =M32*1.137 -> 1.1979432 | M32: =(0.61*1.5)+(2.31*0.06) -> 1.0536 | N32: RAMPA 5 - ÁREA PERFIL DA RAMPA = 0,61M2, MULTIPLICADO PELA LARGURA(1,50M) = 0,92M3. PATAMAR 6 - ÁREA = 2,31M2, MULTIPLICADO PELA ESPESSURA(0,06M) =0,14M3 COEFICIENTE H PRODUTIVA = 1,137HP/M3
A33: =Orçamento!A33 -> 2.2.4 | B33: =Orçamento!D33 -> DEMOLIÇÃO DE ALVENARIA PARA QUALQUER TIPO DE BLOCO, DE FORMA MECANIZADA, SEM REAPROVEITAMENTO. AF_09/2023 | H33: =Orçamento!E33 -> M3 | I33: =M33 -> 8.8647 | M33: =SUM(7.34+7.14+1.65+4.25+2.35)*1.95*0.2 -> 8.8647 | N33: Muro fachada frontal e lateral onde será construido a garagem e a rampa nova (COMPRIMENTOS = 7,34; 7,14; 1,65; 4,25; 2,35), de H = 1,95M, e espessura de 0,20M
A34: =Orçamento!A34 -> 2.2.5 | B34: =Orçamento!D34 -> DEMOLICAO DE PISO DE LADRILHO COM RESPECTIVA CAMADA DE ARGAMASSA DE ASSENTAMENTO,INCLUSIVE EMPILHAMENTO LATERAL DENTRO DO CANTEIRO DE SERVICO | H34: =Orçamento!E34 -> M2 | I34: =M34 -> 14 | M34: 14 | N34: Sala existente dentista: 14,00m²
A35: =Orçamento!A35 -> 2.3 | B35: =Orçamento!D35 -> CARGA, DESCARGA E TRANSPORTES
A36: =Orçamento!A36 -> 2.3.1 | B36: =Orçamento!D36 -> CARGA E DESCARGA MECANICA,COM PA-CARREGADEIRA,COM 1,30M3 DECAPACIDADE,UTILIZANDO CAMINHAO BASCULANTE A OLEO DIESEL,COMCAPACIDADE UTIL DE 8T,CONSIDERADOS PARA O CAMINHAO OS TEMPOSDE ESPERA,MANOBRA,CARGA E DESCARGA E PARA A CARREGADEIRA OSTEMPOS DE ESPERA E OPERACAO PARA CARGAS DE 50T POR DIA DE 8H | H36: =Orçamento!E36 -> T | I36: =M36 -> 108.149 | M36: =((46.34+29.72+5.81-5.93-13.16)*1.3)+((5.16+1.22+8.86+1.05+1.4)*1.5) -> 108.149 | N36: 62,78 M3 = DIFERENÇA ENTRE ESCAVAÇÃO, ATERRO E REATERRO * 1,3T/m³ (peso específico) = 81,61T 17,69m³ = REMOÇÃO DA COBERTURA + DEMOLIÇÃO MANUAL DE ALVENARIA + DEMOLIÇÃO MECÂNICA+ REMOÇÃO DE PISO * 1,5T/M³ (peso específico) = 26,54T
A37: =Orçamento!A37 -> 2.3.2 | B37: =Orçamento!D37 -> TRANSPORTE DE CARGA DE QUALQUER NATUREZA,EXCLUSIVE AS DESPESAS DE CARGA E DESCARGA,TANTO DE ESPERA DO CAMINHAO COMO DO SERVENTE OU EQUIPAMENTO AUXILIAR,A VELOCIDADE MEDIA DE 50KM/H,EM CAMINHAO BASCULANTE A OLEO DIESEL,COM CAPACIDADE UTIL DE8T | H37: =Orçamento!E37 -> T X KM | I37: =L37*M37 -> 1081.49 | L37: 10 | M37: =I36 -> 108.149 | N37: IDEM ITEN 2.3.1 * 10 KM (MEDIA)
A38: =Orçamento!A38 -> 3 | B38: =Orçamento!D38 -> ESTRUTURAS
A39: =Orçamento!A39 -> 3.1 | B39: =Orçamento!D39 -> FUNDAÇÕES - CONCRETO - SAPATAS
A40: =Orçamento!A40 -> 3.1.1 | B40: =Orçamento!D40 -> LASTRO DE CONCRETO MAGRO, APLICADO EM BLOCOS DE COROAMENTO OU SAPATAS. AF_01/2024 | H40: =Orçamento!E40 -> M3 | I40: =J40*K40*L40*M40 -> 0.64 | J40: 0.8 | K40: 0.8 | L40: 0.05 | M40: 20 | N40: Sapatas
A41: =Orçamento!A41 -> 3.1.2 | B41: =Orçamento!D41 -> CONCRETO ARMADO,FCK=25MPA,INCLUINDO MATERIAIS PARA 1,00M3 DECONCRETO(IMPORTADO DE USINA)ADENSADO E COLOCADO,12,00M2 DEAREA MOLDADA,FORMAS CONFORME O ITEM 11.004.0022,60KG DE ACOCA-50,INCLUSIVE MAO-DE-OBRA PARA CORTE,DOBRAGEM,MONTAGEM ECOLOCACAO NAS FORMAS,EXCLUSIVE ESCORAMENTO | H41: =Orçamento!E41 -> M3 | I41: =J41*K41*L41*M41 -> 3.84 | J41: 0.8 | K41: 0.8 | L41: 0.3 | M41: 20 | N41: Sapatas
A42: =Orçamento!A42 -> 3.2.01 | B42: =Orçamento!D42 -> FUNDAÇÕES - CONCRETO - ESTACAS
A43: =Orçamento!A43 -> 3.2.01.1 | B43: =Orçamento!D43 -> CONCRETO ARMADO,FCK=25MPA,INCLUINDO MATERIAIS PARA 1,00M3 DECONCRETO(IMPORTADO DE USINA)ADENSADO E COLOCADO,12,00M2 DEAREA MOLDADA,FORMAS CONFORME O ITEM 11.004.0022,60KG DE ACOCA-50,INCLUSIVE MAO-DE-OBRA PARA CORTE,DOBRAGEM,MONTAGEM ECOLOCACAO NAS FORMAS,EXCLUSIVE ESCORAMENTO | H43: =Orçamento!E43 -> M3 | I43: =J43*L43*M43 -> 0.360315 | J43: 0.85 | L43: =3.14*(0.15*0.15) -> 0.07065 | M43: 6 | N43: ESTACA BROCA DIÂMETRO 0,30M.COMPRIMENTO DAS ESTACAS X AREA DO CILINDRO X QUANTIDADE
A44: =Orçamento!A44 -> 3.2 | B44: =Orçamento!D44 -> FUNDAÇÕES - IMPERMEABILIZAÇÃO
A45: =Orçamento!A45 -> 3.2.1 | B45: =Orçamento!D45 -> IMPERMEABILIZANTE DA SUPERFICIE DE CONCRETO EM PRESENCA OU NAO DE UMIDADE OU DE LENCOL FREATICO,EMPREGANDO SISTEMA PROGRESSIVO DE CRISTALIZACAO COMPOSTO DE INGREDIENTES ATIVOS QUEPENETRAM PROFUNDAMENTE NO CONCRETO POR PROCESSO CATALITICO,GERANDO CRISTAIS INSOLUVEIS DE FIBRAS DENTRITICAS NOS POROS ECAPILARIDADES | H45: =Orçamento!E45 -> M2 | I45: =(K45*J45)+(L45*J45)+(L45*J45) -> 62.25 | J45: 83 | K45: 0.15 | L45: 0.3 | N45: ÁREA DAS VIGAS BALDRAME DE SEÇÃO 0,15 X 0,30M, DOS DOIS LADOS DAS ALTURAS
A46: =Orçamento!A46 -> 3.2.2 | B46: =Orçamento!D46 -> LONA DE POLIETILENO(LONA TERREIRO)COM ESPESSURA DE 0,20MM PARA IMPERMEABILIZACAO DE SOLO,MEDIDA PELA AREA COBERTA,INCLUSIVE PERDAS E TRANSPASSE | H46: =Orçamento!E46 -> M2 | I46: =M46 -> 130.94 | M46: =3.17+9.07+7.3+9.54+4.73+9.47+6.93+2.04+23.36+2.06+8.93+9.5+6.98+21.39+6.47 -> 130.94 | N46: ÁREA PISOS NOVOS FUNDOS, ÁREA GARAGEM, E ÁREAS DE ZERO A 9, RAMPAS, LAJE ESCADA, E CORREDOR LATERAL ESQUERDA. CONFORME PROJETO
A47: =Orçamento!A47 -> 3.3 | B47: =Orçamento!D47 -> SUPERESTRUTURA - PILARES | J47: C 0,15X0,30 | K47: C 0,20X0,25 | L47: A 0,20X0,25 | M47: A 0,15X0,30
A48: =Orçamento!A48 -> 3.3.1 | B48: =Orçamento!D48 -> CONCRETO ARMADO,FCK=25MPA,INCLUINDO MATERIAIS PARA 1,00M3 DECONCRETO(IMPORTADO DE USINA)ADENSADO E COLOCADO,12,00M2 DEAREA MOLDADA,FORMAS CONFORME O ITEM 11.004.0022,60KG DE ACOCA-50,INCLUSIVE MAO-DE-OBRA PARA CORTE,DOBRAGEM,MONTAGEM ECOLOCACAO NAS FORMAS,EXCLUSIVE ESCORAMENTO | H48: =Orçamento!E48 -> M3 | I48: =(J48*M48)+(K48*L48) -> 4.05525 | J48: =((4.1*11)+5+(3*1.85)+(6*3.8)) -> 78.45 | K48: =1.8+1.8+1.8+1.95+3.15 -> 10.5 | L48: =0.2*0.25 -> 0.05 | M48: =(0.15*0.3) -> 0.045 | N48: SOMA DOS COMPRIMENTOS DOS PILARES DE SEÇÃO DE 0,15 X 0,30, E SOMA DOS COMPRIMENTOS DOS PILARES DE SEÇÃO DE 0,25 X 0,20
A49: =Orçamento!A49 -> 3.4 | B49: =Orçamento!D49 -> SUPERESTRUTURA - VIGAS BALDRAME E CITAMENTO LAJE | J49: C 0,15X0,30 | K49: C 0,150X0,40 | L49: A 0,15X0,40 | M49: A 0,15X0,30
A50: =Orçamento!A50 -> 3.4.1 | B50: =Orçamento!D50 -> CONCRETO ARMADO,FCK=25MPA,INCLUINDO MATERIAIS PARA 1,00M3 DECONCRETO(IMPORTADO DE USINA)ADENSADO E COLOCADO,12,00M2 DEAREA MOLDADA,FORMAS CONFORME O ITEM 11.004.0022,60KG DE ACOCA-50,INCLUSIVE MAO-DE-OBRA PARA CORTE,DOBRAGEM,MONTAGEM ECOLOCACAO NAS FORMAS,EXCLUSIVE ESCORAMENTO | H50: =Orçamento!E50 -> M3 | I50: =(J50*M50)+(K50*L50) -> 6.07875 | J50: =(1.8+3.25+3+2.3+3.25+3.3+3.15+2.9+2.9+3.3+3.3+1.6+3.6+3.6+3+2.6+3+6.35+1.8+0.6+1.5+1.65)+(1.9+3.2+1.8+3.25+3+3+2.3+3.25+3.3+3.3+3.15+3.5+2.2+1.25+2.9+2.9+3.3+3.3+3.6+3.6) -> 119.75 | K50: =3.25+2.5+2.5+3.25 -> 11.5 | L50: =0.15*0.4 -> 0.06 | M50: =0.15*0.3 -> 0.045 | N50: SOMA DOS COMPRIMENTOS DAS VIGAS DE SEÇÃO 0,15 X 0,30M. BALDRAME. EXCETO V1, V2, V5, V9, V12, V13, V16(EXISTENTES), V14,V15,V17, V18, V23, V24(MURO FUNDOS, QUARTINHOS EXISTENTES, E PAREDE ALTA FACHADA) SOMA DOS COMPRIMENTOS DAS VIGAS DE SEÇÃO 0,15 X 0,30M. CINTAMENTO LAGE. EXCETO, V23, V24, V25, V28,V29,V30,V31,V32, V33,V34, V35(RAMPA E MURO FACHADA) SOMA DOS COMPRIMENTOS DAS VIGAS DE SEÇÃO 0,15 X 0,40M _ V12, V14, V15,V18 CINTAMENTO LAJE QUARTINHOS EXISTENTES_ VIGA DE 40 CM. CONFORME PROJETO
A51: =Orçamento!A51 -> 3.5 | B51: =Orçamento!D51 -> SUPERESTRUTURA - VIGAS COROAMENTO PLATIBANDA
A52: =Orçamento!A52 -> 3.5.1 | B52: =Orçamento!D52 -> CONCRETO ARMADO,FCK=25MPA,INCLUINDO MATERIAIS PARA 1,00M3 DECONCRETO(IMPORTADO DE USINA)ADENSADO E COLOCADO,12,00M2 DEAREA MOLDADA,FORMAS CONFORME O ITEM 11.004.0022,60KG DE ACOCA-50,INCLUSIVE MAO-DE-OBRA PARA CORTE,DOBRAGEM,MONTAGEM ECOLOCACAO NAS FORMAS,EXCLUSIVE ESCORAMENTO | H52: =Orçamento!E52 -> M3 | I52: =J52*K52*L52 -> 1.402875 | J52: =1.9+3.2+1.8+3.25+3+2.3+3.3+3.15+3.25+3.5+2.5+2.5+2.2+3.25+2.9+2.9+3.3+3.3+1.8+1.85+3.6+3.6 -> 62.35 | K52: 0.15 | L52: 0.15 | N52: SOMA DOS COMPRIMENTOS DAS VIGAS DE SEÇÃO 0,15 X 0,15M. COROAMENTO PLATIBANDA( EXCETO RAMPA E MURO FACHADA)
A53: =Orçamento!A53 -> 3.6 | B53: =Orçamento!D53 -> SUPERESTRUTURA - LAJES
A54: =Orçamento!A54 -> 3.6.1 | B54: =Orçamento!D54 -> CONCRETO ARMADO,FCK=25MPA,INCLUINDO MATERIAIS PARA 1,00M3 DECONCRETO(IMPORTADO DE USINA)ADENSADO E COLOCADO,12,00M2 DEAREA MOLDADA,FORMAS CONFORME O ITEM 11.004.0022,60KG DE ACOCA-50,INCLUSIVE MAO-DE-OBRA PARA CORTE,DOBRAGEM,MONTAGEM ECOLOCACAO NAS FORMAS,EXCLUSIVE ESCORAMENTO | H54: =Orçamento!E54 -> M3 | I54: =M54*L54 -> 5.9352 | L54: 0.08 | M54: =2.18+47.61+24.4 -> 74.19 | N54: ÁREA QUARTINHO, GARAGEM E NOVOS CÔMODOS. ESPESSURA = 0,08M
A55: =Orçamento!A55 -> 3.6.2 | B55: =Orçamento!D55 -> ESCORAMENTO TUBULAR(ALUGUEL)COM TUBOS METALICOS,PARA QUALQUER DENSIDADE DE TUBO,PAGO PELO COMPRIMENTO NECESSARIO,NO MESMO TEMPO,DESDE A ENTREGA DO MATERIAL NA OBRA,NA OCASIAO APROPRIADA ATE SUA CARGA,PARA DEVOLUCAO,LOGO QUE DESNECESSARIA | H55: =Orçamento!E55 -> MXMES | I55: =M55*L55 -> 225 | L55: 3 | M55: 75 | N55: QUANTIDADE DE ESCORAS MULTIPLICADO PELO PÉ DIREITO. UTILIZANDO 1 UN DE ESCORA POR M2, POR 1 MÊS
A56: =Orçamento!A56 -> 3.7 | B56: =Orçamento!D56 -> SUPERESTRUTURA - VERGAS E CONTRAVERGAS | J56: C | K56: L | L56: H | M56: ÁREA / U N
A57: =Orçamento!A57 -> 3.7.1 | B57: =Orçamento!D57 -> VERGAS DE CONCRETO ARMADO PARA ALVENARIA,COM APROVEITAMENTODA MADEIRA POR 10 VEZES | H57: =Orçamento!E57 -> M3 | I57: =J57*K57*L57 -> 0.2325 | J57: =(1.7*4)+(1*2)+(1.2*2)+(1.1*1)+(1.6*1)+(1.6) -> 15.5 | K57: 0.15 | L57: 0.1 | N57: VERGA E CONTRAVERGA DE 2 JANELAS DE 1,30M , SENDO 0,20M PARA CADA LADO EMBUTIDO NA ALVENARIA//VERGA E CONTRAVERGA DE 1 BASCULANTE DE 0,60M, SENDO 0,20M PARA CADA LADO EMBUTIDO NA ALVENARIA//VERGA DE 2 PORTAS DE 0,80M,SENDO 0,20M PARA CADA LADO EMBUTIDO NA ALVENARIA.//VERGA DE 1 PORTA DE 0,70M,SENDO 0,20M PARA CADA LADO EMBUTIDO NA ALVENARIA // VERGA DE 1 PORTA DE 1,20M,SENDO 0,20M PARA CADA LADO EMBUTIDO NA ALVENARIA // VERGA SOBRE O VÃO DO COMPRESSOR NA SALA DO DESNTISTA, SENDO 0,25M DE UM LADO EMBUTIDO NA ALVENARIA.
A58: =Orçamento!A58 -> 3.8 | B58: =Orçamento!D58 -> SUPERESTRUTURA - ESCADAS
A59: =Orçamento!A59 -> 3.8.1 | B59: =Orçamento!D59 -> CONCRETO ARMADO,FCK=25MPA,INCLUINDO MATERIAIS PARA 1,00M3 DECONCRETO(IMPORTADO DE USINA)ADENSADO E COLOCADO,12,00M2 DEAREA MOLDADA,FORMAS CONFORME O ITEM 11.004.0022,60KG DE ACOCA-50,INCLUSIVE MAO-DE-OBRA PARA CORTE,DOBRAGEM,MONTAGEM ECOLOCACAO NAS FORMAS,EXCLUSIVE ESCORAMENTO | H59: =Orçamento!E59 -> M3 | I59: =J59*M59 -> 1.091966 | J59: =3.24+3.01+2.77+2.54+2.31+2.08+1.85+1.63 -> 19.43 | M59: 0.0562 | N59: ESCADA - SOMA DOS DIFERENTES COMPRIMENTOS DOS 8 DEGRAUS DA ESCADA MULTIPLICADO PELA ÁREA DO ENCHIMENTO DO DEGRAU, COM LAJE DE 8CM, CONFORME PROJETO
A60: =Orçamento!A60 -> 3.9 | B60: =Orçamento!D60 -> SUPERESTRUTURA - RAMPAS
A61: =Orçamento!A61 -> 3.9.1 | B61: =Orçamento!D61 -> CONCRETO ARMADO,FCK=25MPA,INCLUINDO MATERIAIS PARA 1,00M3 DECONCRETO(IMPORTADO DE USINA)ADENSADO E COLOCADO,12,00M2 DEAREA MOLDADA,FORMAS CONFORME O ITEM 11.004.0022,60KG DE ACOCA-50,INCLUSIVE MAO-DE-OBRA PARA CORTE,DOBRAGEM,MONTAGEM ECOLOCACAO NAS FORMAS,EXCLUSIVE ESCORAMENTO | H61: =Orçamento!E61 -> M3 | I61: =J61*K61*L61 -> 2.4795 | J61: =1.7+4.8+3.15+4.8+1.5+10.2+1.4 -> 27.55 | K61: 1.5 | L61: 0.06 | N61: RAMPA APOIADA- ÁREAS DE ZERO A 6, CONFORME PROJETO. LARGURA DE 1,5M, ESPESSURA 6 CM.
A62: =Orçamento!A62 -> 3.10 | B62: =Orçamento!D62 -> SUPERESTRUTURA - ENCHIMENTO DE BLOCOS
A63: =Orçamento!A63 -> 3.10.1 | B63: =Orçamento!D63 -> CONCRETO ARMADO,FCK=25MPA,INCLUINDO MATERIAIS PARA 1,00M3 DECONCRETO(IMPORTADO DE USINA)ADENSADO E COLOCADO,12,00M2 DEAREA MOLDADA,FORMAS CONFORME O ITEM 11.004.0022,60KG DE ACOCA-50,INCLUSIVE MAO-DE-OBRA PARA CORTE,DOBRAGEM,MONTAGEM ECOLOCACAO NAS FORMAS,EXCLUSIVE ESCORAMENTO | H63: =Orçamento!E63 -> M3 | I63: =J63*M63 -> 2.047212 | J63: =(1.6*6.35)+(2.55*1.42)+(1.42*3.15)+(6.2*0.4)+(0.75*1.8)+(6.2*0.6)+(1.4*1.6) -> 28.044 | M63: 0.073 | N63: VOLUME DO BLOCO P/M2: DIMENSÕES INTERNAS DO BLOCO 10 X 18 X 32CM, LOGO V = CxLxH = 0,006M3 POR BLOCO. // 1M2 = 12,5 U N BLOCOS DE 15X20X40CM. V= 0,073M3 // ENCHIMENTO BLOCO ESTRUTURAL DA RAMPA NOVA. VIGA V31. ALTURA MEDIA 1,60M C= 6,35M // ENCHIMENTO BLOCO ESTRUTURAL DO PATAMAR 02 E JARDIM DA RAMPA NOVA. VIGA V29. H = 1,42M E C =2,55M // ENCHIMENTO BLOCO ESTRUTURAL DO PATAMAR 02 E JARDIM DA RAMPA NOVA. VIGA 28 H= 1,42 E C = 3,15M // ENCHIMENTO BLOCO ESTRUTURAL DAS VIGAS V19 E 21, ATÉ ALTURA DE 0,40M E C = 6,20M // ENCHIMENTO BLOCO ESTRUTURAL DO JARDIM DA RAMPA NOVA. VIGA V32 H = 0,75M E C = 1,80M // ENCHIMENTO BLOCO ESTRUTURAL DAS VIGAS V20 E 22, ATÉ ALTURA DE 0,60M E C = 6,20M // ENCHIMENTO BLOCO ESTRUTURAL DO PATAMAR 04 DA RAMPA NOVA. VIGA V25 H = 1,40 E C = 1,60
A64: =Orçamento!A64 -> 4 | B64: =Orçamento!D64 -> VEDAÇÃO VERTICAL
A65: =Orçamento!A65 -> 4.1 | B65: =Orçamento!D65 -> ALVENARIAS E DIVISÓRIAS
A66: =Orçamento!A66 -> 4.1.1 | B66: =Orçamento!D66 -> ALVENARIA DE BLOCOS DE CONCRETO 15X20X40CM,ASSENTES COM ARGAMASSA DE CIMENTO E AREIA,NO TRACO 1:8,EM PAREDES DE 0,15M DEESPESSURA,DE SUPERFICIE CORRIDA,ATE 3,00M DE ALTURA E MEDIDA PELA AREA REAL | H66: =Orçamento!E66 -> M2 | I66: 71.1545 | N66: RAMPA NOVA, PAREDES DA GARAGEM, PAREDE ALTA MURO FACHADA, E PAREDE FUNDOS SALAS NOVAS(V1,V2,V5 E V9). CONFORME PROJETO V29 // V28 // V31 // V19 E V21 SEM PLATIBANDA V20 E V22 SEM PLATIBANDA V32 // V23 // V24 // V25 // V2 SEM PLATIBANDA V5 SEM PLATIBANDA V9 SEM PLATIBANDA V1 SEM PLATIBANDA
A67: =Orçamento!A67 -> 4.1.2 | B67: =Orçamento!D67 -> ALVENARIA DE TIJOLOS CERAMICOS FURADOS 10X20X30CM,COMPLEMENTADA COM 6% DE TIJOLOS DE 10X20X20CM,ASSENTES COM ARGAMASSA DE CIMENTO E SAIBRO,NO TRACO 1:8,EM PAREDES DE MEIA VEZ(0,10M) DE SUPERFICIE CORRIDA,ATE 3,00M DE ALTURA E MEDIDA PELA AREA REAL | H67: =Orçamento!E67 -> M2 | I67: =J67 -> 124.53 | J67: =(((1.8+3.1+3+2.3+3.1+3.15+3.15+3.5+2.4)*3.35)+((1.9+3.2+3+3.3)*0.85)+((3.25+2.5+2.5+3.25)*1.45)+((2.9+3.3+2.9+3.3+3.6+3.6)*0.65)) -> 124.53 | N67: PAREDES COM PLATIBANDA DAS VIGAS: V3,V4,V6,V7,V8, V10, V11,V13,V16, C RESPECT. 1,80+3,10+3,00+2,30+3,1+3,15+3,15+ 3,50+2,40M H=3,35M SOMENTE PLATIBANDAS DAS VIGAS : V1 (c=1,90 h=0,85) V2( c=3,20 h= 0,85) ,V5(c=3,00 h=0,85) ,V9(c=3,30 h=0,85) SOMENTE PLATIBANDAS DAS VIGAS V12,V14,V15,V18, COMPRIMENTO RESPECTIVAMENTE= 3,25+2,5+2,5+3,25, H=1,45. SOMENTE PLATIBANDAS DAS VIGAS V19, V20, V21,V22, V26 E V26A. COMPRIMENTO RESPECTIVAMENTE = 2,90+3,30+2,90+3,30+3,60+3,60, H=0,65.CONFORME PROJETO
A68: =Orçamento!A68 -> 4.1.3 | B68: =Orçamento!D68 -> FIXAÇÃO (ENCUNHAMENTO) DE ALVENARIA DE VEDAÇÃO COM ESPUMA DE POLIURETANO EXPANSIVA. AF_03/2024 | H68: =Orçamento!E68 -> M | I68: 47.25 | N68: ENCUNHAMENTO SOBRE AS ALVENARIAS DAS SEGUINTES VIGAS: V1, V2, V3, V4, V5, V6, V8, V9, V10, V19,V20, V21, V22, V23, V24
A69: =Orçamento!A69 -> 5 | B69: =Orçamento!D69 -> INSTALAÇÕES HIDROSSANITÁRIAS
A70: =Orçamento!A70 -> 5.1 | B70: =Orçamento!D70 -> INSTALAÇÕES HIDROSSANITÁRIAS - ALIMENTAÇÃO
A71: =Orçamento!A71 -> 5.1.1 | B71: =Orçamento!D71 -> CAIXA D´ÁGUA EM POLIETILENO, 1000 LITROS (INCLUSOS TUBOS, CONEXÕES E TORNEIRA DE BÓIA) - FORNECIMENTO E INSTALAÇÃO. AF_06/2021 | H71: =Orçamento!E71 -> UN | I71: 1 | N71: INSTALADA NA LAJE DO QUARTINHO DE FUNDOS EXISTENTE, PARA ABASTECER COMODOS NOVOS
A72: =Orçamento!A72 -> 5.1.2 | B72: =Orçamento!D72 -> TUBO DE PVC RIGIDO, PONTA/BOLSA COM VIROLA, EM BARRAS DE 6,00M, DE 050MM | H72: =Orçamento!E72 -> UN | I72: 2 | N72: ALIMENTAÇÃO NA LAJE
A73: =Orçamento!A73 -> 5.1.3 | B73: =Orçamento!D73 -> CURVA CURTA 90 GRAUS, PVC, SERIE NORMAL, ESGOTO PREDIAL, DN 50 MM, JUNTA ELÁSTICA, FORNECIDO E INSTALADO EM PRUMADA DE ESGOTO SANITÁRIO OU VENTILAÇÃO. AF_08/2022 | H73: =Orçamento!E73 -> UN | I73: 4 | N73: ALIMENTAÇÃO NA LAJE
A74: =Orçamento!A74 -> 5.1.4 | B74: =Orçamento!D74 -> TE, PVC, SERIE NORMAL, ESGOTO PREDIAL, DN 50 X 50 MM, JUNTA ELÁSTICA, FORNECIDO E INSTALADO EM PRUMADA DE ESGOTO SANITÁRIO OU VENTILAÇÃO. AF_08/2022 | H74: =Orçamento!E74 -> UN | I74: 1 | N74: SAIDA CX DÁGUA PARA REGISTRO GERAL DA CAIXA
A75: =Orçamento!A75 -> 5.1.5 | B75: =Orçamento!D75 -> ADAPTADOR CURTO COM BOLSA E ROSCA PARA REGISTRO, PVC, SOLDÁVEL, DN 50MM X 1.1/4, INSTALADO EM PRUMADA DE ÁGUA - FORNECIMENTO E INSTALAÇÃO. AF_06/2022 | H75: =Orçamento!E75 -> UN | I75: 1 | N75: SAIDA CX DÁGUA PARA REGISTRO GERAL DA CAIXA
A76: =Orçamento!A76 -> 5.1.6 | B76: =Orçamento!D76 -> REGISTRO DE ESFERA, PVC, SOLDÁVEL, COM VOLANTE, DN 50 MM - FORNECIMENTO E INSTALAÇÃO. AF_08/2021 | H76: =Orçamento!E76 -> UN | I76: 1 | N76: SAIDA CX DÁGUA
A77: =Orçamento!A77 -> 5.2 | B77: =Orçamento!D77 -> INSTALAÇÕES HIDROSSANITÁRIAS - EQUIPAMENTOS
A78: =Orçamento!A78 -> 5.2.1 | B78: =Orçamento!D78 -> INSTALACAO E ASSENTAMENTO DE UMA BACIA SANITARIA E CAIXA ACOPLADA (EXCL.ESTES) EM PAVIMENTO TERREO,PARTE DE UM CONJ.DE DOIS OU MAIS VASOS,COMPREENDENDO:INST.HIDRAULICA COM 1,50M DETUBO PVC 25MM,COM CONEXOES,ATE A CAIXA ACOPLADA,LIGACAO DEESGOTO COM 2,00M DE TUBO PVC 100MM A CAIXA DE INSPECAO E TUBO DE VENTILACAO,INCLUSIVE CONEXOES,EXCL.TUBO DE VENTILACAO | H78: =Orçamento!E78 -> UN | I78: 1 | N78: INSTALAÇÃO BACIA SANITARIA NO WC NOVO
A79: =Orçamento!A79 -> 5.2.2 | B79: =Orçamento!D79 -> BACIA SANITÁRIA COM CAIXA ACOPLADA LOUÇA BRANCA, INCLUSO ENGATE FLEXÍVEL EM PLÁSTICO BRANCO, 1/2" X 40 CM - FORNECIMENTO E INSTALAÇÃO. AF_02/2026 | H79: =Orçamento!E79 -> UN | I79: 1 | N79: NO WC NOVO
A80: =Orçamento!A80 -> 5.2.3 | B80: =Orçamento!D80 -> INSTALACAO E ASSENTAMENTO DE LAVATORIO DE UMA TORNEIRA(EXCLUSIVE FORNECIMENTO DO APARELHO),COMPREENDENDO:3,00M DE TUBO DE PVC DE 25MM,2,00M DE TUBO DE PVC DE 40MM E CONEXOES | H80: =Orçamento!E80 -> UN | I80: 1 | N80: NO WC NOVO
A81: =Orçamento!A81 -> 5.2.4 | B81: =Orçamento!D81 -> LAVATÓRIO LOUÇA BRANCA COM COLUNA, 45 X 55 CM OU EQUIVALENTE, PADRÃO MÉDIO, INCLUSO SIFÃO TIPO GARRAFA, VÁLVULA E ENGATE FLEXÍVEL DE 40 CM EM METAL CROMADO, COM TORNEIRA CROMADA DE MESA, PADRÃO MÉDIO - FORNECIMENTO E INSTALAÇÃO. AF_02/2026 | H81: =Orçamento!E81 -> UN | I81: 1 | N81: NO WC NOVO
A82: =Orçamento!A82 -> 5.2.5 | B82: =Orçamento!D82 -> INSTALACAO E ASSENTAMENTO DE DUCHINHA MANUAL PARA BANHEIRO(EXCLUSIVE FORNECIMENTO DO APARELHO),COMPREENDENDO:3,00M DE TUBO DE PVC DE 25MM E CONEXOES | H82: =Orçamento!E82 -> UN | I82: 1 | N82: NO WC NOVO
A83: =Orçamento!A83 -> 5.2.6 | B83: =Orçamento!D83 -> DUCHINHA MANUAL,COM REGISTRO DE PRESSAO 1/2" CROMADO,RABICHOCROMADO,SUPORTE BRANCO,PISTOLA BRANCA,BUCHAS E PARAFUSOS PARA FIXACAO.FORNECIMENTO | H83: =Orçamento!E83 -> UN | I83: 1 | N83: NO WC NOVO
A84: =Orçamento!A84 -> 5.2.7 | B84: =Orçamento!D84 -> REGISTRO DE GAVETA BRUTO, LATÃO, ROSCÁVEL, 1 1/2" - FORNECIMENTO E INSTALAÇÃO. AF_08/2021 | H84: =Orçamento!E84 -> UN | I84: 1 | N84: NO WC NOVO
A85: =Orçamento!A85 -> 5.2.8 | B85: =Orçamento!D85 -> ASSENTO PLASTICO, PARA BACIA SANITARIA,PADRAO POPULAR | H85: =Orçamento!E85 -> UN | I85: 1 | N85: NO WC NOVO
A86: =Orçamento!A86 -> 5.2.9 | B86: =Orçamento!D86 -> PORTA PAPEL HIGIENICO EM PLASTICO ABS.FORNECIMENTRO E COLOCACAO | H86: =Orçamento!E86 -> UN | I86: 1 | N86: NO WC NOVO
A87: =Orçamento!A87 -> 5.2.10 | B87: =Orçamento!D87 -> PORTA-TOALHA DE PAPEL EM PLASTICO ABS.FORNECIMENTO E COLOCACAO | H87: =Orçamento!E87 -> UN | I87: 1 | N87: NO WC NOVO
A88: =Orçamento!A88 -> 5.3 | B88: =Orçamento!D88 -> INSTALAÇÕES DE ESGOTO - CAIXAS
A89: =Orçamento!A89 -> 5.3.1 | B89: =Orçamento!D89 -> CAIXA DE INSPECAO/CAIXA PARA AGUAS PLUVIAIS,DE CONCRETO PRE-MOLDADO,CONSTANDO DE 4 ANEIS SUPERPOSTOS DE 50MM DE ESPESSURA,600MM DE DIAMETRO INTERNO,SENDO 1 ANEL INFERIOR(ENTRADA ESAIDA) DE 300MM C/FUNDO OU CIRCULO DE FUNDO +1 DE 300MM,1 DE150MM E 1 DE 75MM DE ALTURA,PERFAZENDO 825MM DE ALTURA TOTAL,EXCLUSIVE TAMPAO DE FERRO FUNDIDO E ESCAVACAO.FORN.COLOC. | H89: =Orçamento!E89 -> UN | I89: 3 | N89: 2 CXS DE INSPEÇÃO PARA ESGOTO PRIMARIO E 1 CX PARA ESGOTO SECUNDÁRIO. ISNTALADAS NO ACESSO EXTERNO AO FUNDO DA UBS
A90: =Orçamento!A90 -> 5.3.2 | B90: =Orçamento!D90 -> TAMPAO COMPLETO DE FERRO FUNDIDO NODULARARTICULADO, DN600MM, CLASSE D400CONFORME ABNT NBR 10160 | H90: =Orçamento!E90 -> UN | I90: 3 | N90: PARA AS CAIXAS DE INSPEÇÃO
A91: =Orçamento!A91 -> 5.3.3 | B91: =Orçamento!D91 -> CAIXA DE GORDURA SIMPLES, CIRCULAR, EM CONCRETO PRÉ-MOLDADO, DIÂMETRO INTERNO = 0,4 M, ALTURA INTERNA = 0,4 M. AF_12/2020 | H91: =Orçamento!E91 -> UN | I91: 1 | N91: PARA SAUBSTITUIÇÃO DA CAIXA ANTIGA
A92: =Orçamento!A92 -> 5.3.4 | B92: =Orçamento!D92 -> CAIXA ENTERRADA HIDRÁULICA RETANGULAR, EM ALVENARIA COM BLOCOS DE CONCRETO, DIMENSÕES INTERNAS: 0,4X0,4X0,4 M PARA REDE DE DRENAGEM. AF_12/2020 | H92: =Orçamento!E92 -> UN | I92: 2 | N92: CAIXA COLETORA DAS ÁGUAS PLUVIAIS PROVENIENTES DA ÁREA EXTERNA DE INTERTRAVADO. 1 CX C/ DIMENSÕES DE 1,10X55M
A93: =Orçamento!A93 -> 5.3.5 | B93: =Orçamento!D93 -> GRELHA E CAIXILHO DE CONCRETO ARMADO,SENDO AS DIMENSOES EXTERNAS DE 0,40X0,90M (GRELHA) E 1,10X0,54M (CAIXILHO).FORNECIMENTO E COLOCACAO | H93: =Orçamento!E93 -> UN | I93: 1 | N93: GRELHA PARA CAIXA COLETORA DAS ÁGUAS PLUVIAIS PROVENIENTES DA ÁREA EXTERNA DE INTERTRAVADO
A94: =Orçamento!A94 -> 5.4 | B94: =Orçamento!D94 -> INSTALAÇÕES DE ESGOTO - ACESSÓRIOS
A95: =Orçamento!A95 -> 5.4.1 | B95: =Orçamento!D95 -> CAIXA SIFONADA, COM GRELHA QUADRADA, PVC, DN 150 X 150 X 50 MM, JUNTA SOLDÁVEL, FORNECIDA E INSTALADA EM RAMAL DE DESCARGA OU EM RAMAL DE ESGOTO SANITÁRIO. AF_08/2022 | H95: =Orçamento!E95 -> UN | I95: 1 | N95: Ralo WC Novo
A96: =Orçamento!A96 -> 5.4.2 | B96: =Orçamento!D96 -> EXECUÇÃO DE CANALETA DE CONCRETO ARMADO MOLDADA IN LOCO, ESPESSURA DE 0,1 M, GEOMETRIA QUADRADA, COM DIMENSÕES INTERNAS: L=0,20 M; H=0,20 M. AF_05/2025 | H96: =Orçamento!E96 -> M | I96: =1.4+1.4+1.4+1.5+2.2 -> 7.9 | N96: 3 calaletas de 1,40 x 0,20 x 0,20 m , 1 de 1,50 x 0,20 x 0,20, e 1 de 2,20 x 0,20 x 0,20
A97: =Orçamento!A97 -> 5.4.3 | B97: =Orçamento!D97 -> GRELHA E CAIXILHO DE CONCRETO ARMADO,SENDO AS DIMENSOES EXTERNAS DE 0,40X0,90M (GRELHA) E 1,10X0,54M (CAIXILHO).FORNECIMENTO E COLOCACAO | H97: =Orçamento!E97 -> UN | I97: 6 | N97: 1 GRELHA PARA CADA CANALETA E 2 GRELHAS PARA A CANALETA DE 2,20 DE COMPRIMENTO. *NOTA: EMBORA AS DIMENSÕES DA GRELHA DESTE ITEM TENHA PEQUENA DIFERENÇA DAS CANALETAS E CAIXA DE HIDRAULICA, ELAS SE ASSEMELHAM NA ÁREA(M2)
A98: =Orçamento!A98 -> 5.5 | B98: =Orçamento!D98 -> INSTALAÇÕES DE ESGOTO - PVC - TUBOS
A99: =Orçamento!A99 -> 5.5.1 | B99: =Orçamento!D99 -> TE, PVC, SERIE NORMAL, ESGOTO PREDIAL, DN 100 X 100 MM, JUNTA ELÁSTICA, FORNECIDO E INSTALADO EM RAMAL DE DESCARGA OU RAMAL DE ESGOTO SANITÁRIO. AF_08/2022 | H99: =Orçamento!E99 -> UN | I99: 1 | N99: JUNÇÃO DA TUBULAÇÃO DE DRENAGEM PLUVIAL QUE DESCE DA RAMPA COM A TUBULAÇÃO QUE DESCE DA ÁREA DO INTERTRAVADO, NO PONTO PROXIMO A RAMPA NOVA, ÁREA 1
A100: =Orçamento!A100 -> 5.5.2 | B100: =Orçamento!D100 -> TUBO PVC, SERIE NORMAL, ESGOTO PREDIAL, DN 100 MM, FORNECIDO E INSTALADO EM RAMAL DE DESCARGA OU RAMAL DE ESGOTO SANITÁRIO. AF_08/2022 | H100: =Orçamento!E100 -> M | I100: =17.35+2+1.9+2.2+0.6+0.55 -> 24.6 | N100: TUBULAÇÃO DE ESGOTO SECUNDÁRIO CONFORME PROJETO
A101: =Orçamento!A101 -> 5.5.3 | B101: =Orçamento!D101 -> TUBO PVC, SÉRIE R, ÁGUA PLUVIAL, DN 100 MM, FORNECIDO E INSTALADO EM RAMAL DE ENCAMINHAMENTO. AF_06/2022 | H101: =Orçamento!E101 -> M | I101: =9.6+9.55+3.95+1.05+1.3 -> 25.45 | N101: TUBULAÇÃO DE ESGOTO PRIMÁRIO - DRENAGEM PLUVIAL. CONFORME PROJETO
A102: =Orçamento!A102 -> 5.5.4 | B102: =Orçamento!D102 -> TUBO PVC, SÉRIE R, ÁGUA PLUVIAL, DN 150 MM, FORNECIDO E INSTALADO EM RAMAL DE ENCAMINHAMENTO. AF_06/2022 | H102: =Orçamento!E102 -> M | I102: =10.85+9.35+6.4+2.5+11.3+13.3 -> 53.7 | N102: TUBULAÇÃO DE ESGOTO PRIMÁRIO - DRENAGEM PLUVIAL. CONFORME PROJETO
A103: =Orçamento!A103 -> 5.6 | B103: =Orçamento!D103 -> INSTALAÇÕES DE ESGOTO - PVC - TUBOS
A104: =Orçamento!A104 -> 5.6.1 | B104: =Orçamento!D104 -> TUBO PVC, SÉRIE R, ÁGUA PLUVIAL, DN 100 MM, FORNECIDO E INSTALADO EM CONDUTORES VERTICAIS DE ÁGUAS PLUVIAIS. AF_06/2022 | H104: =Orçamento!E104 -> M | I104: 30 | N104: 5 M , 6 DESCIDAS, INCLUSIVE PARTE ENTERRADA
A105: =Orçamento!A105 -> 5.6.2 | B105: =Orçamento!D105 -> JOELHO 90 GRAUS, PVC, SERIE R, ÁGUA PLUVIAL, DN 100 MM, JUNTA ELÁSTICA, FORNECIDO E INSTALADO EM CONDUTORES VERTICAIS DE ÁGUAS PLUVIAIS. AF_06/2022 | H105: =Orçamento!E105 -> UN | I105: 6 | N105: 6 LIGAÇÕES COM ESGOTO DE ENCAMINHAMENTO
...

Sheet Cronograma
A2: CRONOGRAMA FÍSICO E FINANCEIRO
A6: =Orçamento!A5:G5 -> PREFEITURA MUNICIPAL DO CARMO RJ | G6: =Orçamento!H5 -> DATA: Maio de 2026
A7: =Orçamento!A6:G6 -> OBRA: AMPLIAÇÃO DA ESTRATÉGIA SAÚDE DA FAMÍLIA ( ESF) ASA BRANCA - CARMO/RJ
A8: =Orçamento!A7:G7 -> LOCAL: Rua Carolina França, nº 25, Bairro Bom Pastor - Município de Carmo/RJ | G8: BDI | H8: FORMA DE EXECUÇÃO:
A9: =Orçamento!A8:G8 -> REGIÃO/MÊS DE REFERÊNCIA: EMOP-RJ - 03/2026 / SINAPI-RJ - 03/2026 | G9: 0.205 | H9: ( X ) | I9: DIRETA
A10: =Orçamento!A9:G9 -> PRAZO DE EXECUÇÃO: 06 MESES | H10: ( ) | I10: INDIRETA
A12: Bancos: | B12: =Orçamento!B11 -> EMOP - 03/2026 - Rio de Janeiro ; SINAPI - 03/2026 - Rio de Janeiro | G12: BDI: | H12: Padrão - 20,50% Material - 11,10%
A14: Cronograma Físico e Financeiro
A16: Item | B16: Descrição | C16: Total Por Etapa | D16: 30 DIAS | E16: 60 DIAS | F16: 90 DIAS | G16: 120 DIAS | H16: 150 DIAS | I16: 180 DIAS
A17: =Orçamento!A15 -> 1 | B17: =Orçamento!D15 -> ETAPAS INICIAIS | C17: =SUM(D17:I17) -> 1 | D17: 0.2 | E17: 0.16 | F17: 0.16 | G17: 0.16 | H17: 0.16 | I17: 0.16
C18: =Orçamento!I15 -> 25968.78 | D18: =D17*$C$18 -> 5193.756 | E18: =E17*$C$18 -> 4155.0048 | F18: =F17*$C$18 -> 4155.0048 | G18: =G17*$C$18 -> 4155.0048 | H18: =H17*$C$18 -> 4155.0048 | I18: =I17*$C$18 -> 4155.0048
A19: =Orçamento!A21 -> 2 | B19: =Orçamento!D21 -> MOVIMENTAÇÃO DE TERRA, DEMOLIÇÕES E TRANSPORTES | C19: =SUM(D19:I19) -> 1 | D19: 1
C20: =Orçamento!I21 -> 12226.53 | D20: =D19*$C$20 -> 12226.53 | E20: =E19*$C$20 -> 0 | F20: =F19*$C$20 -> 0 | G20: =G19*$C$20 -> 0 | H20: =H19*$C$20 -> 0 | I20: =I19*$C$20 -> 0
A21: =Orçamento!A38 -> 3 | B21: =Orçamento!D38 -> ESTRUTURAS | C21: =SUM(D21:I21) -> 1 | D21: 0.15 | E21: 0.35 | F21: 0.5
C22: =Orçamento!I38 -> 95317.37 | D22: =D21*$C$22 -> 14297.606 | E22: =E21*$C$22 -> 33361.08 | F22: =F21*$C$22 -> 47658.685 | G22: =G21*$C$22 -> 0 | H22: =H21*$C$22 -> 0 | I22: =I21*$C$22 -> 0
A23: =Orçamento!A64 -> 4 | B23: =Orçamento!D64 -> VEDAÇÃO VERTICAL | C23: =SUM(D23:I23) -> 1 | E23: 0.6 | F23: 0.4
C24: =Orçamento!I64 -> 17630.43 | D24: =D23*$C$24 -> 0 | E24: =E23*$C$24 -> 10578.258 | F24: =F23*$C$24 -> 7052.172 | G24: =G23*$C$24 -> 0 | H24: =H23*$C$24 -> 0 | I24: =I23*$C$24 -> 0
A25: =Orçamento!A69 -> 5 | B25: =Orçamento!D69 -> INSTALAÇÕES HIDROSSANITÁRIAS | C25: =SUM(D25:I25) -> 1 | E25: 0.5 | F25: 0.5
C26: =Orçamento!I69 -> 26945.87 | D26: =D25*$C$26 -> 0 | E26: =E25*$C$26 -> 13472.935 | F26: =F25*$C$26 -> 13472.935 | G26: =G25*$C$26 -> 0 | H26: =H25*$C$26 -> 0 | I26: =I25*$C$26 -> 0
A27: =Orçamento!A107 -> 6 | B27: =Orçamento!D107 -> INSTALAÇÕES ELÉTRICAS | C27: =SUM(D27:I27) -> 1 | F27: 0.2 | G27: 0.8
C28: =Orçamento!I107 -> 11506.42 | D28: =D27*$C$28 -> 0 | E28: =E27*$C$28 -> 0 | F28: =F27*$C$28 -> 2301.284 | G28: =G27*$C$28 -> 9205.136 | H28: =H27*$C$28 -> 0 | I28: =I27*$C$28 -> 0
A29: =Orçamento!A135 -> 7 | B29: =Orçamento!D135 -> REVESTIMENTOS E FORROS | C29: =SUM(D29:I29) -> 1 | G29: 1
C30: =Orçamento!I135 -> 57230.715 | D30: =D29*$C$30 -> 0 | E30: =E29*$C$28 -> 0 | F30: =F29*$C$28 -> 0 | G30: =G29*$C$28 -> 11506.42 | H30: =H29*$C$28 -> 0 | I30: =I29*$C$28 -> 0
A31: =Orçamento!A154 -> 8 | B31: =Orçamento!D154 -> COBERTURA | C31: =SUM(D31:I31) -> 1 | G31: 1
C32: =Orçamento!I154 -> 18761.95 | D32: =D31*$C$32 -> 0 | E32: =E31*$C$32 -> 0 | F32: =F31*$C$32 -> 0 | G32: =G31*$C$32 -> 18761.95 | H32: =H31*$C$32 -> 0 | I32: =I31*$C$32 -> 0
A33: =Orçamento!A162 -> 9 | B33: =Orçamento!D162 -> ESQUADRIAS | C33: =SUM(D33:I33) -> 1 | G33: 0.3 | H33: 0.3 | I33: 0.4
C34: =Orçamento!I162 -> 30924.38 | D34: =D33*$C$34 -> 0 | E34: =E33*$C$34 -> 0 | F34: =F33*$C$34 -> 0 | G34: =G33*$C$34 -> 9277.314 | H34: =H33*$C$34 -> 9277.314 | I34: =I33*$C$34 -> 12369.752
A35: =Orçamento!A176 -> 10 | B35: =Orçamento!D176 -> ACABAMENTOS | C35: =SUM(D35:I35) -> 1 | H35: 0.5 | I35: 0.5
C36: =Orçamento!I176 -> 36285.76 | D36: =D35*$C$36 -> 0 | E36: =E35*$C$36 -> 0 | F36: =F35*$C$36 -> 0 | G36: =G35*$C$36 -> 0 | H36: =H35*$C$36 -> 18142.88 | I36: =I35*$C$36 -> 18142.88
A37: =Orçamento!A192 -> 11 | B37: =Orçamento!D192 -> PAVIMENTAÇÃO EXTERNA | C37: =SUM(D37:I37) -> 1 | H37: 0.5 | I37: 0.5
C38: =Orçamento!I192 -> 5440.18 | D38: =D37*$C$38 -> 0 | E38: =E37*$C$38 -> 0 | F38: =F37*$C$38 -> 0 | G38: =G37*$C$38 -> 0 | H38: =H37*$C$38 -> 2720.09 | I38: =I37*$C$38 -> 2720.09
A39: =Orçamento!A197 -> 12 | B39: =Orçamento!D197 -> SERVIÇOS COMPLEMENTARES | C39: =SUM(D39:I39) -> 1 | G39: 1
C40: =Orçamento!I197 -> 6033.53 | D40: =D39*$C$40 -> 0 | E40: =E39*$C$40 -> 0 | F40: =F39*$C$40 -> 0 | G40: =G39*$C$40 -> 6033.53 | H40: =H39*$C$40 -> 0 | I40: =I39*$C$40 -> 0
A41: Porcentagem Período | D41: =D42/$C$44 -> 0.092130348 | E41: =E42/$C$44 -> 0.17883328 | F41: =F42/$C$44 -> 0.2168056 | G41: =G42/$C$44 -> 0.17120001 | H41: =H42/$C$44 -> 0.099616865 | I41: =I42/$C$44 -> 0.10859941
A42: Custo Período | D42: =SUMIF(D17:D40,">1") -> 31717.892 | E42: =SUMIF(E17:E40,">1") -> 61567.277 | F42: =SUMIF(F17:F40,">1") -> 74640.081 | G42: =SUMIF(G17:G40,">1") -> 58939.355 | H42: =SUMIF(H17:H40,">1") -> 34295.289 | I42: =SUMIF(I17:I40,">1") -> 37387.727
A43: Porcentagem Acumulado | C43: 1 | D43: =D44/$C$44 -> 0.092130348 | E43: =E44/$C$44 -> 0.17883328 | F43: =F44/$C$44 -> 0.2168056 | G43: =G44/$C$44 -> 0.17120001 | H43: =H44/$C$44 -> 0.099616865 | I43: =I44/$C$44 -> 0.10859941
A44: Custo Acumulado | C44: =SUMIF(C17:C40,">1") -> 344271.92 | D44: =D42 -> 31717.892 | E44: =E42 -> 61567.277 | F44: =F42 -> 74640.081 | G44: =G42 -> 58939.355 | H44: =H42 -> 34295.289 | I44: =I42 -> 37387.727
B50: =Orçamento!D216 -> RESPONSÁVEL TÉCNICA
B51: =Orçamento!D217 -> VANESSA DA CRUZ GOMES
B52: =Orçamento!D218 -> ENGENHEIRA CIVIL - CREA: MG 225049/D

Sheet Cotações
A2: COTAÇÕES DE MERCADO
A6: =Orçamento!A5:G5 -> PREFEITURA MUNICIPAL DO CARMO RJ | D6: DATA: Abril de 2026
A7: SERVIÇO: FORNECIMENTO DE DOIS PLAYGROUNDS EM PRAÇAS
A8: LOCAL: Praça osmar Ribeiro da Silva, bairro Botafogo; e Praça Alexandre de Melo, bairro Centro, Carmo-RJ | E8: FORMA DE EXECUÇÃO:
A9: REGIÃO/MÊS DE REFERÊNCIA: RIO DE JANEIRO - 04/2026 | E9: ( X ) | F9: DIRETA
A10: PRAZO DE EXECUÇÃO: 01 MÊS | E10: ( ) | F10: INDIRETA
A15: Cronograma Físico e Financeiro
A16: Item | B16: Descrição | C16: Total Por Etapa | D16: 30 DIAS | E16: 60 DIAS | F16: 90 DIAS
A17: =Orçamento!A15 -> 1 | B17: =Orçamento!D15 -> ETAPAS INICIAIS | C17: =SUM(D17:F17) -> 1 | D17: 0.3333 | E17: 0.3333 | F17: 0.3334
C18: =Orçamento!I15 -> 25968.78 | D18: =D17*$C$18 -> 8655.3944 | E18: =E17*$C$18 -> 8655.3944 | F18: =F17*$C$18 -> 8657.9913
A19: =Orçamento!A19 -> 1.2 | B19: =Orçamento!D19 -> SERVIÇOS PRELIMINARES | C19: =SUM(D19:F19) -> 1 | D19: 1
C20: =Orçamento!I19 -> 1013.82 | D20: =D19*$C$20 -> 1013.82
A21: =Orçamento!#REF! -> #REF! | B21: =Orçamento!#REF! -> #REF! | C21: =SUM(D21:F21) -> 1 | D21: 1
C22: =Orçamento!#REF! -> #REF! | D22: =D21*$C$22 -> #REF!
A23: =Orçamento!#REF! -> #REF! | B23: =Orçamento!#REF! -> #REF! | C23: =SUM(D23:F23) -> 1 | D23: 1
C24: =Orçamento!#REF! -> #REF! | D24: =D23*$C$24 -> #REF!
A25: =Orçamento!#REF! -> #REF! | B25: =Orçamento!#REF! -> #REF! | C25: =SUM(D25:F25) -> 1 | D25: 0.5 | E25: 0.5
C26: =Orçamento!#REF! -> #REF! | D26: =D25*$C$26 -> #REF! | E26: =E25*$C$26 -> #REF!
A27: =Orçamento!#REF! -> #REF! | B27: =Orçamento!#REF! -> #REF! | C27: =SUM(D27:F27) -> 1 | E27: 1
C28: =Orçamento!#REF! -> #REF! | E28: =E27*$C$28 -> #REF!
A29: =Orçamento!#REF! -> #REF! | B29: =Orçamento!#REF! -> #REF! | C29: =SUM(D29:F29) -> 1 | D29: 0.5 | E29: 0.5
C30: =Orçamento!#REF! -> #REF! | D30: =D29*$C$30 -> #REF! | E30: =E29*$C$30 -> #REF!
A31: =Orçamento!#REF! -> #REF! | B31: =Orçamento!#REF! -> #REF! | C31: =SUM(D31:F31) -> 1 | D31: 1
C32: =Orçamento!#REF! -> #REF! | D32: =D31*$C$32 -> #REF!
A33: =Orçamento!#REF! -> #REF! | B33: =Orçamento!#REF! -> #REF! | C33: =SUM(D33:F33) -> 1 | D33: 0.5 | E33: 0.5
C34: =Orçamento!#REF! -> #REF! | D34: =D33*$C$34 -> #REF! | E34: =E33*$C$34 -> #REF!
A35: =Orçamento!#REF! -> #REF! | B35: =Orçamento!#REF! -> #REF! | C35: =SUM(D35:F35) -> 1 | E35: 0.5 | F35: 0.5
C36: =Orçamento!#REF! -> #REF! | E36: =E35*$C$36 -> #REF! | F36: =F35*$C$36 -> #REF!
A37: =Orçamento!#REF! -> #REF! | B37: =Orçamento!#REF! -> #REF! | C37: =SUM(D37:F37) -> 1 | F37: 1
C38: =Orçamento!#REF! -> #REF! | F38: =F37*$C$38 -> #REF!
A39: =Orçamento!#REF! -> #REF! | B39: =Orçamento!#REF! -> #REF! | C39: =SUM(D39:F39) -> 1 | F39: 1
C40: =Orçamento!#REF! -> #REF! | F40: =F39*$C$40 -> #REF!
A41: =Orçamento!#REF! -> #REF! | B41: =Orçamento!#REF! -> #REF! | C41: =SUM(D41:F41) -> 1 | F41: 1
C42: =Orçamento!#REF! -> #REF! | F42: =F41*$C$42 -> #REF!
A43: =Orçamento!#REF! -> #REF! | B43: =Orçamento!#REF! -> #REF! | C43: =SUM(D43:F43) -> 1 | F43: 1
C44: =Orçamento!#REF! -> #REF! | F44: =F43*$C$44 -> #REF!
A45: Porcentagem Período | D45: =D46/$C$48 -> 0.35834999 | E45: =E46/$C$48 -> 0.32077688 | F45: =F46/$C$48 -> 0.32087313
A46: Custo Período | D46: =SUMIF(D17:D44,">1") -> 9669.2144 | E46: =SUMIF(E17:E44,">1") -> 8655.3944 | F46: =SUMIF(F17:F44,">1") -> 8657.9913
A47: Porcentagem Acumulado | C47: 1 | D47: =D48/$C$48 -> 0.35834999 | E47: =E48/$C$48 -> 0.67912687 | F47: =F48/$C$48 -> 1
A48: Custo Acumulado | C48: =SUMIF(C17:C44,">1") -> 26982.6 | D48: =D46 -> 9669.2144 | E48: =E46+D48 -> 18324.609 | F48: =F46+E48 -> 26982.6
B55: =Orçamento!D214 -> 0
B56: =Orçamento!D217 -> VANESSA DA CRUZ GOMES
B57: =Orçamento!D218 -> ENGENHEIRA CIVIL - CREA: MG 225049/D

Sheet CPUs
A2: COMPOSIÇÕES ANALÍTICAS COM PREÇO UNITÁRIO
A6: PREFEITURA MUNICIPAL DO CARMO RJ | I6: DATA: Maio de 2023
A7: =Orçamento!A6:G6 -> OBRA: AMPLIAÇÃO DA ESTRATÉGIA SAÚDE DA FAMÍLIA ( ESF) ASA BRANCA - CARMO/RJ
A8: LOCAL: Município de Carmo/RJ | I8: BDI | J8: FORMA DE EXECUÇÃO:
A9: REGIÃO/MÊS DE REFERÊNCIA: EMOP-RJ - 02/2023 | I9: 0.2451 | J9: ( X ) | K9: DIRETA
A10: PRAZO DE EXECUÇÃO: 8 MESES | J10: ( ) | K10: INDIRETA
A12: Bancos: | B12: SINAPI - 02/2023 - Rio de Janeiro; SBC - 02/2023 - Rio de Janeiro; ORSE - 02/2023 - Sergipe; SETOP - 01/2023 - Minas Gerais; FDE - 01/2023 - São Paulo; EMOP - 02/2023 - Rio de Janeiro | G12: BDI: | H12: Padrão - 24,51% Material - 11,0% | J12: HORISTA | K12: MENSALISTA
J13: 1.1329 | K13: 0.7033
A15: Composições Principais
A16: 3.1 | B16: Código | C16: Banco | D16: Descrição | E16: Tipo | G16: Und | H16: Quant. | I16: Porcent. | J16: Valor Unit | K16: Total
A17: Composição | B17: 01.2022-EMOP-RJ | C17: Próprio | D17: PAREDE - PAINÉIS- PRÉ-MOLDADOS ALVEOLARES E MISTOS DE CONCRETO | E17: PARE - PAREDES/PAINEIS | G17: m² | H17: 1 | J17: 275.75 | K17: 275.75
A18: Composição Auxiliar | B18: 05.105.0108-0 | C18: EMOP | D18: MAO-DE-OBRA DE PEDREIRO,INCLUSIVE ENCARGOS SOCIAIS | E18: 5 | G18: MES | H18: 0.0032 | J18: 4459.84 | K18: 14.27
A19: Composição Auxiliar | B19: 05.105.0115-0 | C19: EMOP | D19: MAO-DE-OBRA DE AJUDANTE,INCLUSIVE ENCARGOS SOCIAIS | E19: 5 | G19: MES | H19: 0.0032 | J19: 3222.56 | K19: 10.31
A20: Composição Auxiliar | B20: 05.105.0114-A | C20: EMOP | D20: MAO-DE-OBRA DE SERVENTE,INCLUSIVE ENCARGOS SOCIAIS | E20: 5 | G20: MES | H20: 0.0032 | J20: 2793.12 | K20: 8.93
A21: Composição Auxiliar | B21: 05.105.0142-A | C21: EMOP | D21: MAO-DE-OBRA DE ENGARREGADO DE MONTAGEM,INCLUSIVE ENCARGOS SOCIAIS | E21: 5 | G21: MES | H21: 0.0032 | J21: 5339.84 | K21: 17.08
A22: Composição Auxiliar | B22: 05.105.0117-A | C22: EMOP | D22: MAO-DE-OBRA DE ARMADOR,INCLUSIVE ENCARGOS SOCIAIS | E22: 5 | G22: MES | H22: 0.0032 | J22: 3864.96 | K22: 12.36
A23: Composição Auxiliar | B23: 05.105.0115-A | C23: EMOP | D23: MAO-DE-OBRA DE AJUDANTE,INCLUSIVE ENCARGOS SOCIAIS | E23: 5 | G23: MES | H23: 0.0032 | J23: 2793.12 | K23: 8.93
A24: Composição Auxiliar | B24: 05.105.0125-A | C24: EMOP | D24: MAO-DE-OBRA DE AUXILIAR TECNICO,INCLUSIVE ENCARGOS SOCIAIS | E24: 5 | G24: MES | H24: 0.0032 | J24: 2944.48 | K24: 9.42
A25: Composição Auxiliar | B25: 94965 | C25: SINAPI | D25: CONCRETO FCK = 25MPA, TRAÇO 1:2,3:2,7 (EM MASSA SECA DE CIMENTO/ AREIA MÉDIA/ BRITA 1) - PREPARO MECÂNICO COM BETONEIRA 400 L. AF_05/2021 | E25: FUES - FUNDAÇÕES E ESTRUTURAS | G25: m³ | H25: 0.272 | J25: 458.04 | K25: 124.58
A26: Composição Auxiliar | B26: 19.007.0015-2 | C26: EMOP | D26: VIBRADOR DE IMERSAO,TUBO DE 48X480MM,COM MANGOTE DE 5,00M DECOMPRIMENTO,MOTOR A GASOLINA,EXCLUSIVE OPERADOR | E26: 19 | G26: H | H26: 0.12 | J26: 3.78 | K26: 0.45
A27: Composição Auxiliar | B27: 54.001.0013-B | C27: EMOP | D27: ACO CA-50 B, DIAM. DE 1/4" E 1/2" (MEDIA) | E27: 54 | G27: KG | H27: 8.085 | J27: 8.48 | K27: 68.56
A28: Insumo | B28: 10771 | C28: EMOP | D28: ADITIVO COPOLIMERO COM CARACTERISTICA PLASTIFICANTE, MONOMASSA | E28: Material | G28: L | H28: 0.065 | J28: 8.1484 | K28: 0.52
A29: Insumo | B29: 00995 | C29: EMOP | D29: DESMOLDANTE PROTETOR DE FORMAS EM EMULSAO OLEOSA | E29: Material | G29: L | H29: 0.029 | J29: 11.8914 | K29: 0.34
E30: MO sem LS => | F30: 98.64 | G30: LS => | H30: 0 | I30: MO com LS => | J30: 98.64
E31: Valor do BDI => | F31: 43.87 | H31: Valor com BDI => | J31: 319.62
A33: 3.2 | B33: Código | C33: Banco | D33: Descrição | E33: Tipo | G33: Und | H33: Quant. | I33: Porcent. | J33: Valor Unit | K33: Total
A34: Composição | B34: CPU.03122020 | C34: Próprio | D34: Montagem Paredes/Lajes Alveolares pré-fabricadas de concreto armado (m²) | E34: PARE - PAREDES/PAINEIS | G34: m² | H34: 1 | J34: 24.35 | K34: 24.35
A35: Composição Auxiliar | B35: 89267 | C35: SINAPI | D35: GUINDASTE HIDRÁULICO AUTOPROPELIDO, COM LANÇA TELESCÓPICA 28,80 M, CAPACIDADE MÁXIMA 30 T, POTÊNCIA 97 KW, TRAÇÃO 4 X 4 - DEPRECIAÇÃO. AF_11/2014 | E35: CHOR - CUSTOS HORÁRIOS DE MÁQUINAS E EQUIPAMENTOS | G35: H | H35: 0.1 | J35: 50.32 | K35: 5.03
A36: Composição Auxiliar | B36: 88296 | C36: SINAPI | D36: OPERADOR DE GUINDASTE COM ENCARGOS COMPLEMENTARES | E36: SEDI - SERVIÇOS DIVERSOS | G36: H | H36: 0.1 | J36: 32.62 | K36: 3.26
A37: Composição Auxiliar | B37: 88238 | C37: SINAPI | D37: AJUDANTE DE ARMADOR COM ENCARGOS COMPLEMENTARES | E37: SEDI - SERVIÇOS DIVERSOS | G37: H | H37: 0.1 | J37: 23.42 | K37: 2.34
A38: Composição Auxiliar | B38: 88318 | C38: SINAPI | D38: SOLDADOR A (PARA SOLDA A SER TESTADA COM RAIOS "X") COM ENCARGOS COMPLEMENTARES | E38: SEDI - SERVIÇOS DIVERSOS | G38: H | H38: 0.1 | J38: 56.93 | K38: 5.69
A39: Composição Auxiliar | B39: 90776 | C39: SINAPI | D39: ENCARREGADO GERAL COM ENCARGOS COMPLEMENTARES | E39: SEDI - SERVIÇOS DIVERSOS | G39: H | H39: 0.1 | J39: 38.45 | K39: 3.84
A40: Composição Auxiliar | B40: 100533 | C40: SINAPI | D40: TECNICO DE EDIFICACOES COM ENCARGOS COMPLEMENTARES | E40: SEDI - SERVIÇOS DIVERSOS | G40: H | H40: 0.1 | J40: 17.74 | K40: 1.77
A41: Insumo | B41: 00004221 | C41: SINAPI | D41: OLEO DIESEL COMBUSTIVEL COMUM | E41: Material | G41: L | H41: 0.05 | J41: 6.13 | K41: 0.3
A42: Insumo | B42: 00004750 | C42: SINAPI | D42: PEDREIRO (HORISTA) | E42: Mão de Obra | G42: H | H42: 0.1 | J42: 21.28 | K42: 2.12
E43: MO sem LS => | F43: 16.14 | G43: LS => | H43: 0 | I43: MO com LS => | J43: 16.14
E44: Valor do BDI => | F44: 5.91 | H44: Valor com BDI => | J44: 30.26
D47: =Orçamento!D214 -> 0

Sheet Curva ABC de Serviços
A2: CURVA ABC DE SERVIÇOS
A6: PREFEITURA MUNICIPAL DO CARMO RJ | H6: DATA: Maio de 2023
A7: OBRA: CONSTRUÇÃO DA ESCOLA MUNICIPAL INDEPENDÊNCIA(Conforme Memorando nº xx/2023, baseado no Ofício Nºxx/2022-MPRJ)
A8: LOCAL: Município de Carmo/RJ | H8: BDI | I8: FORMA DE EXECUÇÃO:
A9: REGIÃO/MÊS DE REFERÊNCIA: EMOP-RJ - xx/2023 | H9: 0.2451 | I9: ( X ) | J9: DIRETA
A10: PRAZO DE EXECUÇÃO: 8 MESES | I10: ( ) | J10: INDIRETA
A12: Bancos: | B12: SINAPI - 02/2023 - Rio de Janeiro; SBC - 02/2023 - Rio de Janeiro; ORSE - 02/2023 - Sergipe; SETOP - 01/2023 - Minas Gerais; FDE - 01/2023 - São Paulo; EMOP - 02/2023 - Rio de Janeiro | F12: BDI: | G12: Padrão - 24,51% Material - 11,0% | I12: HORISTA | J12: MENSALISTA
I13: 1.1329 | J13: 0.7033
A15: Curva ABC de Serviços
A16: Código | B16: Banco | C16: Descrição | D16: Tipo | E16: Und | F16: Quant. | G16: Valor Unit | H16: Total | I16: Peso (%) | J16: Peso Acumulado (%)
A17: 11.016.0004-A | B17: EMOP | C17: ESTRUTURA METALICA PARA COBERTURA ETC,SOBRE APOI OS(EXCLUSIVE ESTES)PARA CARGA DE COBERTURA DE FIBROCIMENTO O U METALICA,VAOS DE 15,01 A 20,00M,COM UMA DEMAO DE PINTURA A NTIOXIDO,EXCLUSIVE COBERTURA E ACESSORIOS.FORNECIMENTO E MON TAGEM | D17: 11 | E17: m² | F17: 1.355,76 | G17: 308,61 | H17: 418.401,09 | I17: 15,63 | J17: 15,63
A18: 01.2022-EMOP-RJ | B18: Próprio | C18: PAREDE - PAINÉIS- PRÉ-MOLDADOS ALVEOLARES E MISTOS DE CONCRETO | D18: PARE - PAREDES/PAINEIS | E18: m² | F18: 1.123,03 | G18: 319,62 | H18: 358.942,84 | I18: 13,41 | J18: 29,04
A19: 16.005.0070-A | B19: EMOP | C19: COBERTURA EM TELHA TERMICA DE ALUMINIO,TRAPEZOIDAL,DUPLA COM ESPESSURA DE 30MM,INCLUSIVE TODOS OS ACESSORIOS NECESSARIOS A SUA EXECUCAO.MEDIDA PELA AREA REAL DE COBERTURA.FORNECIME NTO E COLOCACAO | D19: 16 | E19: m² | F19: 1356.3 | G19: 189,73 | H19: 257.330,79 | I19: 9,61 | J19: 38,65
A20: 100954 | B20: SINAPI | C20: TRANSPORTE COM CAMINHÃO CARROCERIA COM GUINDAUTO (MUNCK), MOMENTO MÁXIMO DE CARGA 11,7 TM, EM VIA INTERNA (DENTRO DO CANTEIRO - UNIDADE: TXKM). AF_07/2020 | D20: TRAN - TRANSPORTES, CARGAS E DESCARGAS | E20: TXKM | F20: 22101.22 | G20: 9,54 | H20: 210.845,63 | I20: 7,88 | J20: 46,53
A21: 13.380.0010-A | B21: EMOP | C21: PISO DE MARMORITE,COMPREENDENDO:A)LASTRO,COM 4CM DE ESPESSURA MEDIA,DE ARGAMASSA DE CIMENTO E AREIA GROSSA,NO TRACO 1:4;B)CAMADA DE MARMORITE,COM 1CM DE ESPESSURA,FEITA COM GRANILHA Nº1 BRANCA E CIMENTO,SUPERFICIE ESTUCADA APOS A FUNDICAO,COM 3 POLIMENTOS MECANICOS,EXCLUSIVE JUNTA | D21: 13 | E21: m² | F21: 1146.99 | G21: 88,97 | H21: 102.047,70 | I21: 3,81 | J21: 50,34
A22: 13.175.0010-A | B22: EMOP | C22: FORRO DE PVC EM REGUAS DE 200MM DE LARGURA, ESPESSURA IGUAL OU SUPERIOR A 8MM, ENCAIXADOS ENTRE SI.FORNECIMENTO E COLOCA CAO | D22: 13 | E22: M2 | F22: 1.123,03 | G22: 87,15 | H22: 97.872,06 | I22: 3,66 | J22: 53,99
A23: 11.025.0009-A | B23: EMOP | C23: CONCRETO BOMBEADO,FCK=25MPA,COMPREENDENDO O FORNECIMENTO DECONCRETO IMPORTADO DE USINA,COLOCACAO NAS FORMAS,ESPALHAMENTO,ADENSAMENTO MECANICO E ACABAMENTO | D23: 11 | E23: m³ | F23: 137,97 | G23: 658,80 | H23: 90.894,63 | I23: 3,40 | J23: 57,39
A24: 13.030.0255-A | B24: EMOP | C24: REVESTIMENTO DE PAREDES COM LADRILHOS CERAMICOS,CORES ECONOMICAS (BRANCO,CINZA,BEGE,AZUL,VERDE,MARROM E PRETO),COM MEDIDAS EM TORNO DE (10X10)CM,ASSENTE COM ARGAMASSA COLANTE,REJUNTAMENTO COM ARGAMASSA INDUSTRIALIZADA,EXCLUSIVE CHAPISCO E EMBOCO | D24: 13 | E24: m² | F24: 721,45 | G24: 110,72 | H24: 79.878,94 | I24: 2,98 | J24: 60,37
A25: 13.030.0291-A | B25: EMOP | C25: REVESTIMENTO DE PAREDES COM CERAMICA,COM MEDIDAS EM TORNO DE(32X57)CM,ASSENTE CONFORME ITEM 13.025.0058 | D25: 13 | E25: m² | F25: 441,18 | G25: 131,56 | H25: 58.041,64 | I25: 2,17 | J25: 62,54
A26: 13.301.0130-B | B26: EMOP | C26: CONTRAPISO,BASE OU CAMADA REGULARIZADORA,EXECUTADA COM ARGAMASSA DE CIMENTO E AREIA,NO TRACO 1:4,NA ESPESSURA DE 3,5CM | D26: 13 | E26: m² | F26: 1.192,98 | G26: 45,22 | H26: 53.946,55 | I26: 2,02 | J26: 64,56
A27: 16.026.0010-A | B27: EMOP | C27: IMPERMEABILIZANTE DA SUPERFICIE DE CONCRETO EM PRESENCA OU NAO DE UMIDADE OU DE LENCOL FREATICO,EMPREGANDO SISTEMA PROGRESSIVO DE CRISTALIZACAO COMPOSTO DE INGREDIENTES ATIVOS QUEPENETRAM PROFUNDAMENTE NO CONCRETO POR PROCESSO CATALITICO,GERANDO CRISTAIS INSOLUVEIS DE FIBRAS DENTRITICAS NOS POROS ECAPILARIDADES | D27: 16 | E27: m² | F27: 527,55 | G27: 97,24 | H27: 51.298,96 | I27: 1,92 | J27: 66,47
A28: 13.301.0081-A | B28: EMOP | C28: PISO CIMENTADO,COM 1,5CM DE ESPESSURA,COM ARGAMASSA DE CIMENTO E AREIA, NO TRACO 1:3, COM ACABAMENTO ASPERO, SOBRE BASEEXISTENTE | D28: 13 | E28: m² | F28: 1.192,98 | G28: 40,93 | H28: 48.828,67 | I28: 1,82 | J28: 68,30
A29: 150063 | B29: SBC | C29: VIDRO TEMPERADO VERDE 8mm COM BAGUETE DE NEOPRENE - (CONFORME TABELA DE ESQUADRIAS EM PROJETO.) | D29: VIDROS | E29: m² | F29: 83,25 | G29: 528,30 | H29: 43.980,97 | I29: 1,64 | J29: 69,94
A30: 11.004.0021-B | B30: EMOP | C30: FORMAS DE MADEIRA DE 3ª PARA MOLDAGEM DE PECAS DE CONCRETO ARMADO COM PARAMENTOS PLANOS,EM LAJES,VIGAS,PAREDES,ETC,SERVINDO A MADEIRA 2 VEZES,INCLUSIVE DESMOLDAGEM,EXCLUSIVE ESCORAMENTO | D30: 11 | E30: m² | F30: 483,89 | G30: 87,58 | H30: 42.379,08 | I30: 1,58 | J30: 71,52
A31: 17.018.0252-A | B31: EMOP | C31: PINTURA COM TINTA LATEX SEMIBRILHANTE OU FOSCA,CLASSIFICACAO PREMIUM OU STANDARD (NBR 15079),PARA INTERIOR OU EXTERIOR,S ISTEMA TINTOMETRICO,INCLUSIVE LIXAMENTO,UMA DEMAO DE SELADOR ACRILICO,DEMAO DE MEIA MASSA E DUAS DEMAOS DE ACABAMENTO | D31: 17 | E31: M2 | F31: 1365.3 | G31: 30,49 | H31: 41.627,99 | I31: 1,56 | J31: 73,08
A32: CPU.03122020 | B32: Próprio | C32: Montagem Paredes/Lajes Alveolares pré-fabricadas de concreto armado (m²) | D32: PARE - PAREDES/PAINEIS | E32: m² | F32: 1123.03 | G32: 30,26 | H32: 33.982,88 | I32: 1,27 | J32: 74,35
A33: 14.003.0163-0 | B33: EMOP | C33: CAIXILHO FIXO DE ALUMINIO ANODIZADO AO NATURAL,SERIE 28,PARAVIDRO.FORNECIMENTO E COLOCACAO - (CONFORME TABELA DE ESQUADRIAS EM PROJETO.) | D33: 14 | E33: m² | F33: 83.25 | G33: 396,77 | H33: 33.031,10 | I33: 1,23 | J33: 75,58
A34: 11.030.0050-0 | B34: EMOP | C34: LAJE PRE-MOLDADA BETA 12,PARA SOBRECARGA DE 3,5KN/M2 E VAO D E 4,10M,CONSIDERANDO VIGOTAS,TIJOLOS E ARMADURA NEGATIVA,INC LUSIVE CAPEAMENTO DE 4CM DE ESPESSURA,COM CONCRETO FCK=20MPA E ESCORAMENTO.FORNECIMENTO E MONTAGEM DO CONJUNTO | D34: 11 | E34: m² | F34: 117,99 | G34: 238,74 | H34: 28.168,93 | I34: 1,05 | J34: 76,63
A35: 08.020.0012-A | B35: EMOP | C35: PAVIMENTACAO LAJOTAS CONCRETO,ALTAMENTE VIBRADO,INTERTRAVADO,C/ARTICULACAO VERTICAL,PRE-FABRICADOS,COR NATURAL,ESP.10CM,RESISTENCIA A COMPRESSAO 35MPA,ASSENTES SOBRE COLCHAO PO-DE-PEDRA,AREIA OU MATERIAL EQUIVALENTE,C/JUNTAS TOMADAS C/ARGAMASSA CIMENTO E AREIA,TRACO 1:4 E/OU C/PEDRISCO E ASFALTO,EXCL.PREPARO TERRENO,C/FORN.DE TODOS OS MAT.,BEM COMO A COLOC. | D35: 8 | E35: m² | F35: 220 | G35: 121,13 | H35: 26.648,60 | I35: 1,00 | J35: 77,63
A36: 14.002.0195-0 | B36: EMOP | C36: GRADIL DE FERRO EM MODULO DE 2,10M DE COMPRIMENTO COM ALTURA DE 2,60M,BARRA REDONDA DE 5/8",BARRA CHATA DE 1.1/2"X1/4",T UBO DE FERRO GALVANIZADO DE 3",INCLUSIVE PINTURA.FORNECIMENT O E COLOCACAO | D36: 14 | E36: UN | F36: 12,66 | G36: 2.007,83 | H36: 25.419,12 | I36: 0,95 | J36: 78,58
A37: 11.009.0014-B | B37: EMOP | C37: BARRA DE ACO CA-50,COM SALIENCIA OU MOSSA,COEFICIENTE DE CONFORMACAO SUPERFICIAL MINIMO (ADERENCIA) IGUAL A 1,5,DIAMETRODE 8 A 12,5MM,DESTINADA A ARMADURA DE CONCRETO ARMADO,10%DE PERDAS DE PONTAS E ARAME 18.FORNECIMENTO | D37: 11 | E37: KG | F37: 2617.9 | G37: 8,70 | H37: 22.775,73 | I37: 0,85 | J37: 79,43
A38: 14.002.0076-A | B38: EMOP | C38: PORTAO DE FERRO DE UMA OU DUAS FOLHAS,EM BARRAS VERTICAIS DE2"X3/8",ESPACADAS DE 10CM E HORIZONTAIS SUPERIOR E INFERIORDO MESMO TIPO,CORRENDO AO CENTRO UMA FAIXA DE CHAPA DE FERRO GALVANIZADO Nº16,DUPLA, CONFORME PROJETO Nº6002/EMOP,EXCLUSIVE FECHADURA.FORNECIMENTO E COLOCACAO | D38: 14 | E38: m² | F38: 8.88 | G38: 2.528,22 | H38: 22.450,59 | I38: 0,84 | J38: 80,27
A39: 03.009.0080-0 | B39: EMOP | C39: COMPACTACAO DE MATERIAL DE 1ªCATEGORIA,INCLUSIVE DESCARGA DECAMINHAO BASCULANTE,MOVIMENTACAO A 1 TIRO DE PA,ESPALHAMENTO E SOCAMENTO MANUAL EM CAMADAS DE 30CM DE MATERIAL APILOADO | D39: 3 | E39: m³ | F39: 371.3 | G39: 60,38 | H39: 22.419,09 | I39: 0,84 | J39: 81,11
A40: 13.001.0040-A | B40: EMOP | C40: EMBOCO INTERNO COM ARGAMASSA DE CIMENTO,CAL HIDRATADA ADITIVADA E AREIA,NO TRACO 1:1:8,COM ESPESSURA DE 2CM,INCLUSIVE CHAPISCO DE CIMENTO E AREIA,NO TRACO 1:3 | D40: 13 | E40: m² | F40: 561,51 | G40: 37,45 | H40: 21.028,54 | I40: 0,79 | J40: 81,89
A41: 14.002.0012-A | B41: EMOP | C41: PORTA DE FERRO TAMANHO NORMAL,ATE 1.00M LARGURA,CONTORNO EM BARRAS 1.1/4"X5/16",GUARNICAO EM CANTONEIRA 1.1/2"X1/8",INFE RIORMENTE,ALMOFADA DE CHAPA Nº16,NOS DOIS LADOS C/60CM DE AL TURA,NA PARTE SUPERIOR,POSTIGO MOVEL P/VIDRO,GRADE DE BARRAS 5/8",UTILIZANDO TRES DOBRADICAS DE 3"X4" DE FERRO GALVANIZA DO C/PINO,BOLAS E ANEIS LATAO.EXCL.FECHADURA.FORN.E COLOC. | D41: 14 | E41: M2 | F41: 10.7 | G41: 1.820,32 | H41: 19.477,42 | I41: 0,73 | J41: 82,62
A42: 18.027.0476-A | B42: EMOP | C42: LUMINARIA DE SOBREPOR, FIXADA EM LAJE OU FORRO, TIPO CALHA, CHANFRADA OU PRISMATICA, COMPLETA, COM LAMPADA LED TUBULAR DE 2 X 18W. FORNECIMENTO E COLOCACAO | D42: 18 | E42: UN | F42: 122 | G42: 156,38 | H42: 19.078,36 | I42: 0,71 | J42: 83,33
A43: 11.009.0015-B | B43: EMOP | C43: BARRA DE ACO CA-50,COM SALIENCIA OU MOSSA,COEFICIENTE DE CONFORMACAO SUPERFICIAL MINIMO (ADERENCIA) IGUAL A 1,5,DIAMETROACIMA DE 12,5MM,DESTINADA A ARMADURA DE CONCRETO ARMADO,10%DE PERDAS DE PONTAS E ARAME 18.FORNECIMENTO | D43: 11 | E43: KG | F43: 2.438,51 | G43: 7,63 | H43: 18.605,83 | I43: 0,70 | J43: 84,03
A44: 11.003.0001-B | B44: EMOP | C44: CONCRETO DOSADO RACIONALMENTE PARA UMA RESISTENCIA CARACTERISTICA A COMPRESSAO DE 10MPA,INCLUSIVE MATERIAIS,TRANSPORTE,PREPARO COM BETONEIRA,LANCAMENTO E ADENSAMENTO | D44: 11 | E44: m³ | F44: 28,14 | G44: 609,54 | H44: 17.152,45 | I44: 0,64 | J44: 84,67
A45: 15.008.0245-A | B45: EMOP | C45: CABO DE COBRE COM ISOLAMENTO TERMOPLASTICO,COMPREENDENDO:PRE PARO,CORTE E ENFIACAO EM ELETRODUTOS,NA BITOLA DE 95MM2,600/ 1.000V.FORNECIMENTO E COLOCACAO - EPR / XLPE - (Preto) | D45: 15 | E45: M | F45: 187,22 | G45: 85,26 | H45: 15.962,37 | I45: 0,60 | J45: 85,26
A46: PRA-GRA-010 | B46: SETOP | C46: PRATELEIRA DE GRANITO CINZA ANDORINHA, E = 2 CM, APOIADA EM CONSOLE DE METALON 20 X 30 MM | E46: m² | F46: 53,26 | G46: 276,52 | H46: 14.727,45 | I46: 0,55 | J46: 85,81
A47: 11.009.0112-1 | B47: EMOP | C47: FIO DE ACO CA-60,REDONDO, C/SALIENCIA OU MOSSA, COEFICIENTE CONFORMACAO SUPERFICIAL MINIMO (ADERENCIA) IGUAL A 1,5,DIAM. ACIMA DE 5MM, DESTINADO ARMADURA CONCRETO ARMADO, COMPREEND.10% PERDAS DE PONTAS E ARAME 18.FORN.CORTE,DOBRAGEM,MONTAGEM E COLOC.ACO NAS FORMAS AUXILIO DE EQUIPAMENTOS, INCL.TRANSP. HORIZONTAL E VERTICAL C/EQUIPAMENTOS, P/ESTRUT.PONTES E VIADUTOS | D47: 11 | E47: KG | F47: 725.1 | G47: 20,05 | H47: 14.538,25 | I47: 0,54 | J47: 86,36
A48: 15.018.0501-A | B48: EMOP | C48: ELETROCALHA PERFURADA,COM TAMPA,TIPO "U",200X50MM,TRATAMENTO SUPERFICIAL PRE-ZINCADO A QUENTE,INCLUSIVE CONEXOES,ACESSOR IOS E FIXACAO SUPERIOR.FORNECIMENTO E COLOCACAO | D48: 15 | E48: M | F48: 111 | G48: 127,84 | H48: 14.190,24 | I48: 0,53 | J48: 86,89
A49: 16.005.0027-A | B49: EMOP | C49: RUFO DE ALUMINIO DE (0,8X500)MM.FORNECIMENTO E COLOCACAO | D49: 16 | E49: M | F49: 90,82 | G49: 154,56 | H49: 14.037,13 | I49: 0,52 | J49: 87,41
A50: 03.001.0001-B | B50: EMOP | C50: ESCAVACAO MANUAL DE VALA/CAVA EM MATERIAL DE 1ª CATEGORIA (A(AREIA,ARGILA OU PICARRA),ATE 1,50M DE PROFUNDIDADE,EXCLUSIVE ESCORAMENTO E ESGOTAMENTO | D50: 3 | E50: m³ | F50: 206,28 | G50: 67,14 | H50: 13.849,63 | I50: 0,52 | J50: 87,93
A51: 15.008.0030-A | B51: EMOP | C51: FIO DE COBRE COM ISOLAMENTO TERMOPLASTICO,ANTICHAMA,COMPREEN DENDO:PREPARO,CORTE E ENFIACAO EM ELETRODUTOS,NA BITOLA DE 6 MM2,450/750V.FORNECIMENTO E COLOCACAO - (Preto) | D51: 15 | E51: M | F51: 1.521,28 | G51: 9,00 | H51: 13.691,52 | I51: 0,51 | J51: 88,44
A52: 11.011.0030-B | B52: EMOP | C52: CORTE,DOBRAGEM,MONTAGEM E COLOCACAO DE FERRAGENS NAS FORMAS,ACO CA-50,EM BARRAS REDONDAS,COM DIAMETRO DE 8 A 12,5MM | D52: 11 | E52: KG | F52: 2617.9 | G52: 4,93 | H52: 12.906,24 | I52: 0,48 | J52: 88,92
A53: 16.024.0004-A | B53: EMOP | C53: IMPERMEABILIZACAO DE AREA EXPOSTA OU JUNTAS S/PROTECAO MECANICA E S/TRANSITO,USANDO MANTA ASFALTICA AUTOPROTEGIDA NA FACE EXTERNA C/UM FILME DE ALUMINIO,CONF.ABNT NBR 9952,TIPO III-B C/ESP.3MM,APLICADA C/CHAMA DE MACARICO SOBRE PRIMER ASFALTICO,BASE AGUA OU SOLVENTE,C/CONSUMO 0,40KG/M2,INCLUSIVE ESTE,SUBSTRATO C/CAIMENTO MINIMO DE 1%,EXCLUSIVE REGULARIZACAO | D53: 16 | E53: m² | F53: 90,82 | G53: 132,46 | H53: 12.030,01 | I53: 0,45 | J53: 89,37
A54: 14.006.0008-0 | B54: EMOP | C54: PORTA DE MADEIRA DE LEI EM COMPENSADO DE 90X210X3CM FOLHEADA NAS 2 FACES,ADUELA DE 13X3CM E ALIZARES DE 5X2CM,EXCLUSIVE FERRAGENS.FORNECIMENTO E COLOCACAO | D54: 14 | E54: UN | F54: 13 | G54: 890,53 | H54: 11.576,89 | I54: 0,43 | J54: 89,80
A55: 12.035.0005-A | B55: EMOP | C55: PAREDE DIVISORIA PARA SANITARIO EM GRANITO CINZA CORUMBA,COM2CM DE ESPESSURA,POLIDA NAS DUAS FACES,FIXACAO PISO OU PAREDE,EXCLUSIVE FERRAGENS PARA FIXACAO.FORNECIMENTO E COLOCACAO | D55: 12 | E55: m² | F55: 20,586 | G55: 533,83 | H55: 10.989,42 | I55: 0,41 | J55: 90,21
A56: 11.011.0031-B | B56: EMOP | C56: CORTE,DOBRAGEM,MONTAGEM E COLOCACAO DE FERRAGENS NAS FORMAS,ACO CA-50,EM BARRAS REDONDAS,COM DIAMETRO ACIMA DE 12,5MM | D56: 11 | E56: KG | F56: 2.438,51 | G56: 4,22 | H56: 10.290,51 | I56: 0,38 | J56: 90,60
A57: 05.006.0001-B | B57: EMOP | C57: ALUGUEL DE ANDAIME COM ELEMENTOS TUBULARES SOBRE SAPATAS FIXAS,CONSIDERANDO-SE A AREA DA PROJECAO VERTICAL DO ANDAIME EPAGO PELO TEMPO NECESSARIO A SUA UTILIZACAO,EXCLUSIVE TRANSPORTE DOS ELEMENTOS DO ANDAIME ATE A OBRA,PLATAFORMA OU PASSARELA DE PINHO,MONTAGEM E DESMONTAGEM DOS ANDAIMES | D57: 5 | E57: M2XMES | F57: 600 | G57: 16,18 | H57: 9.708,00 | I57: 0,36 | J57: 90,96
A58: 15.009.0143-A | B58: EMOP | C58: CABO SOLIDO DE COBRE ELETROLITICO NU,TEMPERA MOLE,CLASSE 2,SECAO CIRCULAR DE 50MM2.FORNECIMENTO E COLOCACAO | D58: 15 | E58: M | F58: 240 | G58: 40,14 | H58: 9.633,60 | I58: 0,36 | J58: 91,32
A59: 15.008.0020-A | B59: EMOP | C59: FIO DE COBRE COM ISOLAMENTO TERMOPLASTICO,ANTICHAMA,COMPREEN DENDO:PREPARO,CORTE E ENFIACAO EM ELETRODUTOS,NA BITOLA DE 2 ,5MM2,450/750V.FORNECIMENTO E COLOCACAO - (Preto) | D59: 15 | E59: M | F59: 2.079,06 | G59: 4,52 | H59: 9.397,35 | I59: 0,35 | J59: 91,67
A60: 18.002.0070-0 | B60: EMOP | C60: VASO SANITARIO DE LOUCA BRANCA,TIPO MEDIO LUXO,COM CAIXA ACO PLADA,INCLUSIVE RABICHO CROMADO DE 40CM,COM SAIDA DE 1/2",BO LSA DE LIGACAO E ACESSORIOS DE FIXACAO.FORNECIMENTO | D60: 18 | E60: UN | F60: 15 | G60: 619,08 | H60: 9.286,20 | I60: 0,35 | J60: 92,02
A61: 18.081.0051-A | B61: EMOP | C61: BANCA DE GRANITO CINZA CORUMBA,COM 2CM DE ESPESSURA,COM ABERTURA PARA 2 CUBAS (EXCLUSIVE ESTAS),SOBRE APOIOS DE ALVENARIA DE MEIA VEZ E VERGA DE CONCRETO,SEM REVESTIMENTO.FORNECIMENTO E COLOCACAO | D61: 18 | E61: m² | F61: 10,29 | G61: 813,44 | H61: 8.370,29 | I61: 0,31 | J61: 92,33
A62: 14.003.0250-A | B62: EMOP | C62: PROTECAO DE ARESTAS DE PAREDE EM CANTONEIRA DE ALUMINIO DE 1.1/2"X1/8",FIXADA COM PARAFUSOS DE FERRO CROMADO E BUCHAS DEPLASTICO.FORNECIMENTO E COLOCACAO | D62: 14 | E62: M | F62: 165.3 | G62: 50,60 | H62: 8.364,18 | I62: 0,31 | J62: 92,64
A63: 14.006.0010-A | B63: EMOP | C63: PORTA DE MADEIRA DE LEI EM COMPENSADO DE 80X210X3,5CM FOLHEADA NAS 2 FACES,ADUELA DE 13X3CM E ALIZARES DE 5X2CM,EXCLUSIVE FERRAGENS.FORNECIMENTO E COLOCACAO | D63: 14 | E63: UN | F63: 10 | G63: 778,31 | H63: 7.783,10 | I63: 0,29 | J63: 92,94
A64: 14.003.0225-A | B64: EMOP | C64: PORTA DE ALUMINIO ANODIZADO AO NATURAL,PERFIL SERIE 25,EM VENEZIANA,EXCLUSIVE FECHADURA.FORNECIMENTO E COLOCACAO | D64: 14 | E64: m² | F64: 7,44 | G64: 1.018,95 | H64: 7.580,98 | I64: 0,28 | J64: 93,22
A65: 16.06.023 | B65: FDE | C65: AL-01 ABRIGO PARA LIXO | D65: 16.06 | E65: UN | F65: 1 | G65: 6.507,78 | H65: 6.507,78 | I65: 0,24 | J65: 93,46
A66: 9537 | B66: SINAPI | C66: LIMPEZA FINAL DA OBRA | D66: SEDI - SERVIÇOS DIVERSOS | E66: m² | F66: 1291 | G66: 5,02 | H66: 6.480,82 | I66: 0,24 | J66: 93,70
A67: 14.008.0093-A | B67: EMOP | C67: QUADRO DE AULA,MEDINDO 2,00X1,20M, EM COMPENSADO DE 10MM DEESPESSURA, REVESTIMENTO COM CHAPA DE LAMINADO MELAMINICO NACOR BRANCA BRILHANTE, COM MOLDURA DE MADEIRA ENVERNIZADA DE10X2,5CM.FORNECIMENTO E COLOCACAO | D67: 14 | E67: UN | F67: 8 | G67: 798,96 | H67: 6.391,68 | I67: 0,24 | J67: 93,94
A68: 15.036.0088-A | B68: EMOP | C68: TUBO DE PVC RIGIDO DE 100MM,LINHA REFORCADA,SOLDAVEL,INCLUSI VE CONEXOES E EMENDAS,EXCLUSIVE ABERTURA E FECHAMENTO DE RAS GO.FORNECIMENTO E ASSENTAMENTO | D68: 15 | E68: M | F68: 91.86 | G68: 60,54 | H68: 5.561,20 | I68: 0,21 | J68: 94,15
A69: 18.016.0027-A | B69: EMOP | C69: TANQUE INDUSTRIAL EM ACO INOXIDAVEL AISI 304,PARA LAVAGEM DEPANELOES,MEDINDO APROXIMADAMENTE (0,61X0,706X0,305)M.FORNECIMENTO E COLOCACAO | D69: 18 | E69: UN | F69: 2 | G69: 2.578,35 | H69: 5.156,70 | I69: 0,19 | J69: 94,34
A70: 15.001.0053-A | B70: EMOP | C70: ABRIGO P/4 BOTIJOES GAS DE 45KG,EXCLUSIVE LIGACOES,NAS DIM. 2,00X0,50X1,50M,ALVENARIA TIJOLOS MACICOS (7X10X20CM),PAREDE S DE MEIA VEZ,REVESTIDAS COM ARGAMASSA DE CIMENTO E SAIBRO,N O TRACO 1:6,PISO COM ESPESSURA DE 10CM E COBERTURA COM ESPES SURA DE 6CM,AMBAS EM CONCRETO ARMADO,FCK=15MPA,COM ACABAMENT O DE CIMENTADO,TRACO 1:4,CONFORME PROJETO TIPO Nº2001/EMOP | D70: 15 | E70: UN | F70: 1 | G70: 5.077,61 | H70: 5.077,61 | I70: 0,19 | J70: 94,53
A71: 18.021.0042-A | B71: EMOP | C71: RESERVATORIO EM FIBRA DE VIDRO OU POLIETILENO,COM CAPACIDADE EM TORNO DE 2000L,INCLUSIVE TAMPA DE VEDACAO COM ESCOTILHA E FIXADORES.FORNECIMENTO | D71: 18 | E71: UN | F71: 4 | G71: 1.255,52 | H71: 5.022,08 | I71: 0,19 | J71: 94,72
A72: 01.018.0001-A | B72: EMOP | C72: MARCACAO DE OBRA SEM INSTRUMENTO TOPOGRAFICO,CONSIDERADA A PROJECAO HORIZONTAL DA AREA ENVOLVENTE | D72: 1 | E72: m² | F72: 1.237,69 | G72: 3,90 | H72: 4.826,99 | I72: 0,18 | J72: 94,90
A73: 15.008.0015-A | B73: EMOP | C73: FIO DE COBRE COM ISOLAMENTO TERMOPLASTICO,ANTICHAMA,COMPREEN DENDO:PREPARO,CORTE E ENFIACAO EM ELETRODUTOS,NA BITOLA DE 1 ,5MM2,450/750V.FORNECIMENTO E COLOCACAO - (Preto) | D73: 15 | E73: M | F73: 1397.24 | G73: 3,37 | H73: 4.708,69 | I73: 0,18 | J73: 95,08
A74: 13.365.0150-A | B74: EMOP | C74: PEITORIL EM GRANITO CINZA CORUMBA,2CM DE ESPESSURA,LARGURA DE 15 A 18CM,ASSENTADO COM NATA DE CIMENTO SOBRE ARGAMASSA DECIMENTO,SAIBRO E AREIA,NO TRACO 1:3:3 E REJUNTAMENTO COM CIMENTO BRANCO | D74: 13 | E74: M | F74: 46 | G74: 100,17 | H74: 4.607,82 | I74: 0,17 | J74: 95,25
A75: 06.014.0060-A | B75: EMOP | C75: CAIXA DE PASSAGEM EM ALVENARIA DE TIJOLO MACICO(7X10X20CM),E M PAREDES DE UMA VEZ (0,20M),DE 0,40X0,40X0,60M,UTILIZANDO A RGAMASSA DE CIMENTO E AREIA,NO TRACO 1:4 EM VOLUME,COM FUNDO EM CONCRETO SIMPLES PROVIDO DE CALHA INTERNA,SENDO AS PAREDE S REVESTIDAS INTERNAMENTE COM A MESMA ARGAMASSA,INCLUSIVE TA MPA DE CONCRETO ARMADO,15MPA,COM ESPESSURA DE 10CM | D75: 6 | E75: UN | F75: 5 | G75: 851,22 | H75: 4.256,10 | I75: 0,16 | J75: 95,41
A76: 14.002.0133-A | B76: EMOP | C76: GRADE DE FERRO FORMADA DE BARRAS VERTICAIS DE 1.1/2"X3/8" ACADA 10CM,QUATRO BARRAS HORIZONTAIS DE 2"X3/8" CHUMBADAS NOVAO,SENDO DUAS DAS EXTREMIDADES E DUAS DIVIDINDO A GRADE EM3 PARTES IGUAIS,COM MONTANTES DE 1.1/2"X1.1/2" A CADA 2,00MCHUMBADAS POR BAIXO E POR CIMA DA GRADE.FORNECIMENTO E COLOCACAO | D76: 14 | E76: m² | F76: 4,65 | G76: 914,44 | H76: 4.252,14 | I76: 0,16 | J76: 95,57
A77: 14.003.0230-A | B77: EMOP | C77: PORTA DE ALUMINIO ANODIZADO AO NATURAL,PERFIL SERIE 25,EM LAMBRI HORIZONTAL,EXCLUSIVE FECHADURA.FORNECIMENTO E COLOCACAO | D77: 14 | E77: m² | F77: 4,08 | G77: 1.018,95 | H77: 4.157,31 | I77: 0,16 | J77: 95,72
A78: 18.002.0013-A | B78: EMOP | C78: LAVATORIO DE LOUCA BRANCA,COM COLUNA SUSPENSA,PARA PESSOAS C OM NECESSIDADES ESPECIFICAS,COM MEDIDAS EM TORNO DE 45,5X35, 5CM,EXCLUSIVE SIFAO,VALVULA DE ESCOAMENTO,RABICHO E TORNEIRA .FORNECIMENTO | D78: 18 | E78: UN | F78: 11 | G78: 360,66 | H78: 3.967,26 | I78: 0,15 | J78: 95,87
A79: 03.013.0001-B | B79: EMOP | C79: REATERRO DE VALA/CAVA COMPACTADA A MACO,EM CAMADAS DE 30CM DE ESPESSURA MAXIMA,COM MATERIAL DE BOA QUALIDADE,EXCLUSIVEESTE | D79: 3 | E79: m³ | F79: 93.95 | G79: 41,46 | H79: 3.895,16 | I79: 0,15 | J79: 96,02
A80: 01.001.0150-A | B80: EMOP | C80: CONTROLE TECNOLOGICO DE OBRAS EM CONCRETO ARMADO CONSIDERANDO APENAS O CONTROLE DO CONCRETO E CONSTANDO DE COLETA,MOLDAGEM E CAPEAMENTO DE CORPOS DE PROVA,TRANSPORTE ATE 50KM,ENSAIOS DE RESISTENCIA A COMPRESSAO AOS 3, 7 E 28 DIAS E "SLUMP TEST",MEDIDO POR M3 DE CONCRETO COLOCADO NAS FORMAS | D80: 1 | E80: m³ | F80: 153.56 | G80: 24,85 | H80: 3.815,96 | I80: 0,14 | J80: 96,16
A81: 15.008.0025-A | B81: EMOP | C81: FIO DE COBRE COM ISOLAMENTO TERMOPLASTICO,ANTICHAMA,COMPREEN DENDO:PREPARO,CORTE E ENFIACAO EM ELETRODUTOS,NA BITOLA DE 4 MM2,450/750V.FORNECIMENTO E COLOCACAO - (Preto) | D81: 15 | E81: M | F81: 504,63 | G81: 7,41 | H81: 3.739,30 | I81: 0,14 | J81: 96,30
A82: 08.027.0042-A | B82: EMOP | C82: MEIO-FIO RETO DE CONCRETO SIMPLES FCK=15MPA,PRE-MOLDADO,TIPODER-RJ,MEDINDO 0,15M NA BASE E COM ALTURA DE 0,30M,REJUNTAMENTO COM ARGAMASSA DE CIMENTO E AREIA NO TRACO 1:3,5,COM FORNECIMENTO DE TODOS OS MATERIAIS,ESCAVACAO E REATERRO | D82: 8 | E82: M | F82: 45.52 | G82: 82,11 | H82: 3.737,64 | I82: 0,14 | J82: 96,44
A83: 11.011.0028-A | B83: EMOP | C83: CORTE,DOBRAGEM,MONTAGEM E COLOCACAO DE FERRAGENS NAS FORMAS, ACO CA-60,EM FIO REDONDO COM DIAMETRO ACIMA DE 5MM | D83: 11 | E83: KG | F83: 725.1 | G83: 4,84 | H83: 3.509,48 | I83: 0,13 | J83: 96,57
A84: 16.005.0005-A | B84: EMOP | C84: CUMEEIRA DE ALUMINIO,COM ESPESSURA DE 0,8MM,0,30M DE ABA PAR A CADA LADO,PARA TELHAS ONDULADAS.FORNECIMENTO E COLOCACAO | D84: 16 | E84: M | F84: 32,56 | G84: 105,93 | H84: 3.449,08 | I84: 0,13 | J84: 96,70
A85: 13.371.0015-A | B85: EMOP | C85: PATIO DE CONCRETO IMPORTADO DE USINA,NA ESPESSURA DE 10CM,NOTRACO 1:2:3 EM VOLUME, FORMANDO QUADROS DE 1,50X1,50M, COMSARRAFOS DE MADEIRA INCORPORADOS, EXCLUSIVE PREPARO DO TERRENO | D85: 13 | E85: m² | F85: 45.99 | G85: 74,00 | H85: 3.403,26 | I85: 0,13 | J85: 96,82
A86: 05.050.0008-A | B86: EMOP | C86: PLACA DE INAUGURACAO EM BRONZE COM AS DIMENSOES DE (0,35X0,50)M.FORNECIMENTO E COLOCACAO | D86: 5 | E86: UN | F86: 1 | G86: 3.370,25 | H86: 3.370,25 | I86: 0,13 | J86: 96,95
A87: 13.416.0010-A | B87: EMOP | C87: PISO TATIL DE BORRACHA,DIRECIONAL,PARA PESSOAS COM NECESSIDADES ESPECIFICAS,25X25CM,ESPESSURA DE 5MM,NA COR PRETA,COLADOSOBRE BASE EXISTENTE.FORNECIMENTO E COLOCACAO | D87: 13 | E87: m² | F87: 26 | G87: 128,05 | H87: 3.329,30 | I87: 0,12 | J87: 97,07
A88: 15.002.0205-A | B88: EMOP | C88: CAIXA DE INSPECAO/CAIXA PARA AGUAS PLUVIAIS,DE CONCRETO PRE- MOLDADO,CONSTANDO DE CIRCULO DE FUNDO,3 ANEIS SUPERPOSTOS,DE 40MM DE ESPESSURA E 600MM DE DIAMETRO INTERNO,SENDO 1 ANEL INFERIOR(ENTRADA E SAIDA)DE 300MM,1 DE 150MM E 1 DE 75MM DE ALTURA,PERFAZENDO 625MM DE ALTURA TOTAL,EXCLUSIVE TAMPAO DE FERRO FUNDIDO E ESCAVACAO.FORNECIMENTO E COLOCACAO | D88: 15 | E88: UN | F88: 6 | G88: 540,88 | H88: 3.245,28 | I88: 0,12 | J88: 97,20
A89: 05.055.0010-A | B89: EMOP | C89: LETRA DE ACO INOX Nº22 COM 20CM DE ALTURA.FORNECIMENTO E COLOCACAO | D89: 5 | E89: UN | F89: 25 | G89: 120,25 | H89: 3.006,25 | I89: 0,11 | J89: 97,31
A90: 15.036.0140-A | B90: EMOP | C90: ELETRODUTO EM PVC FLEXIVEL,COR AMARELA,DIAMETRO DE 20MM.FORN ECIMENTO E COLOCACAO. | D90: 15 | E90: M | F90: 786.21 | G90: 3,61 | H90: 2.838,21 | I90: 0,11 | J90: 97,41
A91: 06.016.0006-0 | B91: EMOP | C91: TAMPAO COMPLETO DE FERRO FUNDIDO DUCTIL(MODULAR),CIRCULAR,PA RA CAIXA DE REGISTRO NO PASSEIO,ABERTURA DO TELAR DE 600MM,C OM TAMPA PARA ACESSO DE MANUTENCAO E SOBRETAMPA PARA MANOBRA ,CLASSE B125 DA NBR 10160,CARGA DE CONTROLE DE 125KN,ASSENTA DO COM ARGAMASSA DE CIMENTO E AREIA,NO TRACO 1:4 EM VOLUME. FORNECIMENTO E ASSENTAMENTO | D91: 6 | E91: UN | F91: 6 | G91: 459,78 | H91: 2.758,68 | I91: 0,10 | J91: 97,52
A92: 14.004.0120-A | B92: EMOP | C92: VIDRO TEMPERADO INCOLOR,10MM DE ESPESSURA,PARA PORTAS OU PAI NEIS FIXOS,EXCLUSIVE FERRAGENS.FORNECIMENTO E COLOCACAO | D92: 14 | E92: M2 | F92: 4,14 | G92: 641,22 | H92: 2.654,65 | I92: 0,10 | J92: 97,62
A93: 14.007.0057-A | B93: EMOP | C93: FERRAGENS P/PORTA MADEIRA,1 FOLHA DE ABRIR,INTERNA,CONSTANDODE FORNEC.S/COLOC.,DE:-FECHADURA SIMPLES,RETANGULAR ACABAM.CROMADO ACETINADO;-MACANETA TIPO ALAVANCA,ACABAMENTO CROMADOACETINADO;-ROSETA CIRCULAR EM LATAO LAMINADO ACABAMENTO CROMADO ACETINADO;-3 DOBRADICAS DE FERRO GALVANIZ.DE 3"X2.1/2",COM PINO E BOLAS DE LATAO | D93: 14 | E93: UN | F93: 22 | G93: 115,58 | H93: 2.542,76 | I93: 0,09 | J93: 97,71
A94: 91936 | B94: SINAPI | C94: CAIXA OCTOGONAL 4" X 4", PVC - FORNECIMENTO E INSTALAÇÃO. AF_12/2015 | D94: INEL - INSTALAÇÃO ELÉTRICA/ELETRIFICAÇÃO E ILUMINAÇÃO EXTERNA | E94: UN | F94: 122 | G94: 18,10 | H94: 2.208,20 | I94: 0,08 | J94: 97,79
A95: 13.365.0175-A | B95: EMOP | C95: SOLEIRA EM GRANITO CINZA CORUMBA,2CM DE ESPESSURA,COM 2 POLIMENTOS,LARGURA DE 15CM, ASSENTE EM SUPERFICIE EM OSSO,COM NATA DE CIMENTO SOBRE ARGAMASSA DE CIMENTO,SAIBRO E AREIA,NO TRACO 1:2:2 E REJUNTAMENTO COM CIMENTO BRANCO E CORANTE | D95: 13 | E95: M | F95: 23.9 | G95: 84,57 | H95: 2.021,22 | I95: 0,08 | J95: 97,87
A96: 05.058.0020-A | B96: EMOP | C96: LONA DE POLIETILENO(LONA TERREIRO)COM ESPESSURA DE 0,20MM PARA IMPERMEABILIZACAO DE SOLO,MEDIDA PELA AREA COBERTA,INCLUSIVE PERDAS E TRANSPASSE | D96: 5 | E96: m² | F96: 1237.69 | G96: 1,63 | H96: 2.017,43 | I96: 0,08 | J96: 97,94
A97: 15.017.0235-A | B97: EMOP | C97: CONECTOR FABRICADO EM BRONZE PARA ATERRAMENTO,PARA FIXACAO DE UM OU DOIS CONDUTORES A SUPERFICIE PLANA,PARA CABOS COM BITOLAS DE 35 A 185MM2.FORNECIMENTO E COLOCACAO | D97: 15 | E97: UN | F97: 8 | G97: 238,93 | H97: 1.911,44 | I97: 0,07 | J97: 98,02
A98: 15.007.0517-A | B98: EMOP | C98: QUADRO DE DISTRIBUICAO DE ENERGIA PARA DISJUNTORES TERMO-MAG NETICOS UNIPOLARES,DE EMBUTIR,COM PORTA E BARRAMENTOS DE FAS E,NEUTRO E TERRA,TRIFASICO,PARA INSTALACAO DE ATE 50 DISJUNT ORES COM DISPOSITIVO PARA CHAVE GERAL.FORNECIMENTO E COLOCAC AO. | D98: 15 | E98: UN | F98: 1 | G98: 1.864,26 | H98: 1.864,26 | I98: 0,07 | J98: 98,09
A99: 86889 | B99: SINAPI | C99: BANCADA DE GRANITO CINZA POLIDO, DE 1,20 X 0,60 M - FORNECIMENTO E INSTALAÇÃO. AF_01/2020 | D99: INHI - INSTALAÇÕES HIDROS SANITÁRIAS | E99: UN | F99: 2 | G99: 909,45 | H99: 1.818,90 | I99: 0,07 | J99: 98,15
A100: 15.009.0140-A | B100: EMOP | C100: CABO SOLIDO DE COBRE ELETROLITICO NU,TEMPERA MOLE,CLASSE 2,SECAO CIRCULAR DE 35MM2.FORNECIMENTO E COLOCACAO | D100: 15 | E100: M | F100: 60 | G100: 28,48 | H100: 1.708,80 | I100: 0,06 | J100: 98,22
A101: 14.002.0020-0 | B101: EMOP | C101: PORTA DE ENROLAR EM CHAPA RAIADA Nº24,COMPLETA,COM GUIAS,EIX OS E MOLAS,COM FECHADURA NO CENTRO E CADEADO DE PISO,INCLUSI VE ESTE.FORNECIMENTO E COLOCACAO | D101: 14 | E101: M2 | F101: 2.16 | G101: 766,99 | H101: 1.656,69 | I101: 0,06 | J101: 98,28
A102: 15.018.0120-A | B102: EMOP | C102: CAIXA DE EMBUTIR,EM PVC,2"X4",INCLUSIVE BUCHAS E ARRUELAS.FO RNECIMENTO E COLOCACAO | D102: 15 | E102: UN | F102: 172 | G102: 9,45 | H102: 1.625,40 | I102: 0,06 | J102: 98,34
A103: 15.029.0012-0 | B103: EMOP | C103: REGISTRO DE GAVETA,EM BRONZE,COM DIAMETRO DE 1".FORNECIMENTO E COLOCACAO | D103: 15 | E103: UN | F103: 14 | G103: 115,31 | H103: 1.614,34 | I103: 0,06 | J103: 98,40
A104: 12976 | B104: ORSE | C104: Suporte vertical 200 x50 mm para fixação de eletrocalha metálica ( ref.: Mopa ou similar) | D104: Pontos de Suprimento de Energia para Computador | E104: un | F104: 73 | G104: 21,95 | H104: 1.602,35 | I104: 0,06 | J104: 98,46
A105: 15.036.0067-A | B105: EMOP | C105: ELETRODUTO DE PVC RIGIDO ROSQUEAVEL DE 3",EXCLUSIVE LUVAS,CU RVAS,ABERTURA E FECHAMENTO DE RASGO.FORNECIMENTO E ASSENTAME NTO | D105: 15 | E105: M | F105: 36 | G105: 42,25 | H105: 1.521,00 | I105: 0,06 | J105: 98,52
A106: 17.017.0100-A | B106: EMOP | C106: PREPARO DE MADEIRA NOVA,INCLUSIVE LIXAMENTO,LIMPEZA,UMA DEMAO DE VERNIZ ISOLANTE INCOLOR,DUAS DEMAOS DE MASSA PARA MADEIRA,LIXAMENTO E REMOCAO DE PO,E UMA DEMAO DE FUNDO SINTETICONIVELADOR | D106: 17 | E106: m² | F106: 26.25 | G106: 52,89 | H106: 1.388,36 | I106: 0,05 | J106: 98,57
...

Sheet Encargos Sociais
A2: ENCARGOS SOCIAIS E TRABALHISTAS
A6: PREFEITURA MUNICIPAL DO CARMO RJ | E6: DATA: Maio de 2023
A7: OBRA: CONSTRUÇÃO DA ESCOLA MUNICIPAL INDEPENDÊNCIA(Conforme Memorando nº xx/2023, baseado no Ofício Nºxx/2022-MPRJ)
A8: LOCAL: Município de Carmo/RJ | E8: BDI | F8: FORMA DE EXECUÇÃO:
A9: REGIÃO/MÊS DE REFERÊNCIA: EMOP-RJ - xx/2023 | E9: 0.2451 | F9: ( X ) | G9: DIRETA
A10: PRAZO DE EXECUÇÃO: 8 MESES | F10: ( ) | G10: INDIRETA
A12: Bancos: | B12: SINAPI - 02/2023 - Rio de Janeiro; SBC - 02/2023 - Rio de Janeiro; ORSE - 02/2023 - Sergipe; SETOP - 01/2023 - Minas Gerais; FDE - 01/2023 - São Paulo; EMOP - 02/2023 - Rio de Janeiro | D12: BDI: | E12: Padrão - 24,51% Material - 11,0% | F12: HORISTA | G12: MENSALISTA
F13: 1.1329 | G13: 0.7033
A17: ENCARGOS SOCIAIS SOBRE A MÃO DE OBRA
A18: CÓDIGO | C18: DESCRIÇÃO | D18: COM DESONERAÇÃO | F18: SEM DESONERAÇÃO
D19: HORISTA % | E19: MENSALISTA % | F19: HORISTA % | G19: MENSALISTA %
A20: GRUPO A
A21: A1 | C21: INSS | D21: 0 | E21: 0 | F21: 0.2 | G21: 0.2
A22: A2 | C22: SESI | D22: 0.015 | E22: 0.015 | F22: 0.015 | G22: 0.015
A23: A3 | C23: SENAI | D23: 0.01 | E23: 0.01 | F23: 0.01 | G23: 0.01
A24: A4 | C24: INCRA | D24: 0.002 | E24: 0.002 | F24: 0.002 | G24: 0.002
A25: A5 | C25: SEBRAE | D25: 0.006 | E25: 0.006 | F25: 0.006 | G25: 0.006
A26: A6 | C26: Salário Educação | D26: 0.025 | E26: 0.025 | F26: 0.025 | G26: 0.025
A27: A7 | C27: Seguro Contra Acidentes de Trabalho | D27: 0.03 | E27: 0.03 | F27: 0.03 | G27: 0.03
A28: A8 | C28: FGTS | D28: 0.08 | E28: 0.08 | F28: 0.08 | G28: 0.08
A29: A9 | C29: SECONCI | D29: 0.01 | E29: 0.01 | F29: 0.01 | G29: 0.01
A30: A | C30: Total | D30: 0.178 | E30: 0.178 | F30: 0.378 | G30: 0.378
A31: GRUPO B
A32: B1 | C32: Repouso Semanal Remunerado | D32: 0.1798 | E32: Não incide | F32: 0.1798 | G32: Não incide
A33: B2 | C33: Feriados | D33: 0.0487 | E33: Não incide | F33: 0.0487 | G33: Não incide
A34: B3 | C34: Auxílio - Enfermidade | D34: 0.0086 | E34: 0.0066 | F34: 0.0086 | G34: 0.0066
A35: B4 | C35: 13º Salário | D35: 0.1084 | E35: 0.0833 | F35: 0.1084 | G35: 0.0833
A36: B5 | C36: Licença Paternidade | D36: 0.0007 | E36: 0.0005 | F36: 0.0007 | G36: 0.0005
A37: B6 | C37: Faltas Justificadas | D37: 0.0072 | E37: 0.0056 | F37: 0.0072 | G37: 0.0056
A38: B7 | C38: Dias de Chuvas | D38: 0.0124 | E38: Não incide | F38: 0.0124 | G38: Não incide
A39: B8 | C39: Auxílio Acidente de Trabalho | D39: 0.001 | E39: 0.0008 | F39: 0.001 | G39: 0.0008
A40: B9 | C40: Férias Gozadas | D40: 0.0818 | E40: 0.0629 | F40: 0.0818 | G40: 0.0629
A41: B10 | C41: Salário Maternidade | D41: 0.0004 | E41: 0.0003 | F41: 0.0004 | G41: 0.0003
A42: B | C42: Total | D42: 0.449 | E42: 0.16 | F42: 0.449 | G42: 0.16
A43: GRUPO C
A44: C1 | C44: Aviso Prévio Indenizado | D44: 0.0434 | E44: 0.0334 | F44: 0.0434 | G44: 0.0334
A45: C2 | C45: Aviso Prévio Trabalhado | D45: 0.001 | E45: 0.0008 | F45: 0.001 | G45: 0.0008
A46: C3 | C46: Férias Indenizadas | D46: 0.0507 | E46: 0.039 | F46: 0.0507 | G46: 0.039
A47: C4 | C47: Depósito Rescisão Sem Justa Causa | D47: 0.0335 | E47: 0.0258 | F47: 0.0335 | G47: 0.0258
A48: C5 | C48: Indenização Adicional | D48: 0.0037 | E48: 0.0028 | F48: 0.0037 | G48: 0.0028
A49: C | C49: Total | D49: 0.1323 | E49: 0.1018 | F49: 0.1323 | G49: 0.1018
A50: GRUPO D
A51: D1 | C51: Reincidência de Grupo A sobre Grupo B | D51: 0.0799 | E51: 0.0285 | F51: 0.1697 | G51: 0.0605
A52: D2 | C52: Reincidência de Grupo A sobre Aviso Prévio Trabalhado e Reincidência do FGTS sobre Aviso Prévio Indenizado | D52: 0.0037 | E52: 0.0028 | F52: 0.0039 | G52: 0.003
A53: D | C53: Total | D53: 0.0836 | E53: 0.0313 | F53: 0.1736 | G53: 0.0635
A54: TOTAL(A+B+C+D) | D54: 0.8429 | E54: 0.4711 | F54: 1.1329 | G54: 0.7033
A55: Fonte: Informação Dias de Chuva – INMET
